Workbook

Sheet 1. ESTABLECIMIENTO CONTEXTO 
B1: MAPA DE RIESGOS DE PROCESO | L1: CÓDIGO: F-GM-29
L2: VERSIÓN: 05
L3: FECHA: 30/03/2022
L4: PÁGINA: 1 de 3
A6: 4.2.1. ESTABLECIMIENTO DEL CONTEXTO
A9: PROCESO: | D9: Gestión de TIC
A10: FECHA DE ELABORACIÓN O ACTUALIZACIÓN: | E10: Diciembre de 2021
A11: RESPONSABLE (s) DE ELABORACIÓN O ACTUALIZACIÓN | F11: Carlos Leonardo Gómez
A14: Factor: Externo/Interno/Proceso | D14: Variable | G14: ¿Cómo me puede afectar?
G15: CARÁCTER: Positivo/negativo | I15: Breve análisis
A16: Factor Externo | C16: Factor Externo | D16: Nivel de presupuesto debido a la transferencia de recursos de la alcaldía | G16: POSITIVO | H16: POSITIVO | I16: Los recursos transferidos desde la alcaldía ha permitido el mejoramiento tecnológico de la entidad.
A17: Factor Interno | D17: Tramitología adicional en el proceso de contratación relacionado con el proceso de estudio de mercado | G17: NEGATIVO | I17: Genera inoportunidad en el desarrollo de procesos contractuales, para la adquisición de productos y servicios en el proceso de TIC.
A18: Factor Externo | C18: Factor Interno | D18: Amplia oferta de proveedores | G18: POSITIVO | H18: NEGATIVO | I18: Permite tener mayores opciones de servicios de TI para el instituto, adicionalmente, plataformas como SECOP II han facilitado el acceso a información de potenciales proveedores, lo cual genera transparencia y múltiples opciones para escoger el mejor servicio
A19: Factor Interno | C19: Factor de proceso | D19: Adaptación del ISVIMED en términos de las directrices emitidas por las entidades rectoras en el tema de Gobierno Digital | G19: NEGATIVO | I19: Dadas las condiciones organizacionales y la naturaleza del instituto se dificulta en el corto plazo a acceder a las tecnologías digitales, lo que refleja una desarticulación entre las exigencias normativas del gobierno y la realidad de las entidades publicas.
A20: Factor Externo | D20: Directrices emitidas en términos de gobierno digital | G20: POSITIVO | I20: Le brinda al instituto el mapa de ruta claro para la ejecución de las estrategias en tema de gobierno digital, lo que a la vez le permite articularse con las directrices a nivel nacional.
A21: Factor Externo | D21: Cambios en la normatividad relacionada con la contratación estatal | G21: NEGATIVO | I21: Las modalidades de contratación que aplican para la adquisición de productos y servicios de TI en ocasiones dificulta la selección de proveedores de mayor calidad y reputación. Dadas las condiciones organizacionales y la naturaleza del instituto se dificulta la adaptabilidad de las leyes que regulan la contratación, y por ende no se logra obtener alineación a la realidad del contexto.
A22: Factor Interno | D22: Ambiente físico de trabajo | G22: NEGATIVO | I22: Las condiciones actuales físicas del instituto no permiten el desarrollo de proyectos de mejoras tecnológicas planteados, limitando el tema de innovación y de integralidad del servicio. Lo anterior se dificulta mas teniendo en cuenta que en este momento el instituto cuenta con una única sede para su funcionamiento.
A23: Factor Interno | D23: Conocimiento técnico sobre TIC por parte de la alta dirección | G23: NEGATIVO | I23: Existe falta de conocimientos técnicos por parte de la alta dirección que permita visibilizar y desarrollar estrategias de fortalecimiento de TIC en el instituto.
A24: Factor Interno | D24: Nivel de servicio | G24: POSITIVO | I24: Actualmente el proceso cuenta con un buen posicionamiento frente a los clientes derivado de la calidad del servicio ofrecido.
A25: Factor Interno | D25: Control continuo | G25: POSITIVO | I25: El proceso cuenta con indicadores que se miden de manera constante, permitiendo la toma de decisiones.
A26: Factor Interno | D26: Carga de trabajo | G26: NEGATIVO | I26: El equipo de trabajo con el que se cuenta actualmente es insuficiente, generando sobre carga laboral que se ve reflejado en una inadecuada planeación de las necesidades llevando en ocasiones al no cumplimiento de los cronogramas establecidos.
A27: Factor Interno | D27: Protocolos de seguridad de la información | G27: POSITIVO | I27: Actualmente se cuenta con protocolos que dan línea para el tratamiento de seguridad de la información y demás temas relacionado con TI.
A28: Factor Interno | D28: Fuga de conocimiento | G28: NEGATIVO | I28: Las condiciones organizacionales relacionadas con el personal de la entidad no permiten la apropiación del conocimiento y la permanencia en el tiempo.

Sheet 2.1 MATRIZ DE RIESGOS GENERAL
D1: MAPA DE RIESGOS DE PROCESO | AG1: CÓDIGO: F-GM-29
AG2: VERSIÓN: 05
AG3: FECHA: 30/03/2022
AG4: PÁGINA: 3 de 3
A6: PROCESO: | D6: Gestión de TIC | F6: FECHA DE ELABORACIÓN O ACTUALIZACIÓN: | H6: junio de 2024
F7: RESPONSABLE (s) DE ELABORACIÓN O ACTUALIZACIÓN | H7: profesional lider de TIC
A8: OBJETIVO: | D8: Gestionar el sistema de información y las tecnologías del instituto de manera eficiente, segura y confiable, asegurando la disponibilidad de los servicios e información
A9: ALCANCE: | D9: Inicia desde la identificación de las necesidades organizacionales y de los usuarios, termina con el mantenimiento, mejoramiento tecnológico del hardware y software del Instituto.
A11: 4.2. IDENTIFICACION DEL RIESGO | J11: 4.3. EVALUACIÓN DEL RIESGO | AI11: 4.4. TRATAMIENTO DEL RIESGO | AK11: SEGUIMIENTO TRIMESTRE 1 DE 2026 | AL11: RELACIÓN DE EVIDENCIAS IMPORTANTE:- RELACIONAR LOS ENLACES SOBRE MATERIALIZACION DE RIESGOS Y SOBRE APLICACIÓN DE CONTROLES -LAS EVIDENCIAS SOBRE APLICACIÓN DE CONTROLES SON LAS QUE SE ENCUENTRAN EN LA COLUMNA X - RELACIONARLAS UNA A UNA CON EL ENLACE CORRESPONDIENTE. | AM11: SEGUIMIENTO TRIMESTRE 2 DE 2026 | AN11: RELACIÓN DE EVIDENCIAS IMPORTANTE:- RELACIONAR LOS ENLACES SOBRE MATERIALIZACION DE RIESGOS Y SOBRE APLICACIÓN DE CONTROLES -LAS EVIDENCIAS SOBRE APLICACIÓN DE CONTROLES SON LAS QUE SE ENCUENTRAN EN LA COLUMNA X - RELACIONARLAS UNA A UNA CON EL ENLACE CORRESPONDIENTE. | AO11: SEGUIMIENTO TRIMESTRE 3 DE 2026 | AP11: RELACIÓN DE EVIDENCIAS IMPORTANTE:- RELACIONAR LOS ENLACES SOBRE MATERIALIZACION DE RIESGOS Y SOBRE APLICACIÓN DE CONTROLES -LAS EVIDENCIAS SOBRE APLICACIÓN DE CONTROLES SON LAS QUE SE ENCUENTRAN EN LA COLUMNA X - RELACIONARLAS UNA A UNA CON EL ENLACE CORRESPONDIENTE. | AQ11: SEGUIMIENTO TRIMESTRE 4 DE 2026 | AR11: RELACIÓN DE EVIDENCIAS IMPORTANTE:- RELACIONAR LOS ENLACES SOBRE MATERIALIZACION DE RIESGOS Y SOBRE APLICACIÓN DE CONTROLES -LAS EVIDENCIAS SOBRE APLICACIÓN DE CONTROLES SON LAS QUE SE ENCUENTRAN EN LA COLUMNA X - RELACIONARLAS UNA A UNA CON EL ENLACE CORRESPONDIENTE.
A12: Referencia * | B12: Objetivo | C12: Temática / Linea de Acción | D12: 1. QUE? | E12: 2. COMO SE REFLEJA? | F12: 3. POR QUE? (Evento Potencial Principal) | G12: Descripción del Riesgo (1+2+3) | H12: Causa (Evento Potencial Intermedio) | I12: Clasificación del Riesgo | J12: EVALUACION DE RIESGO INHERENTE | O12: VALORACION DE CONTROLES | AD12: EVALUACION DEL RIESGO RESIDUAL | AI12: Tratamiento | AJ12: FORMULAR ACCIONES ESPECIFICAS
J13: Probabilidad Inherente | K13: % | L13: Impacto Inherente | M13: % | N13: Zona de Riesgo Inherente | O13: Control (Anexo A) | P13: Descripción del Control | Q13: Afectación | R13: Atributos | Y13: Probabilidad Residual | Z13: Probabilidad Residual | AA13: % | AB13: Impacto Residual | AC13: % | AD13: Probabilidad Residual Final | AE13: % | AF13: Impacto Residual Final | AG13: % | AH13: Zona de Riesgo Final | AJ13: VER ACCION #
R14: Tipo | S14: Implementación | T14: Calificación | U14: Documentación | V14: Frecuencia | W14: Evidencia | X14: Nombre de la evidencia
A15: GT5 | B15: Proceos: Gestionar el sistema de información y las tecnologías del Instituto de manera eficiente, adoptando buenas prácticas y medidas de seguridad adecuadas para propender por la disponibilidad de los servicios e información. | C15: Disponiblidad de servicios e información basados en software y hardware | D15: afectación económica y reputacional del Instituto | E15: por mal desempeño institucional derivado del incumplimiento de objetivos, metas y servicios. | F15: debido a fallas en la disponiblidad de servicios e información basados en software y hardware, que soportan la operación de los procesos | G15: Posibilidad de afectación económica y reputacional por mal desempeño institucional derivado del incumplimiento de objetivos y metas relacionados con el Plan de Desarrollo Municipal a cargo del Instituto y con la planeación estratégica. Lo anterior, debido a fallas en la disponiblidad de servicios e información basados en software y hardware, que soportan la operación de los procesos. | H15: 1. Perdida de Información (Robo, alteración y/o perdida de Información). | I15: Seg. de la Información | J15: Muy Alta | K15: =IF(J15="","",IF(J15="Muy Baja",0.2,IF(J15="Baja",0.4,IF(J15="Media",0.6,IF(J15="Alta",0.8,IF(J15="Muy Alta",1,)))))) -> 1 | L15: Catastrófico | M15: =IF(L15="","",IF(L15="Leve",0.2,IF(L15="Menor",0.4,IF(L15="Moderado",0.6,IF(L15="Mayor",0.8,IF(L15="Catastrófico",1,)))))) -> 1 | N15: =IF(OR(AND(J15="Muy Baja",L15="Leve"),AND(J15="Muy Baja",L15="Menor"),AND(J15="Baja",L15="Leve")),"Bajo",IF(OR(AND(J15="Muy Baja",L15="Moderado"),AND(J15="Baja",L15="Menor"),AND(J15="Baja",L15="Moderado"),AND(J15="Media",L15="Leve"),AND(J15="Media",L15="Menor"),AND(J15="Media",L15="Moderado"),AND(J15="Alta",L15="Leve"),AND(J15="Alta",L15="Menor")),"Moderado",IF(OR(AND(J15="Muy Baja",L15="Mayor"),AND(J15="Baja",L15="Mayor"),AND(J15="Media",L15="Mayor"),AND(J15="Alta",L15="Moderado"),AND(J15="Alta",L15="Mayor"),AND(J15="Muy Alta",L15="Leve"),AND(J15="Muy Alta",L15="Menor"),AND(J15="Muy Alta",L15="Moderado"),AND(J15="Muy Alta",L15="Mayor")),"Alto",IF(OR(AND(J15="Muy Baja",L15="Catastrófico"),AND(J15="Baja",L15="Catastrófico"),AND(J15="Media",L15="Catastrófico"),AND(J15="Alta",L15="Catastrófico"),AND(J15="Muy Alta",L15="Catastrófico")),"Extremo","")))) -> Extremo | O15: 0 | P15: La persona encargada de operar la plataforma revisa los reuqerimientos que han ingresado por fallas en la disponibilidad del servicio (wifi, impresión, sifi, telefonia, directorio activo, red de datos, Pagina Web). Se ingresa al servicio reportado como afectado para realizar el respectivo análisis de la situación presentada y realizar los descartes necesarios. Una vez resueltos los incidentes se proceden a cerrar los casos dentro de la plataforma. El grado de resolucion de incidentes se reporta a través del indicador de eficacia en el cumpliimiento del soporte técnico. | Q15: =IF(OR(R15="Preventivo",R15="Detectivo"),"Probabilidad",IF(R15="Correctivo","Impacto","")) -> Impacto | R15: Correctivo | S15: Manual | T15: =IF(AND(R15="Preventivo",S15="Automático"),"50%",IF(AND(R15="Preventivo",S15="Manual"),"40%",IF(AND(R15="Detectivo",S15="Automático"),"40%",IF(AND(R15="Detectivo",S15="Manual"),"30%",IF(AND(R15="Correctivo",S15="Automático"),"35%",IF(AND(R15="Correctivo",S15="Manual"),"25%","")))))) -> 25% | U15: Documentado | V15: Aleatoria | W15: Con Registro | X15: Requerimientos de soportes en SIFI. Registro de analisis del indicador en el SMO. | Y15: =IFERROR(IF(Q15="Probabilidad",(K15-(+K15*T15)),IF(Q15="Impacto",K15,"")),"") -> 1 | Z15: =IFERROR(IF(Y15="","",IF(Y15<=0.2,"Muy Baja",IF(Y15<=0.4,"Baja",IF(Y15<=0.6,"Media",IF(Y15<=0.8,"Alta","Muy Alta"))))),"") -> Muy Alta | AA15: =+Y15 -> 1 | AB15: =IFERROR(IF(AC15="","",IF(AC15<=0.2,"Leve",IF(AC15<=0.4,"Menor",IF(AC15<=0.6,"Moderado",IF(AC15<=0.8,"Mayor","Catastrófico"))))),"") -> Mayor | AC15: =IFERROR(IF(Q15="Impacto",(M15-(+M15*T15)),IF(Q15="Probabilidad",M15,"")),"") -> 0.75 | AD15: =IFERROR(IF(AE15=0,"",IF(AND(AE15>0,AE15<=0.2),"Muy Baja",IF(AE15<=0.4,"Baja",IF(AE15<=0.6,"Media",IF(AE15<=0.8,"Alta","Muy Alta"))))),"") -> Muy Baja | AE15: =MIN(Y15:Y27) -> 0.00972 | AF15: =IFERROR(IF(AG15=0,"",IF(AND(AG15>0,AG15<=0.2),"Leve",IF(AG15<=0.4,"Menor",IF(AG15<=0.6,"Moderado",IF(AG15<=0.8,"Mayor","Catastrófico"))))),"") -> Menor | AG15: =MIN(AC15:AC27) -> 0.31640625 | AH15: =IFERROR(IF(OR(AND(AD15="Muy Baja",AF15="Leve"),AND(AD15="Muy Baja",AF15="Menor"),AND(AD15="Baja",AF15="Leve")),"Bajo",IF(OR(AND(AD15="Muy Baja",AF15="Moderado"),AND(AD15="Baja",AF15="Menor"),AND(AD15="Baja",AF15="Moderado"),AND(AD15="Media",AF15="Leve"),AND(AD15="Media",AF15="Menor"),AND(AD15="Media",AF15="Moderado"),AND(AD15="Alta",AF15="Leve"),AND(AD15="Alta",AF15="Menor")),"Moderado",IF(OR(AND(AD15="Muy Baja",AF15="Mayor"),AND(AD15="Baja",AF15="Mayor"),AND(AD15="Media",AF15="Mayor"),AND(AD15="Alta",AF15="Moderado"),AND(AD15="Alta",AF15="Mayor"),AND(AD15="Muy Alta",AF15="Leve"),AND(AD15="Muy Alta",AF15="Menor"),AND(AD15="Muy Alta",AF15="Moderado"),AND(AD15="Muy Alta",AF15="Mayor")),"Alto",IF(OR(AND(AD15="Muy Baja",AF15="Catastrófico"),AND(AD15="Baja",AF15="Catastrófico"),AND(AD15="Media",AF15="Catastrófico"),AND(AD15="Alta",AF15="Catastrófico"),AND(AD15="Muy Alta",AF15="Catastrófico")),"Extremo","")))),"") -> Bajo | AI15: Reducir (mitigar) | AJ15: Para la vigencia 2023. Establecer respaldos extramurales ya sea en entidades externas o en la nube. Documentar las políticas de operación para la gestión de la obsolescencia tecnológica. | AK15: Se materializó el Riesgo? (Ver evento potencial principal en Columna F. Relacionar detalles de la materialización - que, como, cuando, donde): El riesgo no se a materializado durante el periodo evaluado Los Controles están bien diseñados, se aplican de acuerdo al diseño y son efectivos? (Ver controles en la columna P / Concluir frente a cada control) Los controles se encuentran bien diseñados. Se resaltan los eventos mas relevantes: Control del Riesgo y Ejecución de Acciones El riesgo de seguridad relacionado con los dispositivos perimetrales (firewalls) se mantiene bajo control. Monitoreo Reforzado: La plataforma de seguridad (firewall y antivirus) es objeto de vigilancia continua y el proveedor ITSEC brinda seguimiento constante, incluyendo el acompañamiento para la optimización y refuerzo de las configuraciones de seguridad. Impacto de Incidentes (Materialización de Eventos) Eventos de Alto Impacto: No se registró la materialización del principal evento de riesgo potencial durante este trimestre. Eventos de Impacto Medio: Tampoco se presentaron riesgos intermedios que se hayan concretado. Evaluación de Controles Los mecanismos de control de seguridad implementados han demostrado ser totalmente efectivos en la prevención de la materialización de los riesgos. Estado de las Acciones de Mitigación Pendientes Acción C108 (Renovación y Respaldo): El proyecto para la renovación de la infraestructura y servidores ya se encuentra al 100%. La entidad ya cuenta con una solución de Respaldo Extramural y un Plan de Recuperación ante Desastres (DRP). ya se encuentra activos los 4 servidores adquiridos Que acciones propones o se están llevando a cabo para gestionar el riesgo que se materializó? (Si no aplica colocar N/A) N/A Que acciones propones o se están llevando a cabo para fortalecer los controles? (En el caso de que tener Acciones de mejora / Acciones correctivas en proceso, relacionar el avance. Si tienes acciones específicas a desarrollar en la columna AJ, también relacionar el avance) Por loque estan bien diseñado no hay necesidad de implentar ajustes a controles Se solicita la eliminacion de ver acciones de la columna AJ | AL15: Soporte Tecnico: http://sifi2.isvimed.gov.co:85/indicadores/visualizar?id=22 Ataques Informaticos: http://sifi2.isvimed.gov.co:85/indicadores/visualizar?id=822 Reportes de Ataques o Incidentes Informaticos en el 4to trimestre de 2025. https://isvimedgovco.sharepoint.com/:w:/s/10GestionTI/IQC7R5k7YtmsSo0CrksVSNKvAWrhbXtsmdSagYgtQ5xDN_Q?e=7rMLnn -(Periodo octubre - noviembre de 2025) Accion correctiva # 108. Esta se consulta en Calidad, procesos. Sobre este punto se esta realizando mantenimiento de la necesidad. http://sifi2.isvimed.gov.co:85/calidadprocesos/verprocesos http://sifi2.isvimed.gov.co:85/system/calidaddocumentos/19603/original/ACCION_DE_OPORTUNIDAD_118.docx -Contrato Servidores y DRP 602 | AM15: Se materializó el Riesgo? (Ver evento potencial principal en Columna F. Relacionar detalles de la materialización - que, como, cuando, donde): El riesgo no se a materializado durante el periodo evaluado Los Controles están bien diseñados, se aplican de acuerdo al diseño y son efectivos? (Ver controles en la columna P / Concluir frente a cada control) Los controles se encuentran bien diseñados. Se resaltan los eventos mas relevantes: Control del Riesgo y Ejecución de Acciones El riesgo de seguridad relacionado con los dispositivos perimetrales (firewalls) se mantiene bajo control. No se registró la materialización del principal evento de riesgo potencial durante este trimestre, como tampoco eventos de Impacto Medio, los mecanismos de control de seguridad implementados han demostrado ser totalmente efectivos en la prevención de la materialización de los riesgos. Estado de las Acciones de Mitigación Pendientes Acción C108 (Renovación y Respaldo): Se recibe para este trimestre los servidores migrados y configurados, la entidad ya cuenta con una solución de Respaldo Extramural y un Plan de Recuperación ante Desastres (DRP).queda faltado su configuracion e implementar el plan de continuidad. Que acciones propones o se están llevando a cabo para gestionar el riesgo que se materializó? (Si no aplica colocar N/A) N/A Que acciones propones o se están llevando a cabo para fortalecer los controles? (En el caso de que tener Acciones de mejora / Acciones correctivas en proceso, relacionar el avance. Si tienes acciones específicas a desarrollar en la columna AJ, también relacionar el avance) Por loque estan bien diseñado no hay necesidad de implentar ajustes a controles Se solicita la eliminacion de ver acciones de la columna AJ | AN15: Soporte Tecnico: http://sifi2.isvimed.gov.co:85/indicadores/visualizar?id=22 Ataques Informaticos: http://sifi2.isvimed.gov.co:85/indicadores/visualizar?id=822 Reportes de Ataques o Incidentes Informaticos en el 2to trimestre de 2026. https://isvimedgovco.sharepoint.com/:w:/s/10GestionTI/IQC7R5k7YtmsSo0CrksVSNKvAWrhbXtsmdSagYgtQ5xDN_Q?e=7rMLnn -(Periodo octubre - noviembre de 2025) Accion correctiva # 108. Esta se consulta en Calidad, procesos. Sobre este punto se esta realizando mantenimiento de la necesidad. http://sifi2.isvimed.gov.co:85/calidadprocesos/verprocesos http://sifi2.isvimed.gov.co:85/system/calidaddocumentos/19603/original/ACCION_DE_OPORTUNIDAD_118.docx -Contrato Servidores y DRP 602 | AO15: Se materializó el Riesgo? (Ver evento potencial principal en Columna F. Relacionar detalles de la materialización - que, como, cuando, donde): Los Controles están bien diseñados, se aplican de acuerdo al diseño y son efectivos? (Ver controles en la columna P / Concluir frente a cada control) Que acciones propones o se están llevando a cabo para gestionar el riesgo que se materializó? (Si no aplica colocar N/A) Que acciones propones o se están llevando a cabo para fortalecer los controles? (En el caso de que tener Acciones de mejora / Acciones correctivas en proceso, relacionar el avance. Si tienes acciones específicas a desarrollar en la columna AJ, también relacionar el avance) | AQ15: Se materializó el Riesgo? (Ver evento potencial principal en Columna F. Relacionar detalles de la materialización - que, como, cuando, donde): Los Controles están bien diseñados, se aplican de acuerdo al diseño y son efectivos? (Ver controles en la columna P / Concluir frente a cada control) Que acciones propones o se están llevando a cabo para gestionar el riesgo que se materializó? (Si no aplica colocar N/A) Que acciones propones o se están llevando a cabo para fortalecer los controles? (En el caso de que tener Acciones de mejora / Acciones correctivas en proceso, relacionar el avance. Si tienes acciones específicas a desarrollar en la columna AJ, también relacionar el avance)
O16: 1.1. | P16: El subdirector / supervisor del contrato solicita autorización para el acceso a la información requerida para el desarrollo de actividades, a través de requerimiento a través del SIFI, indicando si necesita acceso de lectura o de escritura. | Q16: =IF(OR(R16="Preventivo",R16="Detectivo"),"Probabilidad",IF(R16="Correctivo","Impacto","")) -> Probabilidad | R16: Preventivo | S16: Manual | T16: =IF(AND(R16="Preventivo",S16="Automático"),"50%",IF(AND(R16="Preventivo",S16="Manual"),"40%",IF(AND(R16="Detectivo",S16="Automático"),"40%",IF(AND(R16="Detectivo",S16="Manual"),"30%",IF(AND(R16="Correctivo",S16="Automático"),"35%",IF(AND(R16="Correctivo",S16="Manual"),"25%","")))))) -> 40% | U16: Sin Documentar | V16: Aleatoria | W16: Con Registro | X16: Requerimiento de acceso de información en SIFI | Y16: =IFERROR(IF(AND(Q15="Probabilidad",Q16="Probabilidad"),(AA15-(+AA15*T16)),IF(Q16="Probabilidad",(K15-(+K15*T16)),IF(Q16="Impacto",AA15,""))),"") -> 0.6 | Z16: =IFERROR(IF(Y16="","",IF(Y16<=0.2,"Muy Baja",IF(Y16<=0.4,"Baja",IF(Y16<=0.6,"Media",IF(Y16<=0.8,"Alta","Muy Alta"))))),"") -> Media | AA16: =+Y16 -> 0.6 | AB16: =IFERROR(IF(AC16="","",IF(AC16<=0.2,"Leve",IF(AC16<=0.4,"Menor",IF(AC16<=0.6,"Moderado",IF(AC16<=0.8,"Mayor","Catastrófico"))))),"") -> Mayor | AC16: =IFERROR(IF(AND(Q15="Impacto",Q16="Impacto"),(AC15-(+AC15*T16)),IF(Q16="Impacto",(M15-(+M15*T16)),IF(Q16="Probabilidad",AC15,""))),"") -> 0.75
O17: 1.2. | P17: El responsable de la operación en la parametrización en el servidor de base de datos programa la ejecución automática de la copia respaldo, y verifica que el estado de los respaldos corresponda con la programación. | Q17: =IF(OR(R17="Preventivo",R17="Detectivo"),"Probabilidad",IF(R17="Correctivo","Impacto","")) -> Probabilidad | R17: Preventivo | S17: Automático | T17: =IF(AND(R17="Preventivo",S17="Automático"),"50%",IF(AND(R17="Preventivo",S17="Manual"),"40%",IF(AND(R17="Detectivo",S17="Automático"),"40%",IF(AND(R17="Detectivo",S17="Manual"),"30%",IF(AND(R17="Correctivo",S17="Automático"),"35%",IF(AND(R17="Correctivo",S17="Manual"),"25%","")))))) -> 50% | U17: Sin Documentar | V17: Continua | W17: Con Registro | X17: Log de copias de respaldo en el sistema. | Y17: =IFERROR(IF(AND(Q16="Probabilidad",Q17="Probabilidad"),(AA16-(+AA16*T17)),IF(AND(Q16="Impacto",Q17="Probabilidad"),(AA15-(+AA15*T17)),IF(Q17="Impacto",AA16,""))),"") -> 0.3 | Z17: =IFERROR(IF(Y17="","",IF(Y17<=0.2,"Muy Baja",IF(Y17<=0.4,"Baja",IF(Y17<=0.6,"Media",IF(Y17<=0.8,"Alta","Muy Alta"))))),"") -> Baja | AA17: =+Y17 -> 0.3 | AB17: =IFERROR(IF(AC17="","",IF(AC17<=0.2,"Leve",IF(AC17<=0.4,"Menor",IF(AC17<=0.6,"Moderado",IF(AC17<=0.8,"Mayor","Catastrófico"))))),"") -> Mayor | AC17: =IFERROR(IF(AND(Q16="Impacto",Q17="Impacto"),(AC16-(+AC16*T17)),IF(AND(Q16="Probabilidad",Q17="Impacto"),(AC15-(+AC15*T17)),IF(Q17="Probabilidad",AC16,""))),"") -> 0.75
O18: 1.3. | P18: El responsable de la operación en la parametrización, realiza la programación en la herramienta de backups para las copias de respaldo de los archivos del Fileserver y verifica que el estado de los respaldos corresponda a la programación. | Q18: =IF(OR(R18="Preventivo",R18="Detectivo"),"Probabilidad",IF(R18="Correctivo","Impacto","")) -> Probabilidad | R18: Preventivo | S18: Automático | T18: =IF(AND(R18="Preventivo",S18="Automático"),"50%",IF(AND(R18="Preventivo",S18="Manual"),"40%",IF(AND(R18="Detectivo",S18="Automático"),"40%",IF(AND(R18="Detectivo",S18="Manual"),"30%",IF(AND(R18="Correctivo",S18="Automático"),"35%",IF(AND(R18="Correctivo",S18="Manual"),"25%","")))))) -> 50% | U18: Sin Documentar | V18: Continua | W18: Con Registro | X18: Log de copias de respaldo en el sistema. | Y18: =IFERROR(IF(AND(Q17="Probabilidad",Q18="Probabilidad"),(AA17-(+AA17*T18)),IF(AND(Q17="Impacto",Q18="Probabilidad"),(AA16-(+AA16*T18)),IF(Q18="Impacto",AA17,""))),"") -> 0.15 | Z18: =IFERROR(IF(Y18="","",IF(Y18<=0.2,"Muy Baja",IF(Y18<=0.4,"Baja",IF(Y18<=0.6,"Media",IF(Y18<=0.8,"Alta","Muy Alta"))))),"") -> Muy Baja | AA18: =+Y18 -> 0.15 | AB18: =IFERROR(IF(AC18="","",IF(AC18<=0.2,"Leve",IF(AC18<=0.4,"Menor",IF(AC18<=0.6,"Moderado",IF(AC18<=0.8,"Mayor","Catastrófico"))))),"") -> Mayor | AC18: =IFERROR(IF(AND(Q17="Impacto",Q18="Impacto"),(AC17-(+AC17*T18)),IF(AND(Q17="Probabilidad",Q18="Impacto"),(AC16-(+AC16*T18)),IF(Q18="Probabilidad",AC17,""))),"") -> 0.75
O19: 1.4. | P19: El responsable de monitorear los intentos de intrusión (virus, malware) que se visualizan a través del sistema de seguridad perimetral (cortafuegos) por medio de correlación de eventos, impide a través de la parametrización del sistema, el ingreso de personas ajenas a la red sin autorización | Q19: =IF(OR(R19="Preventivo",R19="Detectivo"),"Probabilidad",IF(R19="Correctivo","Impacto","")) -> Probabilidad | R19: Preventivo | S19: Automático | T19: =IF(AND(R19="Preventivo",S19="Automático"),"50%",IF(AND(R19="Preventivo",S19="Manual"),"40%",IF(AND(R19="Detectivo",S19="Automático"),"40%",IF(AND(R19="Detectivo",S19="Manual"),"30%",IF(AND(R19="Correctivo",S19="Automático"),"35%",IF(AND(R19="Correctivo",S19="Manual"),"25%","")))))) -> 50% | U19: Sin Documentar | V19: Continua | W19: Con Registro | X19: Cada intrusión se documenta a través de pantallazos | Y19: =IFERROR(IF(AND(Q18="Probabilidad",Q19="Probabilidad"),(AA18-(+AA18*T19)),IF(AND(Q18="Impacto",Q19="Probabilidad"),(AA17-(+AA17*T19)),IF(Q19="Impacto",AA18,""))),"") -> 0.075 | Z19: =IFERROR(IF(Y19="","",IF(Y19<=0.2,"Muy Baja",IF(Y19<=0.4,"Baja",IF(Y19<=0.6,"Media",IF(Y19<=0.8,"Alta","Muy Alta"))))),"") -> Muy Baja | AA19: =+Y19 -> 0.075 | AB19: =IFERROR(IF(AC19="","",IF(AC19<=0.2,"Leve",IF(AC19<=0.4,"Menor",IF(AC19<=0.6,"Moderado",IF(AC19<=0.8,"Mayor","Catastrófico"))))),"") -> Mayor | AC19: =IFERROR(IF(AND(Q18="Impacto",Q19="Impacto"),(AC18-(+AC18*T19)),IF(AND(Q18="Probabilidad",Q19="Impacto"),(AC17-(+AC17*T19)),IF(Q19="Probabilidad",AC18,""))),"") -> 0.75
H20: 2. Daño en recursos tecnológicos Fallas de disco, de memoria, de almacenamiento, de recurso físico o lógico | O20: 2.1 | P20: Una vez materizado el fallo se procede a restaurar las copias de seguridad. El responsable de respaldos, verifica que última copia disponible para restauración, se encuentre completa y funcional. Documentado en: Guía de actualización y renovacion de infraestructura tecnológica de C&S tecnología. | Q20: =IF(OR(R20="Preventivo",R20="Detectivo"),"Probabilidad",IF(R20="Correctivo","Impacto","")) -> Impacto | R20: Correctivo | S20: Manual | T20: =IF(AND(R20="Preventivo",S20="Automático"),"50%",IF(AND(R20="Preventivo",S20="Manual"),"40%",IF(AND(R20="Detectivo",S20="Automático"),"40%",IF(AND(R20="Detectivo",S20="Manual"),"30%",IF(AND(R20="Correctivo",S20="Automático"),"35%",IF(AND(R20="Correctivo",S20="Manual"),"25%","")))))) -> 25% | U20: Documentado | V20: Aleatoria | W20: Con Registro | X20: Log de copias de respaldo en el sistema. | Y20: =IFERROR(IF(AND(Q19="Probabilidad",Q20="Probabilidad"),(AA19-(+AA19*T20)),IF(AND(Q19="Impacto",Q20="Probabilidad"),(AA18-(+AA18*T20)),IF(Q20="Impacto",AA19,""))),"") -> 0.075 | Z20: =IFERROR(IF(Y20="","",IF(Y20<=0.2,"Muy Baja",IF(Y20<=0.4,"Baja",IF(Y20<=0.6,"Media",IF(Y20<=0.8,"Alta","Muy Alta"))))),"") -> Muy Baja | AA20: =+Y20 -> 0.075 | AB20: =IFERROR(IF(AC20="","",IF(AC20<=0.2,"Leve",IF(AC20<=0.4,"Menor",IF(AC20<=0.6,"Moderado",IF(AC20<=0.8,"Mayor","Catastrófico"))))),"") -> Moderado | AC20: =IFERROR(IF(AND(Q19="Impacto",Q20="Impacto"),(AC19-(+AC19*T20)),IF(AND(Q19="Probabilidad",Q20="Impacto"),(AC18-(+AC18*T20)),IF(Q20="Probabilidad",AC19,""))),"") -> 0.5625
O21: 2.2 | P21: En el caso daño físico en una de las partes del equipo se debe proceder a reemplazar la pieza. Una vez adquirida la pieza el responsable de mantenimiento realiza el reemplazo de la pieza y verifica que quede funcional. Documentato en: Instructivo para el mantenimiento correctivo y preventivo de Harsware y software I-GT-01. | Q21: =IF(OR(R21="Preventivo",R21="Detectivo"),"Probabilidad",IF(R21="Correctivo","Impacto","")) -> Impacto | R21: Correctivo | S21: Manual | T21: =IF(AND(R21="Preventivo",S21="Automático"),"50%",IF(AND(R21="Preventivo",S21="Manual"),"40%",IF(AND(R21="Detectivo",S21="Automático"),"40%",IF(AND(R21="Detectivo",S21="Manual"),"30%",IF(AND(R21="Correctivo",S21="Automático"),"35%",IF(AND(R21="Correctivo",S21="Manual"),"25%","")))))) -> 25% | U21: Documentado | V21: Aleatoria | W21: Con Registro | X21: Hoja de Vida de Equipos | Y21: =IFERROR(IF(AND(Q20="Probabilidad",Q21="Probabilidad"),(AA20-(+AA20*T21)),IF(AND(Q20="Impacto",Q21="Probabilidad"),(AA19-(+AA19*T21)),IF(Q21="Impacto",AA20,""))),"") -> 0.075 | Z21: =IFERROR(IF(Y21="","",IF(Y21<=0.2,"Muy Baja",IF(Y21<=0.4,"Baja",IF(Y21<=0.6,"Media",IF(Y21<=0.8,"Alta","Muy Alta"))))),"") -> Muy Baja | AA21: =+Y21 -> 0.075 | AB21: =IFERROR(IF(AC21="","",IF(AC21<=0.2,"Leve",IF(AC21<=0.4,"Menor",IF(AC21<=0.6,"Moderado",IF(AC21<=0.8,"Mayor","Catastrófico"))))),"") -> Moderado | AC21: =IFERROR(IF(AND(Q20="Impacto",Q21="Impacto"),(AC20-(+AC20*T21)),IF(AND(Q20="Probabilidad",Q21="Impacto"),(AC19-(+AC19*T21)),IF(Q21="Probabilidad",AC20,""))),"") -> 0.421875
H22: 3. Daño en recursos tecnológicos. Obsolescencia tecnológica. | O22: 3 | P22: No existe control | R22: N/A | S22: N/A | U22: N/A | V22: N/A | W22: N/A | X22: N/A | Y22: =IFERROR(IF(AND(Q21="Probabilidad",Q22="Probabilidad"),(AA21-(+AA21*T22)),IF(AND(Q21="Impacto",Q22="Probabilidad"),(AA20-(+AA20*T22)),IF(Q22="",AA21,""))),"") -> 0.075 | Z22: =IFERROR(IF(Y22="","",IF(Y22<=0.2,"Muy Baja",IF(Y22<=0.4,"Baja",IF(Y22<=0.6,"Media",IF(Y22<=0.8,"Alta","Muy Alta"))))),"") -> Muy Baja | AA22: =+Y22 -> 0.075 | AB22: =IFERROR(IF(AC22="","",IF(AC22<=0.2,"Leve",IF(AC22<=0.4,"Menor",IF(AC22<=0.6,"Moderado",IF(AC22<=0.8,"Mayor","Catastrófico"))))),"") -> Moderado | AC22: =IFERROR(IF(AND(Q21="Impacto",Q22="Impacto"),(AC21-(+AC21*T22)),IF(AND(Q21="Probabilidad",Q22="Impacto"),(AC20-(+AC20*T22)),IF(Q22="",AC21,""))),"") -> 0.421875
H23: 4. Daño en recursos tecnológicos. Falta de mantenimiento preventivo. | O23: 4 | P23: Se realiza programación de mantenimiento preventivo de los equipos del Instituto de manera semestral. El responsable de gestión de tecnología realiza seguimiento al cumplimiento de esta programación de manera periódica, lo cual se ve reflejado en el indicador de cumplimiento del Plan de Mantenimiento. | Q23: =IF(OR(R23="Preventivo",R23="Detectivo"),"Probabilidad",IF(R23="Correctivo","Impacto","")) -> Probabilidad | R23: Preventivo | S23: Manual | T23: =IF(AND(R23="Preventivo",S23="Automático"),"50%",IF(AND(R23="Preventivo",S23="Manual"),"40%",IF(AND(R23="Detectivo",S23="Automático"),"40%",IF(AND(R23="Detectivo",S23="Manual"),"30%",IF(AND(R23="Correctivo",S23="Automático"),"35%",IF(AND(R23="Correctivo",S23="Manual"),"25%","")))))) -> 40% | U23: Documentado | V23: Aleatoria | W23: Con Registro | X23: Registro de Análisis del indicador. Registro de mantenimiento de equipos dentro del módulo de inventarios de SIFI | Y23: =IFERROR(IF(AND(Q22="",Q23="Probabilidad"),(AA22-(+AA22*T23)),IF(AND(Q22="Impacto",Q23="Probabilidad"),(AA21-(+AA21*T23)),IF(Q23="Impacto",AA22,""))),"") -> 0.045 | Z23: =IFERROR(IF(Y23="","",IF(Y23<=0.2,"Muy Baja",IF(Y23<=0.4,"Baja",IF(Y23<=0.6,"Media",IF(Y23<=0.8,"Alta","Muy Alta"))))),"") -> Muy Baja | AA23: =+Y23 -> 0.045 | AB23: =IFERROR(IF(AC23="","",IF(AC23<=0.2,"Leve",IF(AC23<=0.4,"Menor",IF(AC23<=0.6,"Moderado",IF(AC23<=0.8,"Mayor","Catastrófico"))))),"") -> Moderado | AC23: =IFERROR(IF(AND(Q22="Impacto",Q23="Impacto"),(AC22-(+AC22*T23)),IF(AND(Q22="Probabilidad",Q23="Impacto"),(AC21-(+AC21*T23)),IF(Q23="Probabilidad",AC22,""))),"") -> 0.421875
H24: 5. Falta de idoneidad del personal que opera el recurso tecnológico. | O24: 5 | P24: Se establece el perfil de cargo adecuado del personal a contratar dentro de los estudios previos que hacen parte de la planeación de la contratación. Documentado en: Manual de Contratación. | Q24: =IF(OR(R24="Preventivo",R24="Detectivo"),"Probabilidad",IF(R24="Correctivo","Impacto","")) -> Probabilidad | R24: Preventivo | S24: Manual | T24: =IF(AND(R24="Preventivo",S24="Automático"),"50%",IF(AND(R24="Preventivo",S24="Manual"),"40%",IF(AND(R24="Detectivo",S24="Automático"),"40%",IF(AND(R24="Detectivo",S24="Manual"),"30%",IF(AND(R24="Correctivo",S24="Automático"),"35%",IF(AND(R24="Correctivo",S24="Manual"),"25%","")))))) -> 40% | U24: Documentado | V24: Aleatoria | W24: Con Registro | X24: Estudio previo de cada contratación | Y24: =IFERROR(IF(AND(Q23="Probabilidad",Q24="Probabilidad"),(AA23-(+AA23*T24)),IF(AND(Q23="Impacto",Q24="Probabilidad"),(AA19-(+AA19*T24)),IF(Q24="Impacto",AA23,""))),"") -> 0.027 | Z24: =IFERROR(IF(Y24="","",IF(Y24<=0.2,"Muy Baja",IF(Y24<=0.4,"Baja",IF(Y24<=0.6,"Media",IF(Y24<=0.8,"Alta","Muy Alta"))))),"") -> Muy Baja | AA24: =+Y24 -> 0.027 | AB24: =IFERROR(IF(AC24="","",IF(AC24<=0.2,"Leve",IF(AC24<=0.4,"Menor",IF(AC24<=0.6,"Moderado",IF(AC24<=0.8,"Mayor","Catastrófico"))))),"") -> Moderado | AC24: =IFERROR(IF(AND(Q23="Impacto",Q24="Impacto"),(AC23-(+AC23*T24)),IF(AND(Q23="Probabilidad",Q24="Impacto"),(AC19-(+AC19*T24)),IF(Q24="Probabilidad",AC23,""))),"") -> 0.421875
H25: 6. Inoportunidad en la prestación de servicio de soporte tecnico. 6.1. Sobrecarga laboral 6.1.1. No se planifica las necesidades de recursos de personal a traves del Plan Anual de Adquisiciones. | O25: 6.1.1 | P25: Para cada vigencia se identifican las necesidades personal y se someten a aprobación de la Subdirección para ser incluido en el Plan Anual de Adquisiciones - PAA. Documentado en: P-GI-01 - PROCEDIMIENTO PARA LA GESTION ADMINISTRATIVA | Q25: =IF(OR(R25="Preventivo",R25="Detectivo"),"Probabilidad",IF(R25="Correctivo","Impacto","")) -> Probabilidad | R25: Preventivo | S25: Manual | T25: =IF(AND(R25="Preventivo",S25="Automático"),"50%",IF(AND(R25="Preventivo",S25="Manual"),"40%",IF(AND(R25="Detectivo",S25="Automático"),"40%",IF(AND(R25="Detectivo",S25="Manual"),"30%",IF(AND(R25="Correctivo",S25="Automático"),"35%",IF(AND(R25="Correctivo",S25="Manual"),"25%","")))))) -> 40% | U25: Documentado | V25: Aleatoria | W25: Con Registro | X25: Plan Anual de Adquisiciones | Y25: =IFERROR(IF(AND(Q24="Probabilidad",Q25="Probabilidad"),(AA24-(+AA24*T25)),IF(AND(Q24="Impacto",Q25="Probabilidad"),(AA23-(+AA23*T25)),IF(Q25="Impacto",AA24,""))),"") -> 0.0162 | Z25: =IFERROR(IF(Y25="","",IF(Y25<=0.2,"Muy Baja",IF(Y25<=0.4,"Baja",IF(Y25<=0.6,"Media",IF(Y25<=0.8,"Alta","Muy Alta"))))),"") -> Muy Baja | AA25: =+Y25 -> 0.0162 | AB25: =IFERROR(IF(AC25="","",IF(AC25<=0.2,"Leve",IF(AC25<=0.4,"Menor",IF(AC25<=0.6,"Moderado",IF(AC25<=0.8,"Mayor","Catastrófico"))))),"") -> Moderado | AC25: =IFERROR(IF(AND(Q24="Impacto",Q25="Impacto"),(AC24-(+AC24*T25)),IF(AND(Q24="Probabilidad",Q25="Impacto"),(AC23-(+AC23*T25)),IF(Q25="Probabilidad",AC24,""))),"") -> 0.421875
H26: 6. Inoportunidad en la prestación de servicio de soporte tecnico. 6.1. Sobrecarga laboral 6.1.2. Demoras en la contratación del personal. | O26: 6.1.2 | P26: El profesional lider de TIC verifica que el proceso precontractual y contractual para la contratación de personal (contratos de prestación de servicios profesionales y de apoyo a la gestión), se realice de acuerdo a los tiempos establecidos en el Plan Anual de Adquisiciones. | Q26: =IF(OR(R26="Preventivo",R26="Detectivo"),"Probabilidad",IF(R26="Correctivo","Impacto","")) -> Probabilidad | R26: Preventivo | S26: Manual | T26: =IF(AND(R26="Preventivo",S26="Automático"),"50%",IF(AND(R26="Preventivo",S26="Manual"),"40%",IF(AND(R26="Detectivo",S26="Automático"),"40%",IF(AND(R26="Detectivo",S26="Manual"),"30%",IF(AND(R26="Correctivo",S26="Automático"),"35%",IF(AND(R26="Correctivo",S26="Manual"),"25%","")))))) -> 40% | U26: Sin Documentar | V26: Aleatoria | W26: Con Registro | X26: Estudios previos y anexos Minuta de contratos | Y26: =IFERROR(IF(AND(Q25="Probabilidad",Q26="Probabilidad"),(AA25-(+AA25*T26)),IF(AND(Q25="Impacto",Q26="Probabilidad"),(AA24-(+AA24*T26)),IF(Q26="Impacto",AA25,""))),"") -> 0.00972 | Z26: =IFERROR(IF(Y26="","",IF(Y26<=0.2,"Muy Baja",IF(Y26<=0.4,"Baja",IF(Y26<=0.6,"Media",IF(Y26<=0.8,"Alta","Muy Alta"))))),"") -> Muy Baja | AA26: =+Y26 -> 0.00972 | AB26: =IFERROR(IF(AC26="","",IF(AC26<=0.2,"Leve",IF(AC26<=0.4,"Menor",IF(AC26<=0.6,"Moderado",IF(AC26<=0.8,"Mayor","Catastrófico"))))),"") -> Moderado | AC26: =IFERROR(IF(AND(Q25="Impacto",Q26="Impacto"),(AC25-(+AC25*T26)),IF(AND(Q25="Probabilidad",Q26="Impacto"),(AC24-(+AC24*T26)),IF(Q26="Probabilidad",AC25,""))),"") -> 0.421875
H27: 7. No se atienden las solicitudes de soporte técnico. | O27: 7. | P27: En el SIFI se tiene disponible módulo para la recepción de solicitudes de soporte técnico por parte del personal que lo requiera. El responsable de soporte técnico, revisa diariamente las solicitudes y gestiona la solución para cada una de ellas. El SIFI permite la generación de reportes de desempeño del servicio técnico en cuanto a calificación del servicio por parte de los usuarios, solicitudes abiertas y cerradas, tiempos de atención, entre otras; información que se analiza para la mejora del proceso. | Q27: =IF(OR(R27="Preventivo",R27="Detectivo"),"Probabilidad",IF(R27="Correctivo","Impacto","")) -> Impacto | R27: Correctivo | S27: Manual | T27: =IF(AND(R27="Preventivo",S27="Automático"),"50%",IF(AND(R27="Preventivo",S27="Manual"),"40%",IF(AND(R27="Detectivo",S27="Automático"),"40%",IF(AND(R27="Detectivo",S27="Manual"),"30%",IF(AND(R27="Correctivo",S27="Automático"),"35%",IF(AND(R27="Correctivo",S27="Manual"),"25%","")))))) -> 25% | U27: Sin Documentar | V27: Aleatoria | W27: Con Registro | X27: Consolidado de atenciones y valoraciones de soporte técnico mensual. Cargue de información y análisis de los indicadores de soporte técnico en el SMO. | Y27: =IFERROR(IF(AND(Q26="Probabilidad",Q27="Probabilidad"),(AA26-(+AA26*T27)),IF(AND(Q26="Impacto",Q27="Probabilidad"),(AA25-(+AA25*T27)),IF(Q27="Impacto",AA26,""))),"") -> 0.00972 | Z27: =IFERROR(IF(Y27="","",IF(Y27<=0.2,"Muy Baja",IF(Y27<=0.4,"Baja",IF(Y27<=0.6,"Media",IF(Y27<=0.8,"Alta","Muy Alta"))))),"") -> Muy Baja | AA27: =+Y27 -> 0.00972 | AB27: =IFERROR(IF(AC27="","",IF(AC27<=0.2,"Leve",IF(AC27<=0.4,"Menor",IF(AC27<=0.6,"Moderado",IF(AC27<=0.8,"Mayor","Catastrófico"))))),"") -> Menor | AC27: =IFERROR(IF(AND(Q26="Impacto",Q27="Impacto"),(AC26-(+AC26*T27)),IF(AND(Q26="Probabilidad",Q27="Impacto"),(AC25-(+AC25*T27)),IF(Q27="Probabilidad",AC26,""))),"") -> 0.31640625
A28: GT6 | B28: Proceos: Gestionar el sistema de información y las tecnologías del Instituto de manera eficiente, adoptando buenas prácticas y medidas de seguridad adecuadas para propender por la disponibilidad de los servicios e información. | C28: Licencias de software | D28: afectación económica y reputacional | E28: a través de multas y sanciones por parte de los fabricantes y los entes de control | F28: debido a existencia de software no licenciado en los equipos informáticos de la institución, y en el de las personas que desarrollan actividades para el Isvimed a través de contratos de prestación de servicios profesionales y de apoyo a la gestión | G28: Posibilidad de afectación económica y reputacional a través de multas y sanciones por parte de los fabricantes y los entes de control debido a existencia de software no licenciado en los equipos informáticos de la institución, y en el de las personas que desarrollan actividades para el Isvimed a través de contratos de prestación de servicios. | H28: 1. Los equipos informáticos del Instituto permiten la instalación de software por parte de cualquier funcionario. La instalación no se centraliza en el area de TIC del Insituto. | I28: Seg. de la Información | J28: Media | K28: =IF(J28="","",IF(J28="Muy Baja",0.2,IF(J28="Baja",0.4,IF(J28="Media",0.6,IF(J28="Alta",0.8,IF(J28="Muy Alta",1,)))))) -> 0.6 | L28: Moderado | M28: =IF(L28="","",IF(L28="Leve",0.2,IF(L28="Menor",0.4,IF(L28="Moderado",0.6,IF(L28="Mayor",0.8,IF(L28="Catastrófico",1,)))))) -> 0.6 | N28: =IF(OR(AND(J28="Muy Baja",L28="Leve"),AND(J28="Muy Baja",L28="Menor"),AND(J28="Baja",L28="Leve")),"Bajo",IF(OR(AND(J28="Muy baja",L28="Moderado"),AND(J28="Baja",L28="Menor"),AND(J28="Baja",L28="Moderado"),AND(J28="Media",L28="Leve"),AND(J28="Media",L28="Menor"),AND(J28="Media",L28="Moderado"),AND(J28="Alta",L28="Leve"),AND(J28="Alta",L28="Menor")),"Moderado",IF(OR(AND(J28="Muy Baja",L28="Mayor"),AND(J28="Baja",L28="Mayor"),AND(J28="Media",L28="Mayor"),AND(J28="Alta",L28="Moderado"),AND(J28="Alta",L28="Mayor"),AND(J28="Muy Alta",L28="Leve"),AND(J28="Muy Alta",L28="Menor"),AND(J28="Muy Alta",L28="Moderado"),AND(J28="Muy Alta",L28="Mayor")),"Alto",IF(OR(AND(J28="Muy Baja",L28="Catastrófico"),AND(J28="Baja",L28="Catastrófico"),AND(J28="Media",L28="Catastrófico"),AND(J28="Alta",L28="Catastrófico"),AND(J28="Muy Alta",L28="Catastrófico")),"Extremo","")))) -> Moderado | O28: 1 | P28: La persona responsable de la gestión del Directorio Activo, define políticas para limitar la instalación de software en los equipos del instituto. Documentado en: "Política de Seguridad de la Información" - Política #10: Control de Acceso a la Información. | Q28: =IF(OR(R28="Preventivo",R28="Detectivo"),"Probabilidad",IF(R28="Correctivo","Impacto","")) -> Probabilidad | R28: Preventivo | S28: Automático | T28: =IF(AND(R28="Preventivo",S28="Automático"),"50%",IF(AND(R28="Preventivo",S28="Manual"),"40%",IF(AND(R28="Detectivo",S28="Automático"),"40%",IF(AND(R28="Detectivo",S28="Manual"),"30%",IF(AND(R28="Correctivo",S28="Automático"),"35%",IF(AND(R28="Correctivo",S28="Manual"),"25%","")))))) -> 50% | U28: Documentado | V28: Continua | W28: Sin Registro | X28: N/A | Y28: =IFERROR(IF(Q28="Probabilidad",(K28-(+K28*T28)),IF(Q28="Impacto",K28,"")),"") -> 0.3 | Z28: =IFERROR(IF(Y28="","",IF(Y28<=0.2,"Muy Baja",IF(Y28<=0.4,"Baja",IF(Y28<=0.6,"Media",IF(Y28<=0.8,"Alta","Muy Alta"))))),"") -> Baja | AA28: =+Y28 -> 0.3 | AB28: =IFERROR(IF(AC28="","",IF(AC28<=0.2,"Leve",IF(AC28<=0.4,"Menor",IF(AC28<=0.6,"Moderado",IF(AC28<=0.8,"Mayor","Catastrófico"))))),"") -> Moderado | AC28: =IFERROR(IF(Q28="Impacto",(M28-(+M28*T28)),IF(Q28="Probabilidad",M28,"")),"") -> 0.6 | AD28: =IFERROR(IF(AE28=0,"",IF(AND(AE28>0,AE28<=0.2),"Muy Baja",IF(AE28<=0.4,"Baja",IF(AE28<=0.6,"Media",IF(AE28<=0.8,"Alta","Muy Alta"))))),"") -> Muy Baja | AE28: =MIN(Y28:Y32) -> 0.03888 | AF28: =IFERROR(IF(AG28=0,"",IF(AND(AG28>0,AG28<=0.2),"Leve",IF(AG28<=0.4,"Menor",IF(AG28<=0.6,"Moderado",IF(AG28<=0.8,"Mayor","Catastrófico"))))),"") -> Moderado | AG28: =MIN(AC28:AC32) -> 0.6 | AH28: =IFERROR(IF(OR(AND(AD28="Muy Baja",AF28="Leve"),AND(AD28="Muy Baja",AF28="Menor"),AND(AD28="Baja",AF28="Leve")),"Bajo",IF(OR(AND(AD28="Muy Baja",AF28="Moderado"),AND(AD28="Baja",AF28="Menor"),AND(AD28="Baja",AF28="Moderado"),AND(AD28="Media",AF28="Leve"),AND(AD28="Media",AF28="Menor"),AND(AD28="Media",AF28="Moderado"),AND(AD28="Alta",AF28="Leve"),AND(AD28="Alta",AF28="Menor")),"Moderado",IF(OR(AND(AD28="Muy Baja",AF28="Mayor"),AND(AD28="Baja",AF28="Mayor"),AND(AD28="Media",AF28="Mayor"),AND(AD28="Alta",AF28="Moderado"),AND(AD28="Alta",AF28="Mayor"),AND(AD28="Muy Alta",AF28="Leve"),AND(AD28="Muy Alta",AF28="Menor"),AND(AD28="Muy Alta",AF28="Moderado"),AND(AD28="Muy Alta",AF28="Mayor")),"Alto",IF(OR(AND(AD28="Muy Baja",AF28="Catastrófico"),AND(AD28="Baja",AF28="Catastrófico"),AND(AD28="Media",AF28="Catastrófico"),AND(AD28="Alta",AF28="Catastrófico"),AND(AD28="Muy Alta",AF28="Catastrófico")),"Extremo","")))),"") -> Moderado | AI28: Reducir (mitigar) | AK28: Se materializó el Riesgo? (Ver evento potencial principal en Columna F. Relacionar detalles de la materialización - que, como, cuando, donde): El riesgo no se a materializado durante el periodo evaluado Los Controles están bien diseñados, se aplican de acuerdo al diseño y son efectivos? (Ver controles en la columna P / Concluir frente a cada control) Los controles utilizados se encuentran bien diseñados y efectivos. Se resaltan los eventos mas relevantes: - Las licencias se encuentran vigentes. - Desde la contratacion se continua con la clausula de transferencia de riesgos para el contratista. Que acciones propones o se están llevando a cabo para gestionar el riesgo que se materializó? (Si no aplica colocar N/A) N/A Que acciones propones o se están llevando a cabo para fortalecer los controles? (En el caso de que tener Acciones de mejora / Acciones correctivas en proceso, relacionar el avance. Si tienes acciones específicas a desarrollar en la columna AJ, también relacionar el avance) Por loque estan bien diseñado no hay necesidad de implentar ajustes a controles | AL28: A nivel contractual en la minuta se incluye un PARAGRAFO: Serán obligaciones generales del contrato:(l): El contratista utilizará software licenciados en los equipos de cómputo que utilice para la prestación del servicio, cualquier riesgo que se derive de utilizar software no licenciados, recaen bajo responsabilidad del contratista. | AM28: Se materializó el Riesgo? (Ver evento potencial principal en Columna F. Relacionar detalles de la materialización - que, como, cuando, donde): El riesgo no se a materializado durante el periodo evaluado Los Controles están bien diseñados, se aplican de acuerdo al diseño y son efectivos? (Ver controles en la columna P / Concluir frente a cada control) Los controles utilizados se encuentran bien diseñados y efectivos. Se resaltan los eventos mas relevantes: - Las licencias se encuentran vigentes. - Desde la contratacion se continua con la clausula de transferencia de riesgos para el contratista. Que acciones propones o se están llevando a cabo para gestionar el riesgo que se materializó? (Si no aplica colocar N/A) N/A Que acciones propones o se están llevando a cabo para fortalecer los controles? (En el caso de que tener Acciones de mejora / Acciones correctivas en proceso, relacionar el avance. Si tienes acciones específicas a desarrollar en la columna AJ, también relacionar el avance) Por loque estan bien diseñado no hay necesidad de implentar ajustes a controles | AN28: A nivel contractual en la minuta se incluye un PARAGRAFO: Serán obligaciones generales del contrato:(l): El contratista utilizará software licenciados en los equipos de cómputo que utilice para la prestación del servicio, cualquier riesgo que se derive de utilizar software no licenciados, recaen bajo responsabilidad del contratista. | AO28: Se materializó el Riesgo? (Ver evento potencial principal en Columna F. Relacionar detalles de la materialización - que, como, cuando, donde): Los Controles están bien diseñados, se aplican de acuerdo al diseño y son efectivos? (Ver controles en la columna P / Concluir frente a cada control) Que acciones propones o se están llevando a cabo para gestionar el riesgo que se materializó? (Si no aplica colocar N/A) Que acciones propones o se están llevando a cabo para fortalecer los controles? (En el caso de que tener Acciones de mejora / Acciones correctivas en proceso, relacionar el avance. Si tienes acciones específicas a desarrollar en la columna AJ, también relacionar el avance) | AQ28: Se materializó el Riesgo? (Ver evento potencial principal en Columna F. Relacionar detalles de la materialización - que, como, cuando, donde): Los Controles están bien diseñados, se aplican de acuerdo al diseño y son efectivos? (Ver controles en la columna P / Concluir frente a cada control) Que acciones propones o se están llevando a cabo para gestionar el riesgo que se materializó? (Si no aplica colocar N/A) Que acciones propones o se están llevando a cabo para fortalecer los controles? (En el caso de que tener Acciones de mejora / Acciones correctivas en proceso, relacionar el avance. Si tienes acciones específicas a desarrollar en la columna AJ, también relacionar el avance)
H29: 2. No existe control de las vigencias de las licencias. | O29: 2 | P29: El profesional lider de TIC, verifica el vencimiento de licencias de software de los equipos del Instituto a tráves del formato de Resumen de Software y licencias. | Q29: =IF(OR(R29="Preventivo",R29="Detectivo"),"Probabilidad",IF(R29="Correctivo","Impacto","")) -> Probabilidad | R29: Preventivo | S29: Manual | T29: =IF(AND(R29="Preventivo",S29="Automático"),"50%",IF(AND(R29="Preventivo",S29="Manual"),"40%",IF(AND(R29="Detectivo",S29="Automático"),"40%",IF(AND(R29="Detectivo",S29="Manual"),"30%",IF(AND(R29="Correctivo",S29="Automático"),"35%",IF(AND(R29="Correctivo",S29="Manual"),"25%","")))))) -> 40% | U29: Sin Documentar | V29: Aleatoria | W29: Con Registro | X29: formato de Resumen de Software y licencias | Y29: =IFERROR(IF(AND(Q28="Probabilidad",Q29="Probabilidad"),(AA28-(+AA28*T29)),IF(Q29="Probabilidad",(K28-(+K28*T29)),IF(Q29="Impacto",AA28,""))),"") -> 0.18 | Z29: =IFERROR(IF(Y29="","",IF(Y29<=0.2,"Muy Baja",IF(Y29<=0.4,"Baja",IF(Y29<=0.6,"Media",IF(Y29<=0.8,"Alta","Muy Alta"))))),"") -> Muy Baja | AA29: =+Y29 -> 0.18 | AB29: =IFERROR(IF(AC29="","",IF(AC29<=0.2,"Leve",IF(AC29<=0.4,"Menor",IF(AC29<=0.6,"Moderado",IF(AC29<=0.8,"Mayor","Catastrófico"))))),"") -> Moderado | AC29: =IFERROR(IF(AND(Q28="Impacto",Q29="Impacto"),(AC28-(+AC28*T29)),IF(Q29="Impacto",(M28-(+M28*T29)),IF(Q29="Probabilidad",AC28,""))),"") -> 0.6
H30: 3. El lincenciamiento de software no se incluye en el presupuesto anual. | O30: 3 | P30: El profesional lider de TIC identifica el vencimiento de licencias para incluirlo en el Plan Anual de Adquisiciones | Q30: =IF(OR(R30="Preventivo",R30="Detectivo"),"Probabilidad",IF(R30="Correctivo","Impacto","")) -> Probabilidad | R30: Preventivo | S30: Manual | T30: =IF(AND(R30="Preventivo",S30="Automático"),"50%",IF(AND(R30="Preventivo",S30="Manual"),"40%",IF(AND(R30="Detectivo",S30="Automático"),"40%",IF(AND(R30="Detectivo",S30="Manual"),"30%",IF(AND(R30="Correctivo",S30="Automático"),"35%",IF(AND(R30="Correctivo",S30="Manual"),"25%","")))))) -> 40% | U30: Sin Documentar | V30: Aleatoria | W30: Con Registro | X30: Plan Anual de Adquisiciones | Y30: =IFERROR(IF(AND(Q29="Probabilidad",Q30="Probabilidad"),(AA29-(+AA29*T30)),IF(AND(Q29="Impacto",Q30="Probabilidad"),(AA28-(+AA28*T30)),IF(Q30="Impacto",AA29,""))),"") -> 0.108 | Z30: =IFERROR(IF(Y30="","",IF(Y30<=0.2,"Muy Baja",IF(Y30<=0.4,"Baja",IF(Y30<=0.6,"Media",IF(Y30<=0.8,"Alta","Muy Alta"))))),"") -> Muy Baja | AA30: =+Y30 -> 0.108 | AB30: =IFERROR(IF(AC30="","",IF(AC30<=0.2,"Leve",IF(AC30<=0.4,"Menor",IF(AC30<=0.6,"Moderado",IF(AC30<=0.8,"Mayor","Catastrófico"))))),"") -> Moderado | AC30: =IFERROR(IF(AND(Q29="Impacto",Q30="Impacto"),(AC29-(+AC29*T30)),IF(AND(Q29="Probabilidad",Q30="Impacto"),(AC28-(+AC28*T30)),IF(Q30="Probabilidad",AC29,""))),"") -> 0.6
H31: 4. La contratación de proveedores de lincenciamiento de software es posterior al vencimiento de las licencias. | O31: 4 | P31: El profesional lider de TIC verifica que el proceso precontractual y contractual para la adquisición del licenciamiento, se realice de acuerdo a los tiempos establecidos en el Plan Anual de Adquisiciones. | Q31: =IF(OR(R31="Preventivo",R31="Detectivo"),"Probabilidad",IF(R31="Correctivo","Impacto","")) -> Probabilidad | R31: Preventivo | S31: Manual | T31: =IF(AND(R31="Preventivo",S31="Automático"),"50%",IF(AND(R31="Preventivo",S31="Manual"),"40%",IF(AND(R31="Detectivo",S31="Automático"),"40%",IF(AND(R31="Detectivo",S31="Manual"),"30%",IF(AND(R31="Correctivo",S31="Automático"),"35%",IF(AND(R31="Correctivo",S31="Manual"),"25%","")))))) -> 40% | U31: Sin Documentar | V31: Aleatoria | W31: Con Registro | X31: Estudios previos y anexos Minuta de contratos | Y31: =IFERROR(IF(AND(Q30="Probabilidad",Q31="Probabilidad"),(AA30-(+AA30*T31)),IF(AND(Q30="Impacto",Q31="Probabilidad"),(AA29-(+AA29*T31)),IF(Q31="Impacto",AA30,""))),"") -> 0.0648 | Z31: =IFERROR(IF(Y31="","",IF(Y31<=0.2,"Muy Baja",IF(Y31<=0.4,"Baja",IF(Y31<=0.6,"Media",IF(Y31<=0.8,"Alta","Muy Alta"))))),"") -> Muy Baja | AA31: =+Y31 -> 0.0648 | AB31: =IFERROR(IF(AC31="","",IF(AC31<=0.2,"Leve",IF(AC31<=0.4,"Menor",IF(AC31<=0.6,"Moderado",IF(AC31<=0.8,"Mayor","Catastrófico"))))),"") -> Moderado | AC31: =IFERROR(IF(AND(Q30="Impacto",Q31="Impacto"),(AC30-(+AC30*T31)),IF(AND(Q30="Probabilidad",Q31="Impacto"),(AC29-(+AC29*T31)),IF(Q31="Probabilidad",AC30,""))),"") -> 0.6
H32: 5. No se han establecidos salvaguardas legales que transfieran el riesgo por no licenciamiento de software en los equipos de los contratistas, de manera que la responsabilidad recaiga directamente sobre ellos. | O32: 5 | P32: Se establece como obligación del contratista en los contratos de prestación de servicios profesionales y de apoyo a la gestión la siguiente obligación: "El contratista utilizara software licenciado en los equipos de cómputo que utilice para la prestación del servicio, cualquier riesgo que se derive de utilizar software no licenciado, recae bajo responsabilidad del contratista" El profesional lider de TIC, verifica que esta cláusula este incluida en las minutas de los contratos. lo anterior de manera aleaoria. | Q32: =IF(OR(R32="Preventivo",R32="Detectivo"),"Probabilidad",IF(R32="Correctivo","Impacto","")) -> Probabilidad | R32: Preventivo | S32: Manual | T32: =IF(AND(R32="Preventivo",S32="Automático"),"50%",IF(AND(R32="Preventivo",S32="Manual"),"40%",IF(AND(R32="Detectivo",S32="Automático"),"40%",IF(AND(R32="Detectivo",S32="Manual"),"30%",IF(AND(R32="Correctivo",S32="Automático"),"35%",IF(AND(R32="Correctivo",S32="Manual"),"25%","")))))) -> 40% | U32: Sin Documentar | V32: N/A | W32: N/A | X32: Minuta de contratos | Y32: =IFERROR(IF(AND(Q31="Probabilidad",Q32="Probabilidad"),(AA31-(+AA31*T32)),IF(AND(Q31="Impacto",Q32="Probabilidad"),(AA30-(+AA30*T32)),IF(Q32="Impacto",AA31,""))),"") -> 0.03888 | Z32: =IFERROR(IF(Y32="","",IF(Y32<=0.2,"Muy Baja",IF(Y32<=0.4,"Baja",IF(Y32<=0.6,"Media",IF(Y32<=0.8,"Alta","Muy Alta"))))),"") -> Muy Baja | AA32: =+Y32 -> 0.03888 | AB32: =IFERROR(IF(AC32="","",IF(AC32<=0.2,"Leve",IF(AC32<=0.4,"Menor",IF(AC32<=0.6,"Moderado",IF(AC32<=0.8,"Mayor","Catastrófico"))))),"") -> Moderado | AC32: =IFERROR(IF(AND(Q31="Impacto",Q32="Impacto"),(AC31-(+AC31*T32)),IF(AND(Q31="Probabilidad",Q32="Impacto"),(AC30-(+AC30*T32)),IF(Q32="Probabilidad",AC31,""))),"") -> 0.6
A33: GT7 | B33: Gestionar el sistema de información y las tecnologías del Instituto de manera eficiente, adoptando buenas prácticas y medidas de seguridad adecuadas para propender por la disponibilidad de los servicios e información. | C33: Contuinidad del Negocio | D33: Posibliidad de afectación económica y reputacional del Instituto | E33: reflejada en la falta de continuidad del negocio por la perdida total de la información digital, con la correspondiente suspensión en la prestación de servicios. | F33: debido a la imposibilidad de restaurar la información institucional por desastre natural o evento de orden público | G33: Posibilidad de afectación económica y reputacional del Instituto, reflejada en la falta de continuidad del negocio por la pérdida total de la información digital, con la correspondiente suspensión en la prestación de servicios. Lo anterior, debido a la imposibilidad de restaurar la información institucional por desastre natural o evento de orden público | H33: 1. No existen medidas alternas de protección y respaldo de la información en locaciones externas | I33: Seg. de la Información | J33: Baja | K33: =IF(J33="","",IF(J33="Muy Baja",0.2,IF(J33="Baja",0.4,IF(J33="Media",0.6,IF(J33="Alta",0.8,IF(J33="Muy Alta",1,)))))) -> 0.4 | L33: Catastrófico | M33: =IF(L33="","",IF(L33="Leve",0.2,IF(L33="Menor",0.4,IF(L33="Moderado",0.6,IF(L33="Mayor",0.8,IF(L33="Catastrófico",1,)))))) -> 1 | N33: =IF(OR(AND(J33="Muy Baja",L33="Leve"),AND(J33="Muy Baja",L33="Menor"),AND(J33="Baja",L33="Leve")),"Bajo",IF(OR(AND(J33="Muy Baja",L33="Moderado"),AND(J33="Baja",L33="Menor"),AND(J33="Baja",L33="Moderado"),AND(J33="Media",L33="Leve"),AND(J33="Media",L33="Menor"),AND(J33="Media",L33="Moderado"),AND(J33="Alta",L33="Leve"),AND(J33="Alta",L33="Menor")),"Moderado",IF(OR(AND(J33="Muy Baja",L33="Mayor"),AND(J33="Baja",L33="Mayor"),AND(J33="Media",L33="Mayor"),AND(J33="Alta",L33="Moderado"),AND(J33="Alta",L33="Mayor"),AND(J33="Muy Alta",L33="Leve"),AND(J33="Muy Alta",L33="Menor"),AND(J33="Muy Alta",L33="Moderado"),AND(J33="Muy Alta",L33="Mayor")),"Alto",IF(OR(AND(J33="Muy Baja",L33="Catastrófico"),AND(J33="Baja",L33="Catastrófico"),AND(J33="Media",L33="Catastrófico"),AND(J33="Alta",L33="Catastrófico"),AND(J33="Muy Alta",L33="Catastrófico")),"Extremo","")))) -> Extremo | O33: 1 | P33: La entidad cuenta con Respaldo Integral backup extramural (en la nube) sobre la información de la entidad para garantizar la continuidad del negocio. La información que se respalda es la siguiente: base de datos de SIFI, aplicativo SIFI, OCS inventory, antivirus, maleware e información cargada en el sharepoint (bases de datos de correos, carpetas). Estas copias se realizan con una frecuencia de dos veces al día. El DataCenter proporciona la configuración del backup y el proceso de Gestión de TI elabora el Plan de Recuperación ante desastres. El profesional asignado verifica que en la configuración del backup se incluya la información y aplicativos requeridos para garantizar la continuidad del negocio. El profesional asignado verifica que las copias de seguridad se realicen 2 veces al día. | Q33: =IF(OR(R33="Preventivo",R33="Detectivo"),"Probabilidad",IF(R33="Correctivo","Impacto","")) -> Probabilidad | R33: Preventivo | S33: Manual | T33: =IF(AND(R33="Preventivo",S33="Automático"),"50%",IF(AND(R33="Preventivo",S33="Manual"),"40%",IF(AND(R33="Detectivo",S33="Automático"),"40%",IF(AND(R33="Detectivo",S33="Manual"),"30%",IF(AND(R33="Correctivo",S33="Automático"),"35%",IF(AND(R33="Correctivo",S33="Manual"),"25%","")))))) -> 40% | U33: Sin Documentar | V33: Continua | W33: Con Registro | X33: Documentación de la configuración de Backups correos de notificación de realización de copia de seguridad por parte del Data Center. | Y33: =IFERROR(IF(Q33="Probabilidad",(K33-(+K33*T33)),IF(Q33="Impacto",K33,"")),"") -> 0.24 | Z33: =IFERROR(IF(Y33="","",IF(Y33<=0.2,"Muy Baja",IF(Y33<=0.4,"Baja",IF(Y33<=0.6,"Media",IF(Y33<=0.8,"Alta","Muy Alta"))))),"") -> Baja | AA33: =+Y33 -> 0.24 | AB33: =IFERROR(IF(AC33="","",IF(AC33<=0.2,"Leve",IF(AC33<=0.4,"Menor",IF(AC33<=0.6,"Moderado",IF(AC33<=0.8,"Mayor","Catastrófico"))))),"") -> Catastrófico | AC33: =IFERROR(IF(Q33="Impacto",(M33-(+M33*T33)),IF(Q33="Probabilidad",M33,"")),"") -> 1 | AD33: =IFERROR(IF(AE33=0,"",IF(AND(AE33>0,AE33<=0.2),"Muy Baja",IF(AE33<=0.4,"Baja",IF(AE33<=0.6,"Media",IF(AE33<=0.8,"Alta","Muy Alta"))))),"") -> Baja | AE33: =MIN(Y33:Y34) -> 0.24 | AF33: =IFERROR(IF(AG33=0,"",IF(AND(AG33>0,AG33<=0.2),"Leve",IF(AG33<=0.4,"Menor",IF(AG33<=0.6,"Moderado",IF(AG33<=0.8,"Mayor","Catastrófico"))))),"") -> Mayor | AG33: =MIN(AC33:AC34) -> 0.75 | AH33: =IFERROR(IF(OR(AND(AD33="Muy Baja",AF33="Leve"),AND(AD33="Muy Baja",AF33="Menor"),AND(AD33="Baja",AF33="Leve")),"Bajo",IF(OR(AND(AD33="Muy Baja",AF33="Moderado"),AND(AD33="Baja",AF33="Menor"),AND(AD33="Baja",AF33="Moderado"),AND(AD33="Media",AF33="Leve"),AND(AD33="Media",AF33="Menor"),AND(AD33="Media",AF33="Moderado"),AND(AD33="Alta",AF33="Leve"),AND(AD33="Alta",AF33="Menor")),"Moderado",IF(OR(AND(AD33="Muy Baja",AF33="Mayor"),AND(AD33="Baja",AF33="Mayor"),AND(AD33="Media",AF33="Mayor"),AND(AD33="Alta",AF33="Moderado"),AND(AD33="Alta",AF33="Mayor"),AND(AD33="Muy Alta",AF33="Leve"),AND(AD33="Muy Alta",AF33="Menor"),AND(AD33="Muy Alta",AF33="Moderado"),AND(AD33="Muy Alta",AF33="Mayor")),"Alto",IF(OR(AND(AD33="Muy Baja",AF33="Catastrófico"),AND(AD33="Baja",AF33="Catastrófico"),AND(AD33="Media",AF33="Catastrófico"),AND(AD33="Alta",AF33="Catastrófico"),AND(AD33="Muy Alta",AF33="Catastrófico")),"Extremo","")))),"") -> Alto | AI33: Reducir (mitigar) | AK33: Se materializó el Riesgo? (Ver evento potencial principal en Columna F. Relacionar detalles de la materialización - que, como, cuando, donde): El riesgo no se ha materializado durante el periodo evaluado Los Controles están bien diseñados, se aplican de acuerdo al diseño y son efectivos? (Ver controles en la columna P / Concluir frente a cada control) Los controles utilizados se encuentran bien diseñados y efectivos. Se resaltan los eventos mas relevantes: La entidad ya cuenta con Respaldo Integral backup extramural (en la nube), una solución del producto Acronis de la cual se cuenta sin costo una prueba trimestral del DRP, donde se confirma la integridad de este. (prueba máxima de 1 hora) Que acciones propones o se están llevando a cabo para gestionar el riesgo que se materializó? (Si no aplica colocar N/A) N/A Que acciones propones o se están llevando a cabo para fortalecer los controles? (En el caso de que tener Acciones de mejora / Acciones correctivas en proceso, relacionar el avance. Si tienes acciones específicas a desarrollar en la columna AJ, también relacionar el avance) Por loque estan bien diseñado no hay necesidad de implentar ajustes a controles Se solicita la eliminacion de ver acciones de la columna AJ | AL33: Acción C108: Se está gestionando el proceso de renovación de infraestructura y servidores, el cual incluye el respaldo extramural y una solución DRP. Se avanza en el proceso copia extramural en los servicios de backup en la nube de Acronis. http://sifi2.isvimed.gov.co:81/calidadprocesos/verprocesos http://sifi2.isvimed.gov.co:81/system/calidaddocumentos/19603/original/ACCION_DE_OPORTUNIDAD_118.docx | AM33: Se materializó el Riesgo? (Ver evento potencial principal en Columna F. Relacionar detalles de la materialización - que, como, cuando, donde): El riesgo no se ha materializado durante el periodo evaluado Los Controles están bien diseñados, se aplican de acuerdo al diseño y son efectivos? (Ver controles en la columna P / Concluir frente a cada control) Los controles utilizados se encuentran bien diseñados y efectivos. Se resaltan los eventos mas relevantes: La entidad ya cuenta con Respaldo Integral backup extramural (en la nube), una solución del producto Acronis solo falta configurar esta tecnologia y reallizar el plan de continuidad y realizar pruebas de la cual se cuenta sin costo una prueba trimestral del DRP, donde se confirma la integridad de este. (prueba máxima de 1 hora) Que acciones propones o se están llevando a cabo para gestionar el riesgo que se materializó? (Si no aplica colocar N/A) N/A Que acciones propones o se están llevando a cabo para fortalecer los controles? (En el caso de que tener Acciones de mejora / Acciones correctivas en proceso, relacionar el avance. Si tienes acciones específicas a desarrollar en la columna AJ, también relacionar el avance) Por loque estan bien diseñado no hay necesidad de implentar ajustes a controles Se solicita la eliminacion de ver acciones de la columna AJ | AN33: Acción C108: Se 4 servidores, el cual incluye el respaldo extramural y una solución DRP de este falta realizar configuracion y pruebas. Se avanza en el proceso copia extramural en los servicios de backup en la nube de Acronis. http://sifi2.isvimed.gov.co:81/calidadprocesos/verprocesos http://sifi2.isvimed.gov.co:81/system/calidaddocumentos/19603/original/ACCION_DE_OPORTUNIDAD_118.docx | AO33: Se materializó el Riesgo? (Ver evento potencial principal en Columna F. Relacionar detalles de la materialización - que, como, cuando, donde): Los Controles están bien diseñados, se aplican de acuerdo al diseño y son efectivos? (Ver controles en la columna P / Concluir frente a cada control) Que acciones propones o se están llevando a cabo para gestionar el riesgo que se materializó? (Si no aplica colocar N/A) Que acciones propones o se están llevando a cabo para fortalecer los controles? (En el caso de que tener Acciones de mejora / Acciones correctivas en proceso, relacionar el avance. Si tienes acciones específicas a desarrollar en la columna AJ, también relacionar el avance) | AQ33: Se materializó el Riesgo? (Ver evento potencial principal en Columna F. Relacionar detalles de la materialización - que, como, cuando, donde): Los Controles están bien diseñados, se aplican de acuerdo al diseño y son efectivos? (Ver controles en la columna P / Concluir frente a cada control) Que acciones propones o se están llevando a cabo para gestionar el riesgo que se materializó? (Si no aplica colocar N/A) Que acciones propones o se están llevando a cabo para fortalecer los controles? (En el caso de que tener Acciones de mejora / Acciones correctivas en proceso, relacionar el avance. Si tienes acciones específicas a desarrollar en la columna AJ, también relacionar el avance)
O34: 2 | P34: El profesional asignado realiza prueba trimestral del Plan de Recuperación de Desastres. Evidencia: Pantallazos de cargue de información y aplicativos | Q34: =IF(OR(R34="Preventivo",R34="Detectivo"),"Probabilidad",IF(R34="Correctivo","Impacto","")) -> Impacto | R34: Correctivo | S34: Manual | T34: =IF(AND(R34="Preventivo",S34="Automático"),"50%",IF(AND(R34="Preventivo",S34="Manual"),"40%",IF(AND(R34="Detectivo",S34="Automático"),"40%",IF(AND(R34="Detectivo",S34="Manual"),"30%",IF(AND(R34="Correctivo",S34="Automático"),"35%",IF(AND(R34="Correctivo",S34="Manual"),"25%","")))))) -> 25% | U34: Sin Documentar | V34: Continua | W34: Con Registro | X34: Pantallazos de cargue de información y de cargue de aplicativos como evidencias del Plan de recuperación de Desastres. | Y34: =IFERROR(IF(AND(Q33="Probabilidad",Q34="Probabilidad"),(AA33-(+AA33*T34)),IF(Q34="Probabilidad",(K33-(+K33*T34)),IF(Q34="Impacto",AA33,""))),"") -> 0.24 | Z34: =IFERROR(IF(Y34="","",IF(Y34<=0.2,"Muy Baja",IF(Y34<=0.4,"Baja",IF(Y34<=0.6,"Media",IF(Y34<=0.8,"Alta","Muy Alta"))))),"") -> Baja | AA34: =+Y34 -> 0.24 | AB34: =IFERROR(IF(AC34="","",IF(AC34<=0.2,"Leve",IF(AC34<=0.4,"Menor",IF(AC34<=0.6,"Moderado",IF(AC34<=0.8,"Mayor","Catastrófico"))))),"") -> Mayor | AC34: =IFERROR(IF(AND(Q33="Impacto",Q34="Impacto"),(AC33-(+AC33*T34)),IF(Q34="Impacto",(M33-(+M33*T34)),IF(Q34="Probabilidad",AC33,""))),"") -> 0.75
A35: GT8 | B35: Gestionar el sistema de información y las tecnologías del Instituto de manera eficiente, adoptando buenas prácticas y medidas de seguridad adecuadas para propender por la disponibilidad de los servicios e información. | C35: Supervisión de contratos de TI | D35: Posibilidad de efectos dañosos sobre recursos publicos. | E35: Por detrimento patrimonial | F35: Debido a Bienes o servicios de TI inconclusos, infuncionales y/o que no brindan utilidad o beneficio Debido a autorización de pagos que no cumple condiciones pactadas en los contratos de TI | G35: Posibilidad de efectos dañosos sobre recursos publicos por detrimento patrimonial, debido a bienes o servicios de TI inconclusos, infuncionales y/o que no brindan utilidad o beneficio, o por autorización de pagos que no cumple condiciones pactadas en los contratos de TI. | H35: 1. Descripcion de especificaciones tecnicas insuficientes durante la etapa precontractural | I35: Fiscal | J35: Baja | K35: =IF(J35="","",IF(J35="Muy Baja",0.2,IF(J35="Baja",0.4,IF(J35="Media",0.6,IF(J35="Alta",0.8,IF(J35="Muy Alta",1,)))))) -> 0.4 | L35: Mayor | M35: =IF(L35="","",IF(L35="Leve",0.2,IF(L35="Menor",0.4,IF(L35="Moderado",0.6,IF(L35="Mayor",0.8,IF(L35="Catastrófico",1,)))))) -> 0.8 | N35: =IF(OR(AND(J35="Muy Baja",L35="Leve"),AND(J35="Muy Baja",L35="Menor"),AND(J35="Baja",L35="Leve")),"Bajo",IF(OR(AND(J35="Muy Baja",L35="Moderado"),AND(J35="Baja",L35="Menor"),AND(J35="Baja",L35="Moderado"),AND(J35="Media",L35="Leve"),AND(J35="Media",L35="Menor"),AND(J35="Media",L35="Moderado"),AND(J35="Alta",L35="Leve"),AND(J35="Alta",L35="Menor")),"Moderado",IF(OR(AND(J35="Muy Baja",L35="Mayor"),AND(J35="Baja",L35="Mayor"),AND(J35="Media",L35="Mayor"),AND(J35="Alta",L35="Moderado"),AND(J35="Alta",L35="Mayor"),AND(J35="Muy Alta",L35="Leve"),AND(J35="Muy Alta",L35="Menor"),AND(J35="Muy Alta",L35="Moderado"),AND(J35="Muy Alta",L35="Mayor")),"Alto",IF(OR(AND(J35="Muy Baja",L35="Catastrófico"),AND(J35="Baja",L35="Catastrófico"),AND(J35="Media",L35="Catastrófico"),AND(J35="Alta",L35="Catastrófico"),AND(J35="Muy Alta",L35="Catastrófico")),"Extremo","")))) -> Alto | O35: 1 | P35: El profesional de TI establece las especificaciones tecnicas de los productos o servicios a adquirir; revisando paginas de fabricantes y fichas tecnicas de prodcutos; y realiza estudios de mercado que satisfacen tales necesidades. | Q35: =IF(OR(R35="Preventivo",R35="Detectivo"),"Probabilidad",IF(R35="Correctivo","Impacto","")) -> Probabilidad | R35: Preventivo | S35: Manual | T35: =IF(AND(R35="Preventivo",S35="Automático"),"50%",IF(AND(R35="Preventivo",S35="Manual"),"40%",IF(AND(R35="Detectivo",S35="Automático"),"40%",IF(AND(R35="Detectivo",S35="Manual"),"30%",IF(AND(R35="Correctivo",S35="Automático"),"35%",IF(AND(R35="Correctivo",S35="Manual"),"25%","")))))) -> 40% | U35: Documentado | V35: Aleatoria | W35: Con Registro | X35: Fichas tecnicas Estudios Previos | Y35: =IFERROR(IF(Q35="Probabilidad",(K35-(+K35*T35)),IF(Q35="Impacto",K35,"")),"") -> 0.24 | Z35: =IFERROR(IF(Y35="","",IF(Y35<=0.2,"Muy Baja",IF(Y35<=0.4,"Baja",IF(Y35<=0.6,"Media",IF(Y35<=0.8,"Alta","Muy Alta"))))),"") -> Baja | AA35: =+Y35 -> 0.24 | AB35: =IFERROR(IF(AC35="","",IF(AC35<=0.2,"Leve",IF(AC35<=0.4,"Menor",IF(AC35<=0.6,"Moderado",IF(AC35<=0.8,"Mayor","Catastrófico"))))),"") -> Mayor | AC35: =IFERROR(IF(Q35="Impacto",(M35-(+M35*T35)),IF(Q35="Probabilidad",M35,"")),"") -> 0.8 | AD35: =IFERROR(IF(AE35=0,"",IF(AND(AE35>0,AE35<=0.2),"Muy Baja",IF(AE35<=0.4,"Baja",IF(AE35<=0.6,"Media",IF(AE35<=0.8,"Alta","Muy Alta"))))),"") -> Muy Baja | AE35: =MIN(Y35:Y37) -> 0.144 | AF35: =IFERROR(IF(AG35=0,"",IF(AND(AG35>0,AG35<=0.2),"Leve",IF(AG35<=0.4,"Menor",IF(AG35<=0.6,"Moderado",IF(AG35<=0.8,"Mayor","Catastrófico"))))),"") -> Moderado | AG35: =MIN(AC35:AC37) -> 0.6 | AH35: =IFERROR(IF(OR(AND(AD35="Muy Baja",AF35="Leve"),AND(AD35="Muy Baja",AF35="Menor"),AND(AD35="Baja",AF35="Leve")),"Bajo",IF(OR(AND(AD35="Muy Baja",AF35="Moderado"),AND(AD35="Baja",AF35="Menor"),AND(AD35="Baja",AF35="Moderado"),AND(AD35="Media",AF35="Leve"),AND(AD35="Media",AF35="Menor"),AND(AD35="Media",AF35="Moderado"),AND(AD35="Alta",AF35="Leve"),AND(AD35="Alta",AF35="Menor")),"Moderado",IF(OR(AND(AD35="Muy Baja",AF35="Mayor"),AND(AD35="Baja",AF35="Mayor"),AND(AD35="Media",AF35="Mayor"),AND(AD35="Alta",AF35="Moderado"),AND(AD35="Alta",AF35="Mayor"),AND(AD35="Muy Alta",AF35="Leve"),AND(AD35="Muy Alta",AF35="Menor"),AND(AD35="Muy Alta",AF35="Moderado"),AND(AD35="Muy Alta",AF35="Mayor")),"Alto",IF(OR(AND(AD35="Muy Baja",AF35="Catastrófico"),AND(AD35="Baja",AF35="Catastrófico"),AND(AD35="Media",AF35="Catastrófico"),AND(AD35="Alta",AF35="Catastrófico"),AND(AD35="Muy Alta",AF35="Catastrófico")),"Extremo","")))),"") -> Moderado | AK35: Se materializó el Riesgo? (Ver evento potencial principal en Columna F. Relacionar detalles de la materialización - que, como, cuando, donde): El riesgo no se a materializado durante el periodo evaluado Los Controles están bien diseñados, se aplican de acuerdo al diseño y son efectivos? (Ver controles en la columna P / Concluir frente a cada control) Los controles utilizados se encuentran bien diseñados y efectivos. Se resaltan los eventos mas relevantes: Se cuenta con controles para el seguimieto a los contratos, la realización de los pagos y revisión de los informes de pagos. Que acciones propones o se están llevando a cabo para gestionar el riesgo que se materializó? (Si no aplica colocar N/A) N/A Que acciones propones o se están llevando a cabo para fortalecer los controles? (En el caso de que tener Acciones de mejora / Acciones correctivas en proceso, relacionar el avance. Si tienes acciones específicas a desarrollar en la columna AJ, también relacionar el avance) Por loque estan bien diseñado no hay necesidad de implentar ajustes a controles | AL35: En el proceso de supervisión de los contratos se sigue con el lineamiento de la documentación acorde al tipo de contrato. Ejemplo: Para este periodo se sigue con la supervisión: - Contrato # 166-2026 de Sygma -Soporte SIFI. - Contrato Infraestructura enlanube -Contrato Servidores y DRP 602 | AM35: Se materializó el Riesgo? (Ver evento potencial principal en Columna F. Relacionar detalles de la materialización - que, como, cuando, donde): El riesgo no se a materializado durante el periodo evaluado Los Controles están bien diseñados, se aplican de acuerdo al diseño y son efectivos? (Ver controles en la columna P / Concluir frente a cada control) Los controles utilizados se encuentran bien diseñados y efectivos. Se resaltan los eventos mas relevantes: Se cuenta con controles para el seguimieto a los contratos, la realización de los pagos y revisión de los informes de pagos. Que acciones propones o se están llevando a cabo para gestionar el riesgo que se materializó? (Si no aplica colocar N/A) N/A Que acciones propones o se están llevando a cabo para fortalecer los controles? (En el caso de que tener Acciones de mejora / Acciones correctivas en proceso, relacionar el avance. Si tienes acciones específicas a desarrollar en la columna AJ, también relacionar el avance) Por loque estan bien diseñado no hay necesidad de implentar ajustes a controles | AN35: En el proceso de supervisión de los contratos se sigue con el lineamiento de la documentación acorde al tipo de contrato. Ejemplo: Para este periodo se sigue con la supervisión: - Contrato # 166-2026 de Sygma -Soporte SIFI. - Contrato Infraestructura enlanube el cual ya se cerro y se recibio -Contrato Servidores y DRP 602 el cual ya se cerro y se recibio | AO35: Se materializó el Riesgo? (Ver evento potencial principal en Columna F. Relacionar detalles de la materialización - que, como, cuando, donde): Los Controles están bien diseñados, se aplican de acuerdo al diseño y son efectivos? (Ver controles en la columna P / Concluir frente a cada control) Que acciones propones o se están llevando a cabo para gestionar el riesgo que se materializó? (Si no aplica colocar N/A) Que acciones propones o se están llevando a cabo para fortalecer los controles? (En el caso de que tener Acciones de mejora / Acciones correctivas en proceso, relacionar el avance. Si tienes acciones específicas a desarrollar en la columna AJ, también relacionar el avance) | AQ35: Se materializó el Riesgo? (Ver evento potencial principal en Columna F. Relacionar detalles de la materialización - que, como, cuando, donde): Los Controles están bien diseñados, se aplican de acuerdo al diseño y son efectivos? (Ver controles en la columna P / Concluir frente a cada control) Que acciones propones o se están llevando a cabo para gestionar el riesgo que se materializó? (Si no aplica colocar N/A) Que acciones propones o se están llevando a cabo para fortalecer los controles? (En el caso de que tener Acciones de mejora / Acciones correctivas en proceso, relacionar el avance. Si tienes acciones específicas a desarrollar en la columna AJ, también relacionar el avance)
H36: 2. Incumplimiento del contrato por causales imputables al contratista | K36: =IF(J36="","",IF(J36="Muy Baja",0.2,IF(J36="Baja",0.4,IF(J36="Media",0.6,IF(J36="Alta",0.8,IF(J36="Muy Alta",1,)))))) | M36: =IF(L36="","",IF(L36="Leve",0.2,IF(L36="Menor",0.4,IF(L36="Moderado",0.6,IF(L36="Mayor",0.8,IF(L36="Catastrófico",1,)))))) | N36: =IF(OR(AND(J36="Muy Baja",L36="Leve"),AND(J36="Muy Baja",L36="Menor"),AND(J36="Baja",L36="Leve")),"Bajo",IF(OR(AND(J36="Muy Baja",L36="Moderado"),AND(J36="Baja",L36="Menor"),AND(J36="Baja",L36="Moderado"),AND(J36="Media",L36="Leve"),AND(J36="Media",L36="Menor"),AND(J36="Media",L36="Moderado"),AND(J36="Alta",L36="Leve"),AND(J36="Alta",L36="Menor")),"Moderado",IF(OR(AND(J36="Muy Baja",L36="Mayor"),AND(J36="Baja",L36="Mayor"),AND(J36="Media",L36="Mayor"),AND(J36="Alta",L36="Moderado"),AND(J36="Alta",L36="Mayor"),AND(J36="Muy Alta",L36="Leve"),AND(J36="Muy Alta",L36="Menor"),AND(J36="Muy Alta",L36="Moderado"),AND(J36="Muy Alta",L36="Mayor")),"Alto",IF(OR(AND(J36="Muy Baja",L36="Catastrófico"),AND(J36="Baja",L36="Catastrófico"),AND(J36="Media",L36="Catastrófico"),AND(J36="Alta",L36="Catastrófico"),AND(J36="Muy Alta",L36="Catastrófico")),"Extremo","")))) | O36: 2 | P36: El supervisor asignado realiza la reclamación al conratista sobre los bienes y servcios con incumplimientos. En caso que no se subsane se remite el caso a la subdirección juridca para que active el procedimiento admminsitrativo saccionatorio. | Q36: =IF(OR(R36="Preventivo",R36="Detectivo"),"Probabilidad",IF(R36="Correctivo","Impacto","")) -> Impacto | R36: Correctivo | S36: Manual | T36: =IF(AND(R36="Preventivo",S36="Automático"),"50%",IF(AND(R36="Preventivo",S36="Manual"),"40%",IF(AND(R36="Detectivo",S36="Automático"),"40%",IF(AND(R36="Detectivo",S36="Manual"),"30%",IF(AND(R36="Correctivo",S36="Automático"),"35%",IF(AND(R36="Correctivo",S36="Manual"),"25%","")))))) -> 25% | U36: Documentado | V36: Aleatoria | W36: Con Registro | X36: Informe de supervisión y anexos Soporte del procedimiento adminsitrativo sancionatorio | Y36: =IFERROR(IF(AND(Q35="Probabilidad",Q36="Probabilidad"),(AA35-(+AA35*T36)),IF(Q36="Probabilidad",(K35-(+K35*T36)),IF(Q36="Impacto",AA35,""))),"") -> 0.24 | Z36: =IFERROR(IF(Y36="","",IF(Y36<=0.2,"Muy Baja",IF(Y36<=0.4,"Baja",IF(Y36<=0.6,"Media",IF(Y36<=0.8,"Alta","Muy Alta"))))),"") -> Baja | AA36: =+Y36 -> 0.24 | AB36: =IFERROR(IF(AC36="","",IF(AC36<=0.2,"Leve",IF(AC36<=0.4,"Menor",IF(AC36<=0.6,"Moderado",IF(AC36<=0.8,"Mayor","Catastrófico"))))),"") -> Moderado | AC36: =IFERROR(IF(AND(Q35="Impacto",Q36="Impacto"),(AC35-(+AC35*T36)),IF(Q36="Impacto",(M35-(+M35*T36)),IF(Q36="Probabilidad",AC35,""))),"") -> 0.6
H37: 3. Falta de validación de los bienes o servicios entregados versus las especificaciones tecnicas del contrato | K37: =IF(J37="","",IF(J37="Muy Baja",0.2,IF(J37="Baja",0.4,IF(J37="Media",0.6,IF(J37="Alta",0.8,IF(J37="Muy Alta",1,)))))) | M37: =IF(L37="","",IF(L37="Leve",0.2,IF(L37="Menor",0.4,IF(L37="Moderado",0.6,IF(L37="Mayor",0.8,IF(L37="Catastrófico",1,)))))) | N37: =IF(OR(AND(J37="Muy Baja",L37="Leve"),AND(J37="Muy Baja",L37="Menor"),AND(J37="Baja",L37="Leve")),"Bajo",IF(OR(AND(J37="Muy Baja",L37="Moderado"),AND(J37="Baja",L37="Menor"),AND(J37="Baja",L37="Moderado"),AND(J37="Media",L37="Leve"),AND(J37="Media",L37="Menor"),AND(J37="Media",L37="Moderado"),AND(J37="Alta",L37="Leve"),AND(J37="Alta",L37="Menor")),"Moderado",IF(OR(AND(J37="Muy Baja",L37="Mayor"),AND(J37="Baja",L37="Mayor"),AND(J37="Media",L37="Mayor"),AND(J37="Alta",L37="Moderado"),AND(J37="Alta",L37="Mayor"),AND(J37="Muy Alta",L37="Leve"),AND(J37="Muy Alta",L37="Menor"),AND(J37="Muy Alta",L37="Moderado"),AND(J37="Muy Alta",L37="Mayor")),"Alto",IF(OR(AND(J37="Muy Baja",L37="Catastrófico"),AND(J37="Baja",L37="Catastrófico"),AND(J37="Media",L37="Catastrófico"),AND(J37="Alta",L37="Catastrófico"),AND(J37="Muy Alta",L37="Catastrófico")),"Extremo","")))) | O37: 3 | P37: El supervisor asignado verifca los bienes o servicios recibidos/prestados versus especificaciones tecnicas de cada contrato para emitir el respectivo recibo de satistfacción y autorización de pago. En el caso de bienes o servicios adquiridos bajo acuerdo marco de la Tienda virtiual del Estado Colombiano/TVEC se aplican los protocolo establecidos dentro del acuerdo. | Q37: =IF(OR(R37="Preventivo",R37="Detectivo"),"Probabilidad",IF(R37="Correctivo","Impacto","")) -> Probabilidad | R37: Preventivo | S37: Manual | T37: =IF(AND(R37="Preventivo",S37="Automático"),"50%",IF(AND(R37="Preventivo",S37="Manual"),"40%",IF(AND(R37="Detectivo",S37="Automático"),"40%",IF(AND(R37="Detectivo",S37="Manual"),"30%",IF(AND(R37="Correctivo",S37="Automático"),"35%",IF(AND(R37="Correctivo",S37="Manual"),"25%","")))))) -> 40% | U37: Documentado | V37: Aleatoria | W37: Con Registro | X37: El informe de supervición y anexos. Soportes de recepción de acuerdos marco | Y37: =IFERROR(IF(AND(Q36="Probabilidad",Q37="Probabilidad"),(AA36-(+AA36*T37)),IF(AND(Q36="Impacto",Q37="Probabilidad"),(AA35-(+AA35*T37)),IF(Q37="Impacto",AA36,""))),"") -> 0.144 | Z37: =IFERROR(IF(Y37="","",IF(Y37<=0.2,"Muy Baja",IF(Y37<=0.4,"Baja",IF(Y37<=0.6,"Media",IF(Y37<=0.8,"Alta","Muy Alta"))))),"") -> Muy Baja | AA37: =+Y37 -> 0.144 | AB37: =IFERROR(IF(AC37="","",IF(AC37<=0.2,"Leve",IF(AC37<=0.4,"Menor",IF(AC37<=0.6,"Moderado",IF(AC37<=0.8,"Mayor","Catastrófico"))))),"") -> Moderado | AC37: =IFERROR(IF(AND(Q36="Impacto",Q37="Impacto"),(AC36-(+AC36*T37)),IF(AND(Q36="Probabilidad",Q37="Impacto"),(AC35-(+AC35*T37)),IF(Q37="Probabilidad",AC36,""))),"") -> 0.6
A38: EN PROCESO - POR DEFINIR | C38: Corrupción | D38: Posibilidad de afectación económica y reputacional | E38: Pérdida de confianza de la ciudadanía uso de la información para estafar a las familias vulnerables. Procesos judiciales por afectación del derecho de Habeas Data. hallazgos disciplinarios y penales por parte de los entes de control. | F38: debido a la sustracción de la información contenida en las bases de datos institucionales para el beneficio personal o de un tercero | G38: Posibilidad de afectación económica y reputacional reflejada en pérdida de confianza de la ciudadanía, uso de la información para estafar a las familias vulnerables, procesos judiciales por afectación del derecho de Habeas Data y hallazgos disciplinarios y penales por parte de los entes de control. Lo anterior debido a la sustracción de la información contenida en las bases de datos institucionales para el beneficio personal o de un tercero. | H38: No existe control de acceso basado en roles No se retira del directorio activo los perfiles de los funcionarios y contratistas que se desvinculan de la entidad | I38: Integridad Pùblica - Corrupción | J38: Muy Alta | K38: =IF(J38="","",IF(J38="Muy Baja",0.2,IF(J38="Baja",0.4,IF(J38="Media",0.6,IF(J38="Alta",0.8,IF(J38="Muy Alta",1,)))))) -> 1 | L38: Mayor | M38: =IF(L38="","",IF(L38="Leve",0.2,IF(L38="Menor",0.4,IF(L38="Moderado",0.6,IF(L38="Mayor",0.8,IF(L38="Catastrófico",1,)))))) -> 0.8 | N38: =IF(OR(AND(J38="Muy Baja",L38="Leve"),AND(J38="Muy Baja",L38="Menor"),AND(J38="Baja",L38="Leve")),"Bajo",IF(OR(AND(J38="Muy baja",L38="Moderado"),AND(J38="Baja",L38="Menor"),AND(J38="Baja",L38="Moderado"),AND(J38="Media",L38="Leve"),AND(J38="Media",L38="Menor"),AND(J38="Media",L38="Moderado"),AND(J38="Alta",L38="Leve"),AND(J38="Alta",L38="Menor")),"Moderado",IF(OR(AND(J38="Muy Baja",L38="Mayor"),AND(J38="Baja",L38="Mayor"),AND(J38="Media",L38="Mayor"),AND(J38="Alta",L38="Moderado"),AND(J38="Alta",L38="Mayor"),AND(J38="Muy Alta",L38="Leve"),AND(J38="Muy Alta",L38="Menor"),AND(J38="Muy Alta",L38="Moderado"),AND(J38="Muy Alta",L38="Mayor")),"Alto",IF(OR(AND(J38="Muy Baja",L38="Catastrófico"),AND(J38="Baja",L38="Catastrófico"),AND(J38="Media",L38="Catastrófico"),AND(J38="Alta",L38="Catastrófico"),AND(J38="Muy Alta",L38="Catastrófico")),"Extremo","")))) -> Alto | O38: 1 | P38: A.5.15. Control de Acceso Basado en Roles. Se tiene implementado un Directorio Activo, a través del cual se almacena, organiza y controla todo lo que forma parte de la red de computo. Los usuarios se crean de acuerdo a los permisos necesarios solicitados a TI por el Jefe inmediato / supervisor. Estos permisos se configura para todos los sistemas de información institucionales. El profesional asignado realizar la configuración de inicio y fin de un usuario en el Directorio Activo en el caso de contratistas por prestación de servicios. Asi mismo a través de la solicitud de paz y salvo en el caso de servidores públicos se gestiona el retiro en el directorio activo. | Q38: =IF(OR(R38="Preventivo",R38="Detectivo"),"Probabilidad",IF(R38="Correctivo","Impacto","")) -> Probabilidad | R38: Preventivo | S38: Automático | T38: =IF(AND(R38="Preventivo",S38="Automático"),"50%",IF(AND(R38="Preventivo",S38="Manual"),"40%",IF(AND(R38="Detectivo",S38="Automático"),"40%",IF(AND(R38="Detectivo",S38="Manual"),"30%",IF(AND(R38="Correctivo",S38="Automático"),"35%",IF(AND(R38="Correctivo",S38="Manual"),"25%","")))))) -> 50% | U38: Sin Documentar | V38: Siempre que se ejecuta la actividad | W38: Con Registro | X38: solicitud por parte de jefes inmediatos y supervisores a través de la mesa de ayuda. Solicitud de Paz y salvo de TI en la desvinculación / retiro de servidores y contratistas | Y38: =IFERROR(IF(Q38="Probabilidad",(K38-(+K38*T38)),IF(Q38="Impacto",K38,"")),"") -> 0.5 | Z38: =IFERROR(IF(Y38="","",IF(Y38<=0.2,"Muy Baja",IF(Y38<=0.4,"Baja",IF(Y38<=0.6,"Media",IF(Y38<=0.8,"Alta","Muy Alta"))))),"") -> Media | AA38: =+Y38 -> 0.5 | AB38: =IFERROR(IF(AC38="","",IF(AC38<=0.2,"Leve",IF(AC38<=0.4,"Menor",IF(AC38<=0.6,"Moderado",IF(AC38<=0.8,"Mayor","Catastrófico"))))),"") -> Mayor | AC38: =IFERROR(IF(Q38="Impacto",(M38-(+M38*T38)),IF(Q38="Probabilidad",M38,"")),"") -> 0.8 | AD38: =IFERROR(IF(AE38=0,"",IF(AND(AE38>0,AE38<=0.2),"Muy Baja",IF(AE38<=0.4,"Baja",IF(AE38<=0.6,"Media",IF(AE38<=0.8,"Alta","Muy Alta"))))),"") -> Media | AE38: =MIN(Y38:Y39) -> 0.5 | AF38: =IFERROR(IF(AG38=0,"",IF(AND(AG38>0,AG38<=0.2),"Leve",IF(AG38<=0.4,"Menor",IF(AG38<=0.6,"Moderado",IF(AG38<=0.8,"Mayor","Catastrófico"))))),"") -> Mayor | AG38: =MIN(AC38:AC39) -> 0.8 | AH38: =IFERROR(IF(OR(AND(AD38="Muy Baja",AF38="Leve"),AND(AD38="Muy Baja",AF38="Menor"),AND(AD38="Baja",AF38="Leve")),"Bajo",IF(OR(AND(AD38="Muy Baja",AF38="Moderado"),AND(AD38="Baja",AF38="Menor"),AND(AD38="Baja",AF38="Moderado"),AND(AD38="Media",AF38="Leve"),AND(AD38="Media",AF38="Menor"),AND(AD38="Media",AF38="Moderado"),AND(AD38="Alta",AF38="Leve"),AND(AD38="Alta",AF38="Menor")),"Moderado",IF(OR(AND(AD38="Muy Baja",AF38="Mayor"),AND(AD38="Baja",AF38="Mayor"),AND(AD38="Media",AF38="Mayor"),AND(AD38="Alta",AF38="Moderado"),AND(AD38="Alta",AF38="Mayor"),AND(AD38="Muy Alta",AF38="Leve"),AND(AD38="Muy Alta",AF38="Menor"),AND(AD38="Muy Alta",AF38="Moderado"),AND(AD38="Muy Alta",AF38="Mayor")),"Alto",IF(OR(AND(AD38="Muy Baja",AF38="Catastrófico"),AND(AD38="Baja",AF38="Catastrófico"),AND(AD38="Media",AF38="Catastrófico"),AND(AD38="Alta",AF38="Catastrófico"),AND(AD38="Muy Alta",AF38="Catastrófico")),"Extremo","")))),"") -> Alto | AJ38: Evaluar la posiblidad de implementar formato de control de acceso a recursos digitales en cuanto creación, modificación e inactivación | AK38: Se materializó el Riesgo? (Ver evento potencial principal en Columna F. Relacionar detalles de la materialización - que, como, cuando, donde): Los Controles están bien diseñados, se aplican de acuerdo al diseño y son efectivos? (Ver controles en la columna P / Concluir frente a cada control) Que acciones propones o se están llevando a cabo para gestionar el riesgo que se materializó? (Si no aplica colocar N/A) Que acciones propones o se están llevando a cabo para fortalecer los controles? (En el caso de que tener Acciones de mejora / Acciones correctivas en proceso, relacionar el avance. Si tienes acciones específicas a desarrollar en la columna AJ, también relacionar el avance) | AL38: Se materializó el Riesgo? (Ver evento potencial principal en Columna F. Relacionar detalles de la materialización - que, como, cuando, donde): Los Controles están bien diseñados, se aplican de acuerdo al diseño y son efectivos? (Ver controles en la columna P / Concluir frente a cada control) Que acciones propones o se están llevando a cabo para gestionar el riesgo que se materializó? (Si no aplica colocar N/A) Que acciones propones o se están llevando a cabo para fortalecer los controles? (En el caso de que tener Acciones de mejora / Acciones correctivas en proceso, relacionar el avance. Si tienes acciones específicas a desarrollar en la columna AJ, también relacionar el avance) | AM38: Se materializó el Riesgo? (Ver evento potencial principal en Columna F. Relacionar detalles de la materialización - que, como, cuando, donde): Los Controles están bien diseñados, se aplican de acuerdo al diseño y son efectivos? (Ver controles en la columna P / Concluir frente a cada control) Que acciones propones o se están llevando a cabo para gestionar el riesgo que se materializó? (Si no aplica colocar N/A) Que acciones propones o se están llevando a cabo para fortalecer los controles? (En el caso de que tener Acciones de mejora / Acciones correctivas en proceso, relacionar el avance. Si tienes acciones específicas a desarrollar en la columna AJ, también relacionar el avance) | AN38: Se materializó el Riesgo? (Ver evento potencial principal en Columna F. Relacionar detalles de la materialización - que, como, cuando, donde): Los Controles están bien diseñados, se aplican de acuerdo al diseño y son efectivos? (Ver controles en la columna P / Concluir frente a cada control) Que acciones propones o se están llevando a cabo para gestionar el riesgo que se materializó? (Si no aplica colocar N/A) Que acciones propones o se están llevando a cabo para fortalecer los controles? (En el caso de que tener Acciones de mejora / Acciones correctivas en proceso, relacionar el avance. Si tienes acciones específicas a desarrollar en la columna AJ, también relacionar el avance)
H39: Falta de prevención de fuga de datos | O39: 2 | P39: A.8.12. Prevención de fuga de datos A nivel de la suite de microsoft se tiene implementado el control de DLP (por sus siglas en inglés, Data Loss Prevention o Prevención de Pérdida de Datos), Nota 1: Consultar con Carlos Gómez. como está configurado actualmente y como se podría configurar Nota 2: Existe el riesgo de fuga de información en los equipos personales de los contratistas al sincronizar el onedrive con el explorador de archivos o a través de la opción de descarga, así como el uso de software no licenciado, ausencia de antevirus.. Esto se podría controlar de las siguientes maneras: 1. Dotar de equipo corporativos a los contratistas para evitar el uso de ordenadores personales. Ya que en los equipos corporativos se pueden aplicar políticas más restrictivas como bloqueo de puertos usb. 2. De manera contractual acordar restricciones para los equipos personales tales como: Bloqueo de transferencia de archivos a través de puertos usb, adquisición de licenciamiento avanzado, antivirus. Esto tiene costos adicionales y genera resricciones en equipos personales. | Q39: =IF(OR(R39="Preventivo",R39="Detectivo"),"Probabilidad",IF(R39="Correctivo","Impacto","")) | T39: =IF(AND(R39="Preventivo",S39="Automático"),"50%",IF(AND(R39="Preventivo",S39="Manual"),"40%",IF(AND(R39="Detectivo",S39="Automático"),"40%",IF(AND(R39="Detectivo",S39="Manual"),"30%",IF(AND(R39="Correctivo",S39="Automático"),"35%",IF(AND(R39="Correctivo",S39="Manual"),"25%","")))))) | Y39: =IFERROR(IF(AND(Q38="Probabilidad",Q39="Probabilidad"),(AA38-(+AA38*T39)),IF(Q39="Probabilidad",(K38-(+K38*T39)),IF(Q39="Impacto",AA38,""))),"") | Z39: =IFERROR(IF(Y39="","",IF(Y39<=0.2,"Muy Baja",IF(Y39<=0.4,"Baja",IF(Y39<=0.6,"Media",IF(Y39<=0.8,"Alta","Muy Alta"))))),"") | AA39: =+Y39 | AB39: =IFERROR(IF(AC39="","",IF(AC39<=0.2,"Leve",IF(AC39<=0.4,"Menor",IF(AC39<=0.6,"Moderado",IF(AC39<=0.8,"Mayor","Catastrófico"))))),"") | AC39: =IFERROR(IF(AND(Q38="Impacto",Q39="Impacto"),(AC38-(+AC38*T39)),IF(Q39="Impacto",(M55-(+M55*T39)),IF(Q39="Probabilidad",AC38,""))),"")
A41: *Nota: La columna referencia se sugiere para mantener el consecutivo de riesgos, así el riesgo salga del mapa no existirá otro riesgo con el mismo número. Una entidad puede ir en el riesgo 150 pero tener 70 riesgos, lo que permite llevar una traza de los riesgos. Esta información la debe administrar la Oficina Asesora de Planeación o Gerencia de Riesgos.
A45: Fuente: Adaptado de Curso Riesgo Operativo Universidad del Rosario por Dirección de Gestión y Desempeño Institucional de Función Pública, 2020.
C47: CONTROL DE CAMBIOS
C49: Riesgo No. | D49: Fecha Cambio | E49: Descripción del cambio
C50: GT6 | D50: 44846 | E50: Se incluye el control 5 de tipo preventivo que no se había establecido previamente. El cual incluye la siguiente redacción: Se establece como obligación del contratista en los contratos de prestación de servicios profesionales y de apoyo a la gestión la siguiente obligación: "El contratista utilizara software licenciado en los equipos de cómputo que utilice para la prestación del servicio, cualquier riesgo que se derive de utilizar software no licenciado, recae bajo responsabilidad del contratista" El profesional líder de TIC, verifica que esta cláusula este incluida en las minutas de los contratos. lo anterior de manera aleatoria.
C51: GT8 | D51: 45471 | E51: Se incluye el riesgo fiscal relacionado con bienes o servicios de TI inconclusos, infuncionales y/o que no brindan utilidad o beneficio y/o con autorización de pagos que no cumple condiciones pactadas en los contratos de TI
C52: GT7 | D52: 46139 | E52: Se incluyen controles preventivos y correctivos para reducir probabilidad e impacto inherente. Se obtiene como resultado un deplazamiento del riesgo depués de controles hacia una zona de meor criticidad.

Sheet 2.2 RIESGOS SEG INFORMACION
D1: MAPA DE RIESGOS DE PROCESO | AF1: CÓDIGO: F-GM-29
AF2: VERSIÓN: 05
AF3: FECHA: 30/03/2022
AF4: PÁGINA: 3 de 3
A6: PROCESO: | D6: Gestión de TIC | F6: FECHA DE ELABORACIÓN O ACTUALIZACIÓN: | H6: junio de 2024
F7: RESPONSABLE (s) DE ELABORACIÓN O ACTUALIZACIÓN | H7: profesional lider de TIC
A8: OBJETIVO: | D8: Gestionar el sistema de información y las tecnologías del instituto de manera eficiente, segura y confiable, asegurando la disponibilidad de los servicios e información
A9: ALCANCE: | D9: Inicia desde la identificación de las necesidades organizacionales y de los usuarios, termina con el mantenimiento, mejoramiento tecnológico del hardware y software del Instituto.
A11: 4.2. IDENTIFICACION DEL RIESGO | I11: 4.3. EVALUACIÓN DEL RIESGO | AH11: 4.4. TRATAMIENTO DEL RIESGO | AJ11: SEGUIMIENTO TRIMESTRE 1 DE 2026 | AK11: RELACIÓN DE EVIDENCIAS IMPORTANTE:- RELACIONAR LOS ENLACES SOBRE MATERIALIZACION DE RIESGOS Y SOBRE APLICACIÓN DE CONTROLES -LAS EVIDENCIAS SOBRE APLICACIÓN DE CONTROLES SON LAS QUE SE ENCUENTRAN EN LA COLUMNA X - RELACIONARLAS UNA A UNA CON EL ENLACE CORRESPONDIENTE. | AL11: SEGUIMIENTO TRIMESTRE 2 DE 2026 | AM11: RELACIÓN DE EVIDENCIAS IMPORTANTE:- RELACIONAR LOS ENLACES SOBRE MATERIALIZACION DE RIESGOS Y SOBRE APLICACIÓN DE CONTROLES -LAS EVIDENCIAS SOBRE APLICACIÓN DE CONTROLES SON LAS QUE SE ENCUENTRAN EN LA COLUMNA X - RELACIONARLAS UNA A UNA CON EL ENLACE CORRESPONDIENTE. | AN11: SEGUIMIENTO TRIMESTRE 3 DE 2026 | AO11: RELACIÓN DE EVIDENCIAS IMPORTANTE:- RELACIONAR LOS ENLACES SOBRE MATERIALIZACION DE RIESGOS Y SOBRE APLICACIÓN DE CONTROLES -LAS EVIDENCIAS SOBRE APLICACIÓN DE CONTROLES SON LAS QUE SE ENCUENTRAN EN LA COLUMNA X - RELACIONARLAS UNA A UNA CON EL ENLACE CORRESPONDIENTE. | AP11: SEGUIMIENTO TRIMESTRE 4 DE 2026 | AQ11: RELACIÓN DE EVIDENCIAS IMPORTANTE:- RELACIONAR LOS ENLACES SOBRE MATERIALIZACION DE RIESGOS Y SOBRE APLICACIÓN DE CONTROLES -LAS EVIDENCIAS SOBRE APLICACIÓN DE CONTROLES SON LAS QUE SE ENCUENTRAN EN LA COLUMNA X - RELACIONARLAS UNA A UNA CON EL ENLACE CORRESPONDIENTE.
A12: Referencia * | B12: Activo de Información | C12: Tipo de activo | D12: 1. QUE? | E12: 2. COMO SE REFLEJA? | F12: 3. POR QUE? (Evento Potencial Principal) | G12: Descripción del Riesgo (1+2+3) | H12: Clasificación del Riesgo | I12: EVALUACION DE RIESGO INHERENTE | N12: VALORACION DE CONTROLES | AC12: EVALUACION DEL RIESGO RESIDUAL | AH12: Tratamiento | AI12: FORMULAR ACCIONES ESPECIFICAS
I13: Probabilidad Inherente | J13: % | K13: Impacto Inherente | L13: % | M13: Zona de Riesgo Inherente | N13: Control (Anexo A) | O13: Descripción del Control | P13: Afectación | Q13: Atributos | X13: Probabilidad Residual | Y13: Probabilidad Residual | Z13: % | AA13: Impacto Residual | AB13: % | AC13: Probabilidad Residual Final | AD13: % | AE13: Impacto Residual Final | AF13: % | AG13: Zona de Riesgo Final | AI13: VER ACCION #
Q14: Tipo | R14: Implementación | S14: Calificación | T14: Documentación | U14: Frecuencia | V14: Evidencia | W14: Nombre de la evidencia
B15: SRV-HVMED01,SRVCENTRAL,SRV-NASBCK01,SRV-BD_ORACLE | C15: Hardware | D15: Posibilidad de perdida de disponibilidad | E15: Fallo crítico de hardware | F15: Obsolescencia Crítica del Hardware y fallas de componentes (memoria, tarjeta madre, entre otros) fallas en los sistema de aire acondicionado donde se encuentran los servidores | G15: Posibilidad de perdida de disponibilidad por Fallo crítico de hardware debido a Obsolescencia Crítica del Hardware y fallas de componentes (memoria, tarjeta madre, entre otros) y fallas en los sistema de aire acondicionado donde se encuentran los servidores | H15: Seg. de la Información | I15: Muy Alta | J15: =IF(I15="","",IF(I15="Muy Baja",0.2,IF(I15="Baja",0.4,IF(I15="Media",0.6,IF(I15="Alta",0.8,IF(I15="Muy Alta",1,)))))) -> 1 | K15: Mayor | L15: =IF(K15="","",IF(K15="Leve",0.2,IF(K15="Menor",0.4,IF(K15="Moderado",0.6,IF(K15="Mayor",0.8,IF(K15="Catastrófico",1,)))))) -> 0.8 | M15: =IF(OR(AND(I15="Muy Baja",K15="Leve"),AND(I15="Muy Baja",K15="Menor"),AND(I15="Baja",K15="Leve")),"Bajo",IF(OR(AND(I15="Muy baja",K15="Moderado"),AND(I15="Baja",K15="Menor"),AND(I15="Baja",K15="Moderado"),AND(I15="Media",K15="Leve"),AND(I15="Media",K15="Menor"),AND(I15="Media",K15="Moderado"),AND(I15="Alta",K15="Leve"),AND(I15="Alta",K15="Menor")),"Moderado",IF(OR(AND(I15="Muy Baja",K15="Mayor"),AND(I15="Baja",K15="Mayor"),AND(I15="Media",K15="Mayor"),AND(I15="Alta",K15="Moderado"),AND(I15="Alta",K15="Mayor"),AND(I15="Muy Alta",K15="Leve"),AND(I15="Muy Alta",K15="Menor"),AND(I15="Muy Alta",K15="Moderado"),AND(I15="Muy Alta",K15="Mayor")),"Alto",IF(OR(AND(I15="Muy Baja",K15="Catastrófico"),AND(I15="Baja",K15="Catastrófico"),AND(I15="Media",K15="Catastrófico"),AND(I15="Alta",K15="Catastrófico"),AND(I15="Muy Alta",K15="Catastrófico")),"Extremo","")))) -> Alto | N15: 7.13. | O15: Mantenimiento de equipo. El líder de técnologia debe priorizar la inversión para la renovación del hardware crítico. Asi mismo, implementa el plan de mantenimiento de sistemas de información para diagnosticar y retirar el equipo obsoleto. los equipos deben ser actualizados cada 5 años. El profesional asignado verifica que los equipos obsoletos sean retirados y entregados al almacen. De igual manera registra el diagnóstico final justificando el retiro del equipo en el módulo de inventarios de SIFI. | P15: =IF(OR(Q15="Preventivo",Q15="Detectivo"),"Probabilidad",IF(Q15="Correctivo","Impacto","")) -> Probabilidad | Q15: Preventivo | R15: Manual | S15: =IF(AND(Q15="Preventivo",R15="Automático"),"50%",IF(AND(Q15="Preventivo",R15="Manual"),"40%",IF(AND(Q15="Detectivo",R15="Automático"),"40%",IF(AND(Q15="Detectivo",R15="Manual"),"30%",IF(AND(Q15="Correctivo",R15="Automático"),"35%",IF(AND(Q15="Correctivo",R15="Manual"),"25%","")))))) -> 40% | T15: Documentado | U15: Mensual | V15: Con Registro | W15: Registro de diagnóstico para retiro de equipo en el módulo de inventarios de SIFI. | X15: =IFERROR(IF(P15="Probabilidad",(J15-(+J15*S15)),IF(P15="Impacto",J15,"")),"") -> 0.6 | Y15: =IFERROR(IF(X15="","",IF(X15<=0.2,"Muy Baja",IF(X15<=0.4,"Baja",IF(X15<=0.6,"Media",IF(X15<=0.8,"Alta","Muy Alta"))))),"") -> Media | Z15: =+X15 -> 0.6 | AA15: =IFERROR(IF(AB15="","",IF(AB15<=0.2,"Leve",IF(AB15<=0.4,"Menor",IF(AB15<=0.6,"Moderado",IF(AB15<=0.8,"Mayor","Catastrófico"))))),"") -> Mayor | AB15: =IFERROR(IF(P15="Impacto",(L15-(+L15*S15)),IF(P15="Probabilidad",L15,"")),"") -> 0.8 | AC15: =IFERROR(IF(AD15=0,"",IF(AND(AD15>0,AD15<=0.2),"Muy Baja",IF(AD15<=0.4,"Baja",IF(AD15<=0.6,"Media",IF(AD15<=0.8,"Alta","Muy Alta"))))),"") -> Media | AD15: =MIN(X15:X16) -> 0.42 | AE15: =IFERROR(IF(AF15=0,"",IF(AND(AF15>0,AF15<=0.2),"Leve",IF(AF15<=0.4,"Menor",IF(AF15<=0.6,"Moderado",IF(AF15<=0.8,"Mayor","Catastrófico"))))),"") -> Mayor | AF15: =MIN(AB15:AB16) -> 0.8 | AG15: =IFERROR(IF(OR(AND(AC15="Muy Baja",AE15="Leve"),AND(AC15="Muy Baja",AE15="Menor"),AND(AC15="Baja",AE15="Leve")),"Bajo",IF(OR(AND(AC15="Muy Baja",AE15="Moderado"),AND(AC15="Baja",AE15="Menor"),AND(AC15="Baja",AE15="Moderado"),AND(AC15="Media",AE15="Leve"),AND(AC15="Media",AE15="Menor"),AND(AC15="Media",AE15="Moderado"),AND(AC15="Alta",AE15="Leve"),AND(AC15="Alta",AE15="Menor")),"Moderado",IF(OR(AND(AC15="Muy Baja",AE15="Mayor"),AND(AC15="Baja",AE15="Mayor"),AND(AC15="Media",AE15="Mayor"),AND(AC15="Alta",AE15="Moderado"),AND(AC15="Alta",AE15="Mayor"),AND(AC15="Muy Alta",AE15="Leve"),AND(AC15="Muy Alta",AE15="Menor"),AND(AC15="Muy Alta",AE15="Moderado"),AND(AC15="Muy Alta",AE15="Mayor")),"Alto",IF(OR(AND(AC15="Muy Baja",AE15="Catastrófico"),AND(AC15="Baja",AE15="Catastrófico"),AND(AC15="Media",AE15="Catastrófico"),AND(AC15="Alta",AE15="Catastrófico"),AND(AC15="Muy Alta",AE15="Catastrófico")),"Extremo","")))),"") -> Alto | AH15: Reducir (mitigar)
N16: 7.5 | O16: Protección contra amenazas físicas y ambientales. El profesional asignado verifica los datos de temperatura y humedad de los cuartos en donde se ubican los servidores tanto en Megacentro como en Velódromo. En caso de que los datos esten por fuera de los rangos establecidos se reporta al lider de Tecnología para que gestione los correctivos correspondientes. | P16: =IF(OR(Q16="Preventivo",Q16="Detectivo"),"Probabilidad",IF(Q16="Correctivo","Impacto","")) -> Probabilidad | Q16: Detectivo | R16: Manual | S16: =IF(AND(Q16="Preventivo",R16="Automático"),"50%",IF(AND(Q16="Preventivo",R16="Manual"),"40%",IF(AND(Q16="Detectivo",R16="Automático"),"40%",IF(AND(Q16="Detectivo",R16="Manual"),"30%",IF(AND(Q16="Correctivo",R16="Automático"),"35%",IF(AND(Q16="Correctivo",R16="Manual"),"25%","")))))) -> 30% | T16: Sin Documentar | U16: Mensual | V16: Con Registro | W16: formato Registro para el control de factores ambientales, F-GT-02. Correos electrónicos de notificación en caso de datos por fuera de rango. | X16: =IFERROR(IF(AND(P15="Probabilidad",P16="Probabilidad"),(Z15-(+Z15*S16)),IF(P16="Probabilidad",(J15-(+J15*S16)),IF(P16="Impacto",Z15,""))),"") -> 0.42 | Y16: =IFERROR(IF(X16="","",IF(X16<=0.2,"Muy Baja",IF(X16<=0.4,"Baja",IF(X16<=0.6,"Media",IF(X16<=0.8,"Alta","Muy Alta"))))),"") -> Media | Z16: =+X16 -> 0.42 | AA16: =IFERROR(IF(AB16="","",IF(AB16<=0.2,"Leve",IF(AB16<=0.4,"Menor",IF(AB16<=0.6,"Moderado",IF(AB16<=0.8,"Mayor","Catastrófico"))))),"") -> Mayor | AB16: =IFERROR(IF(AND(P15="Impacto",P16="Impacto"),(AB15-(+AB15*S16)),IF(P16="Impacto",(L35-(+L35*S16)),IF(P16="Probabilidad",AB15,""))),"") -> 0.8
B17: SRV-HVMED01,SRVCENTRAL,SRV-NASBCK01,SRV-BD_ORACLE | C17: Hardware | D17: Posibilidad de Pérdida de Confidencialidad | E17: Uso no autorizado del equipo que deriva en pérdida o robo de información | F17: acceso de personal no autorizado al area de servidores | G17: Posibilidad de pérdida de confidencialidad por uso no autorizado del equipo que deriva en pérdida o robo de información, a causa de acceso de personal no autorizado al area de servidores | H17: Seg. de la Información | I17: Muy Alta | J17: =IF(I17="","",IF(I17="Muy Baja",0.2,IF(I17="Baja",0.4,IF(I17="Media",0.6,IF(I17="Alta",0.8,IF(I17="Muy Alta",1,)))))) -> 1 | K17: Mayor | L17: =IF(K17="","",IF(K17="Leve",0.2,IF(K17="Menor",0.4,IF(K17="Moderado",0.6,IF(K17="Mayor",0.8,IF(K17="Catastrófico",1,)))))) -> 0.8 | M17: =IF(OR(AND(I17="Muy Baja",K17="Leve"),AND(I17="Muy Baja",K17="Menor"),AND(I17="Baja",K17="Leve")),"Bajo",IF(OR(AND(I17="Muy baja",K17="Moderado"),AND(I17="Baja",K17="Menor"),AND(I17="Baja",K17="Moderado"),AND(I17="Media",K17="Leve"),AND(I17="Media",K17="Menor"),AND(I17="Media",K17="Moderado"),AND(I17="Alta",K17="Leve"),AND(I17="Alta",K17="Menor")),"Moderado",IF(OR(AND(I17="Muy Baja",K17="Mayor"),AND(I17="Baja",K17="Mayor"),AND(I17="Media",K17="Mayor"),AND(I17="Alta",K17="Moderado"),AND(I17="Alta",K17="Mayor"),AND(I17="Muy Alta",K17="Leve"),AND(I17="Muy Alta",K17="Menor"),AND(I17="Muy Alta",K17="Moderado"),AND(I17="Muy Alta",K17="Mayor")),"Alto",IF(OR(AND(I17="Muy Baja",K17="Catastrófico"),AND(I17="Baja",K17="Catastrófico"),AND(I17="Media",K17="Catastrófico"),AND(I17="Alta",K17="Catastrófico"),AND(I17="Muy Alta",K17="Catastrófico")),"Extremo","")))) -> Alto | N17: 7.4 | O17: Monitoreo de seguridad física Por desarrollar: El lider de Tecnología debe de establecer un protocolo de acompañamiento obligatorio y registro para personal externo en el área de servidores, complementado con monitoreo continuo de acceso. | P17: =IF(OR(Q17="Preventivo",Q17="Detectivo"),"Probabilidad",IF(Q17="Correctivo","Impacto","")) | Q17: N/A | R17: N/A | S17: =IF(AND(Q17="Preventivo",R17="Automático"),"50%",IF(AND(Q17="Preventivo",R17="Manual"),"40%",IF(AND(Q17="Detectivo",R17="Automático"),"40%",IF(AND(Q17="Detectivo",R17="Manual"),"30%",IF(AND(Q17="Correctivo",R17="Automático"),"35%",IF(AND(Q17="Correctivo",R17="Manual"),"25%","")))))) | T17: Sin Documentar | U17: Mensual | V17: Con Registro | W17: Ficha Ingreso Servidores | X17: =J17 -> 1 | Y17: =IFERROR(IF(X17="","",IF(X17<=0.2,"Muy Baja",IF(X17<=0.4,"Baja",IF(X17<=0.6,"Media",IF(X17<=0.8,"Alta","Muy Alta"))))),"") -> Muy Alta | Z17: =+X17 -> 1 | AA17: =IFERROR(IF(AB17="","",IF(AB17<=0.2,"Leve",IF(AB17<=0.4,"Menor",IF(AB17<=0.6,"Moderado",IF(AB17<=0.8,"Mayor","Catastrófico"))))),"") -> Mayor | AB17: =L17 -> 0.8 | AC17: =IFERROR(IF(AD17=0,"",IF(AND(AD17>0,AD17<=0.2),"Muy Baja",IF(AD17<=0.4,"Baja",IF(AD17<=0.6,"Media",IF(AD17<=0.8,"Alta","Muy Alta"))))),"") -> Muy Alta | AD17: =MIN(X17:X17) -> 1 | AE17: =IFERROR(IF(AF17=0,"",IF(AND(AF17>0,AF17<=0.2),"Leve",IF(AF17<=0.4,"Menor",IF(AF17<=0.6,"Moderado",IF(AF17<=0.8,"Mayor","Catastrófico"))))),"") -> Mayor | AF17: =MIN(AB17:AB17) -> 0.8 | AG17: =IFERROR(IF(OR(AND(AC17="Muy Baja",AE17="Leve"),AND(AC17="Muy Baja",AE17="Menor"),AND(AC17="Baja",AE17="Leve")),"Bajo",IF(OR(AND(AC17="Muy Baja",AE17="Moderado"),AND(AC17="Baja",AE17="Menor"),AND(AC17="Baja",AE17="Moderado"),AND(AC17="Media",AE17="Leve"),AND(AC17="Media",AE17="Menor"),AND(AC17="Media",AE17="Moderado"),AND(AC17="Alta",AE17="Leve"),AND(AC17="Alta",AE17="Menor")),"Moderado",IF(OR(AND(AC17="Muy Baja",AE17="Mayor"),AND(AC17="Baja",AE17="Mayor"),AND(AC17="Media",AE17="Mayor"),AND(AC17="Alta",AE17="Moderado"),AND(AC17="Alta",AE17="Mayor"),AND(AC17="Muy Alta",AE17="Leve"),AND(AC17="Muy Alta",AE17="Menor"),AND(AC17="Muy Alta",AE17="Moderado"),AND(AC17="Muy Alta",AE17="Mayor")),"Alto",IF(OR(AND(AC17="Muy Baja",AE17="Catastrófico"),AND(AC17="Baja",AE17="Catastrófico"),AND(AC17="Media",AE17="Catastrófico"),AND(AC17="Alta",AE17="Catastrófico"),AND(AC17="Muy Alta",AE17="Catastrófico")),"Extremo","")))),"") -> Alto | AH17: Reducir (mitigar) | AI17: Estructurar Ficha Ingreso Servidores, relacionarlo a un documento que establezca lineamientos de TI y oficiliazarlo ante calidad. Esta formato se estará aplicando a partir de julio de 2026
B18: SRV-DCMED01, SRV-O365MED01 | C18: Hardware | D18: Posibilidad de pérdida de integridad | E18: Explotación de vulnerabilidad crítica de Active Directory/O365 o Compromiso de Cuentas/Delegación de Servicio. | F18: Falla de Seguridad Lógica de Active Directory/Ausencia de Parches Críticos y Credenciales expuestas. | G18: Posibilidad de perdida de integridad por Explotación de vulnerabilidad crítica de Active Directory/O365 o Compromiso de Cuentas/Delegación de Servicio a causa de Falla de Seguridad Lógica de Active Directory/Ausencia de Parches Críticos y Credenciales expuestas. | H18: Seg. de la Información | I18: Muy Alta | J18: =IF(I18="","",IF(I18="Muy Baja",0.2,IF(I18="Baja",0.4,IF(I18="Media",0.6,IF(I18="Alta",0.8,IF(I18="Muy Alta",1,)))))) -> 1 | K18: Mayor | L18: =IF(K18="","",IF(K18="Leve",0.2,IF(K18="Menor",0.4,IF(K18="Moderado",0.6,IF(K18="Mayor",0.8,IF(K18="Catastrófico",1,)))))) -> 0.8 | M18: =IF(OR(AND(I18="Muy Baja",K18="Leve"),AND(I18="Muy Baja",K18="Menor"),AND(I18="Baja",K18="Leve")),"Bajo",IF(OR(AND(I18="Muy baja",K18="Moderado"),AND(I18="Baja",K18="Menor"),AND(I18="Baja",K18="Moderado"),AND(I18="Media",K18="Leve"),AND(I18="Media",K18="Menor"),AND(I18="Media",K18="Moderado"),AND(I18="Alta",K18="Leve"),AND(I18="Alta",K18="Menor")),"Moderado",IF(OR(AND(I18="Muy Baja",K18="Mayor"),AND(I18="Baja",K18="Mayor"),AND(I18="Media",K18="Mayor"),AND(I18="Alta",K18="Moderado"),AND(I18="Alta",K18="Mayor"),AND(I18="Muy Alta",K18="Leve"),AND(I18="Muy Alta",K18="Menor"),AND(I18="Muy Alta",K18="Moderado"),AND(I18="Muy Alta",K18="Mayor")),"Alto",IF(OR(AND(I18="Muy Baja",K18="Catastrófico"),AND(I18="Baja",K18="Catastrófico"),AND(I18="Media",K18="Catastrófico"),AND(I18="Alta",K18="Catastrófico"),AND(I18="Muy Alta",K18="Catastrófico")),"Extremo","")))) -> Alto | N18: 8.8 | O18: Gestión de vulnerabilidades técnicas La entidad cuenta con antivirus y firewall(sophos), el cual realiza escaneos periodicos. El profesional encargado verifica que los parches de seguridad por parte del fabricante se ejecuten. Se debe de implementar politicas para backup que resguarden la configuracion del directorio activo. | P18: =IF(OR(Q18="Preventivo",Q18="Detectivo"),"Probabilidad",IF(Q18="Correctivo","Impacto","")) -> Probabilidad | Q18: Detectivo | R18: Manual | S18: =IF(AND(Q18="Preventivo",R18="Automático"),"50%",IF(AND(Q18="Preventivo",R18="Manual"),"40%",IF(AND(Q18="Detectivo",R18="Automático"),"40%",IF(AND(Q18="Detectivo",R18="Manual"),"30%",IF(AND(Q18="Correctivo",R18="Automático"),"35%",IF(AND(Q18="Correctivo",R18="Manual"),"25%","")))))) -> 30% | T18: Sin Documentar | U18: Mensual | V18: Con Registro | W18: Backup del directorio activo en la nube | X18: =IFERROR(IF(P18="Probabilidad",(J18-(+J18*S18)),IF(P18="Impacto",J18,"")),"") -> 0.7 | Y18: =IFERROR(IF(X18="","",IF(X18<=0.2,"Muy Baja",IF(X18<=0.4,"Baja",IF(X18<=0.6,"Media",IF(X18<=0.8,"Alta","Muy Alta"))))),"") -> Alta | Z18: =+X18 -> 0.7 | AA18: =IFERROR(IF(AB18="","",IF(AB18<=0.2,"Leve",IF(AB18<=0.4,"Menor",IF(AB18<=0.6,"Moderado",IF(AB18<=0.8,"Mayor","Catastrófico"))))),"") -> Mayor | AB18: =IFERROR(IF(P18="Impacto",(L18-(+L18*S18)),IF(P18="Probabilidad",L18,"")),"") -> 0.8 | AC18: =IFERROR(IF(AD18=0,"",IF(AND(AD18>0,AD18<=0.2),"Muy Baja",IF(AD18<=0.4,"Baja",IF(AD18<=0.6,"Media",IF(AD18<=0.8,"Alta","Muy Alta"))))),"") -> Alta | AD18: =MIN(X18:X18) -> 0.7 | AE18: =IFERROR(IF(AF18=0,"",IF(AND(AF18>0,AF18<=0.2),"Leve",IF(AF18<=0.4,"Menor",IF(AF18<=0.6,"Moderado",IF(AF18<=0.8,"Mayor","Catastrófico"))))),"") -> Mayor | AF18: =MIN(AB18:AB18) -> 0.8 | AG18: =IFERROR(IF(OR(AND(AC18="Muy Baja",AE18="Leve"),AND(AC18="Muy Baja",AE18="Menor"),AND(AC18="Baja",AE18="Leve")),"Bajo",IF(OR(AND(AC18="Muy Baja",AE18="Moderado"),AND(AC18="Baja",AE18="Menor"),AND(AC18="Baja",AE18="Moderado"),AND(AC18="Media",AE18="Leve"),AND(AC18="Media",AE18="Menor"),AND(AC18="Media",AE18="Moderado"),AND(AC18="Alta",AE18="Leve"),AND(AC18="Alta",AE18="Menor")),"Moderado",IF(OR(AND(AC18="Muy Baja",AE18="Mayor"),AND(AC18="Baja",AE18="Mayor"),AND(AC18="Media",AE18="Mayor"),AND(AC18="Alta",AE18="Moderado"),AND(AC18="Alta",AE18="Mayor"),AND(AC18="Muy Alta",AE18="Leve"),AND(AC18="Muy Alta",AE18="Menor"),AND(AC18="Muy Alta",AE18="Moderado"),AND(AC18="Muy Alta",AE18="Mayor")),"Alto",IF(OR(AND(AC18="Muy Baja",AE18="Catastrófico"),AND(AC18="Baja",AE18="Catastrófico"),AND(AC18="Media",AE18="Catastrófico"),AND(AC18="Alta",AE18="Catastrófico"),AND(AC18="Muy Alta",AE18="Catastrófico")),"Extremo","")))),"") -> Alto | AH18: Reducir (mitigar)
B19: SRV-FSMED01, SRV-PTMED01, SRV-DNSMED01 | C19: Hardware | D19: Posibilidad de pérdida de integridad | E19: Ataque de Ransomware/Malware, Sabotaje Lógico, o Explotación de vulnerabilidad/Acceso no autorizado. | F19: Ausencia de Parches/Antimalware, Controles de Acceso Estrictos débiles y Credenciales Débiles o por Defecto. | G19: Posibilidad de perdida de integridad por Ataque de Ransomware/Malware, Sabotaje Lógico, o Explotación de vulnerabilidad/Acceso no autorizado a causa de Ausencia de Parches/Antimalware, Controles de Acceso Estrictos débiles y Credenciales Débiles o por Defecto. | H19: Seg. de la Información | I19: Muy Alta | J19: =IF(I19="","",IF(I19="Muy Baja",0.2,IF(I19="Baja",0.4,IF(I19="Media",0.6,IF(I19="Alta",0.8,IF(I19="Muy Alta",1,)))))) -> 1 | K19: Moderado | L19: =IF(K19="","",IF(K19="Leve",0.2,IF(K19="Menor",0.4,IF(K19="Moderado",0.6,IF(K19="Mayor",0.8,IF(K19="Catastrófico",1,)))))) -> 0.6 | M19: =IF(OR(AND(I19="Muy Baja",K19="Leve"),AND(I19="Muy Baja",K19="Menor"),AND(I19="Baja",K19="Leve")),"Bajo",IF(OR(AND(I19="Muy baja",K19="Moderado"),AND(I19="Baja",K19="Menor"),AND(I19="Baja",K19="Moderado"),AND(I19="Media",K19="Leve"),AND(I19="Media",K19="Menor"),AND(I19="Media",K19="Moderado"),AND(I19="Alta",K19="Leve"),AND(I19="Alta",K19="Menor")),"Moderado",IF(OR(AND(I19="Muy Baja",K19="Mayor"),AND(I19="Baja",K19="Mayor"),AND(I19="Media",K19="Mayor"),AND(I19="Alta",K19="Moderado"),AND(I19="Alta",K19="Mayor"),AND(I19="Muy Alta",K19="Leve"),AND(I19="Muy Alta",K19="Menor"),AND(I19="Muy Alta",K19="Moderado"),AND(I19="Muy Alta",K19="Mayor")),"Alto",IF(OR(AND(I19="Muy Baja",K19="Catastrófico"),AND(I19="Baja",K19="Catastrófico"),AND(I19="Media",K19="Catastrófico"),AND(I19="Alta",K19="Catastrófico"),AND(I19="Muy Alta",K19="Catastrófico")),"Extremo","")))) -> Alto | N19: 8.7 | O19: Protección contra malware El líder de Tecnología y de Seguridad de la Información verifica, realiza seguimiento y monitorea el despliegue de una solución antimalware centralizada con protección proactiva y actualizaciones automáticas de firmas en los servidores, validando su correcta ejecución y funcionamiento continuo. | P19: =IF(OR(Q19="Preventivo",Q19="Detectivo"),"Probabilidad",IF(Q19="Correctivo","Impacto","")) -> Probabilidad | Q19: Detectivo | R19: Manual | S19: =IF(AND(Q19="Preventivo",R19="Automático"),"50%",IF(AND(Q19="Preventivo",R19="Manual"),"40%",IF(AND(Q19="Detectivo",R19="Automático"),"40%",IF(AND(Q19="Detectivo",R19="Manual"),"30%",IF(AND(Q19="Correctivo",R19="Automático"),"35%",IF(AND(Q19="Correctivo",R19="Manual"),"25%","")))))) -> 30% | T19: Sin Documentar | U19: Mensual | V19: Con Registro | W19: Backup del sophos en la nube | X19: =IFERROR(IF(P19="Probabilidad",(J19-(+J19*S19)),IF(P19="Impacto",J19,"")),"") -> 0.7 | Y19: =IFERROR(IF(X19="","",IF(X19<=0.2,"Muy Baja",IF(X19<=0.4,"Baja",IF(X19<=0.6,"Media",IF(X19<=0.8,"Alta","Muy Alta"))))),"") -> Alta | Z19: =+X19 -> 0.7 | AA19: =IFERROR(IF(AB19="","",IF(AB19<=0.2,"Leve",IF(AB19<=0.4,"Menor",IF(AB19<=0.6,"Moderado",IF(AB19<=0.8,"Mayor","Catastrófico"))))),"") -> Moderado | AB19: =IFERROR(IF(P19="Impacto",(L19-(+L19*S19)),IF(P19="Probabilidad",L19,"")),"") -> 0.6 | AC19: =IFERROR(IF(AD19=0,"",IF(AND(AD19>0,AD19<=0.2),"Muy Baja",IF(AD19<=0.4,"Baja",IF(AD19<=0.6,"Media",IF(AD19<=0.8,"Alta","Muy Alta"))))),"") -> Alta | AD19: =MIN(X19:X19) -> 0.7 | AE19: =IFERROR(IF(AF19=0,"",IF(AND(AF19>0,AF19<=0.2),"Leve",IF(AF19<=0.4,"Menor",IF(AF19<=0.6,"Moderado",IF(AF19<=0.8,"Mayor","Catastrófico"))))),"") -> Moderado | AF19: =MIN(AB19:AB19) -> 0.6 | AG19: =IFERROR(IF(OR(AND(AC19="Muy Baja",AE19="Leve"),AND(AC19="Muy Baja",AE19="Menor"),AND(AC19="Baja",AE19="Leve")),"Bajo",IF(OR(AND(AC19="Muy Baja",AE19="Moderado"),AND(AC19="Baja",AE19="Menor"),AND(AC19="Baja",AE19="Moderado"),AND(AC19="Media",AE19="Leve"),AND(AC19="Media",AE19="Menor"),AND(AC19="Media",AE19="Moderado"),AND(AC19="Alta",AE19="Leve"),AND(AC19="Alta",AE19="Menor")),"Moderado",IF(OR(AND(AC19="Muy Baja",AE19="Mayor"),AND(AC19="Baja",AE19="Mayor"),AND(AC19="Media",AE19="Mayor"),AND(AC19="Alta",AE19="Moderado"),AND(AC19="Alta",AE19="Mayor"),AND(AC19="Muy Alta",AE19="Leve"),AND(AC19="Muy Alta",AE19="Menor"),AND(AC19="Muy Alta",AE19="Moderado"),AND(AC19="Muy Alta",AE19="Mayor")),"Alto",IF(OR(AND(AC19="Muy Baja",AE19="Catastrófico"),AND(AC19="Baja",AE19="Catastrófico"),AND(AC19="Media",AE19="Catastrófico"),AND(AC19="Alta",AE19="Catastrófico"),AND(AC19="Muy Alta",AE19="Catastrófico")),"Extremo","")))),"") -> Alto | AH19: Reducir (mitigar)
B20: SRV-SIFIMED01, SRV-SIFIMED02 | C20: Hardware | D20: Posibilidad de pérdida de disponibilidad | E20: Explotación de vulnerabilidades del código/plataforma R&R o Ataque de Inyección (SQL/Comando). | F20: Falta de aplicación de parches/Habilidades de Seguridad débiles en el código fuente/Falta de Pruebas de Seguridad. | G20: Posibilidad de perdida de disponibilidad por Explotación de vulnerabilidades del código/plataforma R&R o Ataque de Inyección (SQL/Comando) a causa de Falta de aplicación de parches/Habilidades de Seguridad débiles en el código fuente/Falta de Pruebas de Seguridad. | H20: Seg. de la Información | I20: Muy Alta | J20: =IF(I20="","",IF(I20="Muy Baja",0.2,IF(I20="Baja",0.4,IF(I20="Media",0.6,IF(I20="Alta",0.8,IF(I20="Muy Alta",1,)))))) -> 1 | K20: Moderado | L20: =IF(K20="","",IF(K20="Leve",0.2,IF(K20="Menor",0.4,IF(K20="Moderado",0.6,IF(K20="Mayor",0.8,IF(K20="Catastrófico",1,)))))) -> 0.6 | M20: =IF(OR(AND(I20="Muy Baja",K20="Leve"),AND(I20="Muy Baja",K20="Menor"),AND(I20="Baja",K20="Leve")),"Bajo",IF(OR(AND(I20="Muy baja",K20="Moderado"),AND(I20="Baja",K20="Menor"),AND(I20="Baja",K20="Moderado"),AND(I20="Media",K20="Leve"),AND(I20="Media",K20="Menor"),AND(I20="Media",K20="Moderado"),AND(I20="Alta",K20="Leve"),AND(I20="Alta",K20="Menor")),"Moderado",IF(OR(AND(I20="Muy Baja",K20="Mayor"),AND(I20="Baja",K20="Mayor"),AND(I20="Media",K20="Mayor"),AND(I20="Alta",K20="Moderado"),AND(I20="Alta",K20="Mayor"),AND(I20="Muy Alta",K20="Leve"),AND(I20="Muy Alta",K20="Menor"),AND(I20="Muy Alta",K20="Moderado"),AND(I20="Muy Alta",K20="Mayor")),"Alto",IF(OR(AND(I20="Muy Baja",K20="Catastrófico"),AND(I20="Baja",K20="Catastrófico"),AND(I20="Media",K20="Catastrófico"),AND(I20="Alta",K20="Catastrófico"),AND(I20="Muy Alta",K20="Catastrófico")),"Extremo","")))) -> Alto | N20: 8.25 | O20: Ciclo de vida de desarrollo seguro El líder de técnologia y del proceso Desarrollo de Software integran la seguridad en el desarrollo (S-SDLC(Ciclo de Vida de Desarrollo de Software Seguro)), incluyendo capacitación en código seguro y pruebas de penetración antes de la producción. | P20: =IF(OR(Q20="Preventivo",Q20="Detectivo"),"Probabilidad",IF(Q20="Correctivo","Impacto","")) -> Probabilidad | Q20: Detectivo | R20: Manual | S20: =IF(AND(Q20="Preventivo",R20="Automático"),"50%",IF(AND(Q20="Preventivo",R20="Manual"),"40%",IF(AND(Q20="Detectivo",R20="Automático"),"40%",IF(AND(Q20="Detectivo",R20="Manual"),"30%",IF(AND(Q20="Correctivo",R20="Automático"),"35%",IF(AND(Q20="Correctivo",R20="Manual"),"25%","")))))) -> 30% | T20: Sin Documentar | U20: Mensual | V20: Con Registro | W20: Backup del SIFI en la nube | X20: =IFERROR(IF(P20="Probabilidad",(J20-(+J20*S20)),IF(P20="Impacto",J20,"")),"") -> 0.7 | Y20: =IFERROR(IF(X20="","",IF(X20<=0.2,"Muy Baja",IF(X20<=0.4,"Baja",IF(X20<=0.6,"Media",IF(X20<=0.8,"Alta","Muy Alta"))))),"") -> Alta | Z20: =+X20 -> 0.7 | AA20: =IFERROR(IF(AB20="","",IF(AB20<=0.2,"Leve",IF(AB20<=0.4,"Menor",IF(AB20<=0.6,"Moderado",IF(AB20<=0.8,"Mayor","Catastrófico"))))),"") -> Moderado | AB20: =IFERROR(IF(P20="Impacto",(L20-(+L20*S20)),IF(P20="Probabilidad",L20,"")),"") -> 0.6 | AC20: =IFERROR(IF(AD20=0,"",IF(AND(AD20>0,AD20<=0.2),"Muy Baja",IF(AD20<=0.4,"Baja",IF(AD20<=0.6,"Media",IF(AD20<=0.8,"Alta","Muy Alta"))))),"") -> Alta | AD20: =MIN(X20:X20) -> 0.7 | AE20: =IFERROR(IF(AF20=0,"",IF(AND(AF20>0,AF20<=0.2),"Leve",IF(AF20<=0.4,"Menor",IF(AF20<=0.6,"Moderado",IF(AF20<=0.8,"Mayor","Catastrófico"))))),"") -> Moderado | AF20: =MIN(AB20:AB20) -> 0.6 | AG20: =IFERROR(IF(OR(AND(AC20="Muy Baja",AE20="Leve"),AND(AC20="Muy Baja",AE20="Menor"),AND(AC20="Baja",AE20="Leve")),"Bajo",IF(OR(AND(AC20="Muy Baja",AE20="Moderado"),AND(AC20="Baja",AE20="Menor"),AND(AC20="Baja",AE20="Moderado"),AND(AC20="Media",AE20="Leve"),AND(AC20="Media",AE20="Menor"),AND(AC20="Media",AE20="Moderado"),AND(AC20="Alta",AE20="Leve"),AND(AC20="Alta",AE20="Menor")),"Moderado",IF(OR(AND(AC20="Muy Baja",AE20="Mayor"),AND(AC20="Baja",AE20="Mayor"),AND(AC20="Media",AE20="Mayor"),AND(AC20="Alta",AE20="Moderado"),AND(AC20="Alta",AE20="Mayor"),AND(AC20="Muy Alta",AE20="Leve"),AND(AC20="Muy Alta",AE20="Menor"),AND(AC20="Muy Alta",AE20="Moderado"),AND(AC20="Muy Alta",AE20="Mayor")),"Alto",IF(OR(AND(AC20="Muy Baja",AE20="Catastrófico"),AND(AC20="Baja",AE20="Catastrófico"),AND(AC20="Media",AE20="Catastrófico"),AND(AC20="Alta",AE20="Catastrófico"),AND(AC20="Muy Alta",AE20="Catastrófico")),"Extremo","")))),"") -> Alto | AH20: Reducir (mitigar)
B21: Base de Datos SIFI | C21: Software | D21: Posibilidad de pérdida de disponibilidad | E21: Ataque de Inyección SQL/Borrado/Modificación, Compromiso de seguridad, o Explotación de credenciales débiles. | F21: Falta de redundancia (BD, clúster o réplica), Falta de aplicación de parches en el software de BD, Credenciales débiles/acceso laxo | G21: Posibilidad de pérdida de disponibilidad, integridad y confidencialidad por Ataque de Inyección SQL/Borrado/Modificación, Compromiso de seguridad, o Explotación de credenciales débiles a causa de Falta de redundancia (BD, clúster o réplica), Falta de aplicación de parches en el software de BD, Credenciales débiles/acceso laxo. | H21: Seg. de la Información | I21: Muy Alta | J21: =IF(I21="","",IF(I21="Muy Baja",0.2,IF(I21="Baja",0.4,IF(I21="Media",0.6,IF(I21="Alta",0.8,IF(I21="Muy Alta",1,)))))) -> 1 | K21: Mayor | L21: =IF(K21="","",IF(K21="Leve",0.2,IF(K21="Menor",0.4,IF(K21="Moderado",0.6,IF(K21="Mayor",0.8,IF(K21="Catastrófico",1,)))))) -> 0.8 | M21: =IF(OR(AND(I21="Muy Baja",K21="Leve"),AND(I21="Muy Baja",K21="Menor"),AND(I21="Baja",K21="Leve")),"Bajo",IF(OR(AND(I21="Muy baja",K21="Moderado"),AND(I21="Baja",K21="Menor"),AND(I21="Baja",K21="Moderado"),AND(I21="Media",K21="Leve"),AND(I21="Media",K21="Menor"),AND(I21="Media",K21="Moderado"),AND(I21="Alta",K21="Leve"),AND(I21="Alta",K21="Menor")),"Moderado",IF(OR(AND(I21="Muy Baja",K21="Mayor"),AND(I21="Baja",K21="Mayor"),AND(I21="Media",K21="Mayor"),AND(I21="Alta",K21="Moderado"),AND(I21="Alta",K21="Mayor"),AND(I21="Muy Alta",K21="Leve"),AND(I21="Muy Alta",K21="Menor"),AND(I21="Muy Alta",K21="Moderado"),AND(I21="Muy Alta",K21="Mayor")),"Alto",IF(OR(AND(I21="Muy Baja",K21="Catastrófico"),AND(I21="Baja",K21="Catastrófico"),AND(I21="Media",K21="Catastrófico"),AND(I21="Alta",K21="Catastrófico"),AND(I21="Muy Alta",K21="Catastrófico")),"Extremo","")))) -> Alto | N21: 8.14 | O21: Redundancia de las instalaciones de procesamiento de información El Líder de Tecnología verifica la disponibilidad e integridad de las bases de datos misionales mediante la implementación de clústeres o réplicas lógicas de alta disponibilidad. | P21: =IF(OR(Q21="Preventivo",Q21="Detectivo"),"Probabilidad",IF(Q21="Correctivo","Impacto","")) -> Probabilidad | Q21: Detectivo | R21: Manual | S21: =IF(AND(Q21="Preventivo",R21="Automático"),"50%",IF(AND(Q21="Preventivo",R21="Manual"),"40%",IF(AND(Q21="Detectivo",R21="Automático"),"40%",IF(AND(Q21="Detectivo",R21="Manual"),"30%",IF(AND(Q21="Correctivo",R21="Automático"),"35%",IF(AND(Q21="Correctivo",R21="Manual"),"25%","")))))) -> 30% | T21: Sin Documentar | U21: Mensual | V21: Con Registro | W21: Backup del SIFI en la nube | X21: =IFERROR(IF(P21="Probabilidad",(J21-(+J21*S21)),IF(P21="Impacto",J21,"")),"") -> 0.7 | Y21: =IFERROR(IF(X21="","",IF(X21<=0.2,"Muy Baja",IF(X21<=0.4,"Baja",IF(X21<=0.6,"Media",IF(X21<=0.8,"Alta","Muy Alta"))))),"") -> Alta | Z21: =+X21 -> 0.7 | AA21: =IFERROR(IF(AB21="","",IF(AB21<=0.2,"Leve",IF(AB21<=0.4,"Menor",IF(AB21<=0.6,"Moderado",IF(AB21<=0.8,"Mayor","Catastrófico"))))),"") -> Mayor | AB21: =IFERROR(IF(P21="Impacto",(L21-(+L21*S21)),IF(P21="Probabilidad",L21,"")),"") -> 0.8 | AC21: =IFERROR(IF(AD21=0,"",IF(AND(AD21>0,AD21<=0.2),"Muy Baja",IF(AD21<=0.4,"Baja",IF(AD21<=0.6,"Media",IF(AD21<=0.8,"Alta","Muy Alta"))))),"") -> Alta | AD21: =MIN(X21:X21) -> 0.7 | AE21: =IFERROR(IF(AF21=0,"",IF(AND(AF21>0,AF21<=0.2),"Leve",IF(AF21<=0.4,"Menor",IF(AF21<=0.6,"Moderado",IF(AF21<=0.8,"Mayor","Catastrófico"))))),"") -> Mayor | AF21: =MIN(AB21:AB21) -> 0.8 | AG21: =IFERROR(IF(OR(AND(AC21="Muy Baja",AE21="Leve"),AND(AC21="Muy Baja",AE21="Menor"),AND(AC21="Baja",AE21="Leve")),"Bajo",IF(OR(AND(AC21="Muy Baja",AE21="Moderado"),AND(AC21="Baja",AE21="Menor"),AND(AC21="Baja",AE21="Moderado"),AND(AC21="Media",AE21="Leve"),AND(AC21="Media",AE21="Menor"),AND(AC21="Media",AE21="Moderado"),AND(AC21="Alta",AE21="Leve"),AND(AC21="Alta",AE21="Menor")),"Moderado",IF(OR(AND(AC21="Muy Baja",AE21="Mayor"),AND(AC21="Baja",AE21="Mayor"),AND(AC21="Media",AE21="Mayor"),AND(AC21="Alta",AE21="Moderado"),AND(AC21="Alta",AE21="Mayor"),AND(AC21="Muy Alta",AE21="Leve"),AND(AC21="Muy Alta",AE21="Menor"),AND(AC21="Muy Alta",AE21="Moderado"),AND(AC21="Muy Alta",AE21="Mayor")),"Alto",IF(OR(AND(AC21="Muy Baja",AE21="Catastrófico"),AND(AC21="Baja",AE21="Catastrófico"),AND(AC21="Media",AE21="Catastrófico"),AND(AC21="Alta",AE21="Catastrófico"),AND(AC21="Muy Alta",AE21="Catastrófico")),"Extremo","")))),"") -> Alto | AH21: Reducir (mitigar)
D22: Posibilidad de pérdida de integridad
D23: Posibilidad de pérdida de confiabilidad
B24: Base de Datos SICOF | C24: Software | D24: Posibilidad de pérdida de disponibilidad | E24: Fallo lógico o físico del servidor, Ataque de Inyección SQL/Borrado/Modificación, Compromiso de seguridad por parte del tercero/proveedor, o Explotación de credenciales débiles. | F24: Falta de aplicación de parches en el software de BD, Credenciales débiles/acceso laxo, Términos de contrato/SLA deficientes. | G24: Posibilidad de pérdida de disponibilidad, integridad y confidencialidad por Fallo lógico o físico del servidor, Ataque de Inyección SQL/Borrado/Modificación, Compromiso de seguridad por parte del tercero/proveedor, o Explotación de credenciales débiles a causa de Falta de aplicación de parches en el software de BD, Credenciales débiles/acceso laxo, Términos de contrato/SLA deficientes. | H24: Seg. de la Información | I24: Muy Alta | J24: =IF(I24="","",IF(I24="Muy Baja",0.2,IF(I24="Baja",0.4,IF(I24="Media",0.6,IF(I24="Alta",0.8,IF(I24="Muy Alta",1,)))))) -> 1 | K24: Mayor | L24: =IF(K24="","",IF(K24="Leve",0.2,IF(K24="Menor",0.4,IF(K24="Moderado",0.6,IF(K24="Mayor",0.8,IF(K24="Catastrófico",1,)))))) -> 0.8 | M24: =IF(OR(AND(I24="Muy Baja",K24="Leve"),AND(I24="Muy Baja",K24="Menor"),AND(I24="Baja",K24="Leve")),"Bajo",IF(OR(AND(I24="Muy baja",K24="Moderado"),AND(I24="Baja",K24="Menor"),AND(I24="Baja",K24="Moderado"),AND(I24="Media",K24="Leve"),AND(I24="Media",K24="Menor"),AND(I24="Media",K24="Moderado"),AND(I24="Alta",K24="Leve"),AND(I24="Alta",K24="Menor")),"Moderado",IF(OR(AND(I24="Muy Baja",K24="Mayor"),AND(I24="Baja",K24="Mayor"),AND(I24="Media",K24="Mayor"),AND(I24="Alta",K24="Moderado"),AND(I24="Alta",K24="Mayor"),AND(I24="Muy Alta",K24="Leve"),AND(I24="Muy Alta",K24="Menor"),AND(I24="Muy Alta",K24="Moderado"),AND(I24="Muy Alta",K24="Mayor")),"Alto",IF(OR(AND(I24="Muy Baja",K24="Catastrófico"),AND(I24="Baja",K24="Catastrófico"),AND(I24="Media",K24="Catastrófico"),AND(I24="Alta",K24="Catastrófico"),AND(I24="Muy Alta",K24="Catastrófico")),"Extremo","")))) -> Alto | N24: 5.20 | O24: Abordar la seguridad de la información en los acuerdos con los proveedores El Líder de Tecnología realiza seguimiento y actualiza el contrato o el Acuerdo de Nivel de Servicio (SLA) con el proveedor de la Base de Datos SICOF. Esta tarea exige incluir cláusulas de seguridad mandatorias y medibles (SLA) que exijan la aplicación oportuna de parches en el software de la BD, la gestión estricta de credenciales privilegiadas y la implementación de la redundancia de elementos acordada para el servicio. | P24: =IF(OR(Q24="Preventivo",Q24="Detectivo"),"Probabilidad",IF(Q24="Correctivo","Impacto","")) -> Probabilidad | Q24: Detectivo | R24: Manual | S24: =IF(AND(Q24="Preventivo",R24="Automático"),"50%",IF(AND(Q24="Preventivo",R24="Manual"),"40%",IF(AND(Q24="Detectivo",R24="Automático"),"40%",IF(AND(Q24="Detectivo",R24="Manual"),"30%",IF(AND(Q24="Correctivo",R24="Automático"),"35%",IF(AND(Q24="Correctivo",R24="Manual"),"25%","")))))) -> 30% | T24: Sin Documentar | U24: Mensual | V24: Con Registro | W24: Informe de supervicion del contrato con el proveedor de la Base de Datos SICOF | X24: =IFERROR(IF(P24="Probabilidad",(J24-(+J24*S24)),IF(P24="Impacto",J24,"")),"") -> 0.7 | Y24: =IFERROR(IF(X24="","",IF(X24<=0.2,"Muy Baja",IF(X24<=0.4,"Baja",IF(X24<=0.6,"Media",IF(X24<=0.8,"Alta","Muy Alta"))))),"") -> Alta | Z24: =+X24 -> 0.7 | AA24: =IFERROR(IF(AB24="","",IF(AB24<=0.2,"Leve",IF(AB24<=0.4,"Menor",IF(AB24<=0.6,"Moderado",IF(AB24<=0.8,"Mayor","Catastrófico"))))),"") -> Mayor | AB24: =IFERROR(IF(P24="Impacto",(L24-(+L24*S24)),IF(P24="Probabilidad",L24,"")),"") -> 0.8 | AC24: =IFERROR(IF(AD24=0,"",IF(AND(AD24>0,AD24<=0.2),"Muy Baja",IF(AD24<=0.4,"Baja",IF(AD24<=0.6,"Media",IF(AD24<=0.8,"Alta","Muy Alta"))))),"") -> Alta | AD24: =MIN(X24:X24) -> 0.7 | AE24: =IFERROR(IF(AF24=0,"",IF(AND(AF24>0,AF24<=0.2),"Leve",IF(AF24<=0.4,"Menor",IF(AF24<=0.6,"Moderado",IF(AF24<=0.8,"Mayor","Catastrófico"))))),"") -> Mayor | AF24: =MIN(AB24:AB24) -> 0.8 | AG24: =IFERROR(IF(OR(AND(AC24="Muy Baja",AE24="Leve"),AND(AC24="Muy Baja",AE24="Menor"),AND(AC24="Baja",AE24="Leve")),"Bajo",IF(OR(AND(AC24="Muy Baja",AE24="Moderado"),AND(AC24="Baja",AE24="Menor"),AND(AC24="Baja",AE24="Moderado"),AND(AC24="Media",AE24="Leve"),AND(AC24="Media",AE24="Menor"),AND(AC24="Media",AE24="Moderado"),AND(AC24="Alta",AE24="Leve"),AND(AC24="Alta",AE24="Menor")),"Moderado",IF(OR(AND(AC24="Muy Baja",AE24="Mayor"),AND(AC24="Baja",AE24="Mayor"),AND(AC24="Media",AE24="Mayor"),AND(AC24="Alta",AE24="Moderado"),AND(AC24="Alta",AE24="Mayor"),AND(AC24="Muy Alta",AE24="Leve"),AND(AC24="Muy Alta",AE24="Menor"),AND(AC24="Muy Alta",AE24="Moderado"),AND(AC24="Muy Alta",AE24="Mayor")),"Alto",IF(OR(AND(AC24="Muy Baja",AE24="Catastrófico"),AND(AC24="Baja",AE24="Catastrófico"),AND(AC24="Media",AE24="Catastrófico"),AND(AC24="Alta",AE24="Catastrófico"),AND(AC24="Muy Alta",AE24="Catastrófico")),"Extremo","")))),"") -> Alto | AH24: Reducir (mitigar)
D25: Posibilidad de pérdida de integridad | P25: =IF(OR(Q25="Preventivo",Q25="Detectivo"),"Probabilidad",IF(Q25="Correctivo","Impacto","")) -> Probabilidad | Q25: Detectivo | R25: Manual | S25: =IF(AND(Q25="Preventivo",R25="Automático"),"50%",IF(AND(Q25="Preventivo",R25="Manual"),"40%",IF(AND(Q25="Detectivo",R25="Automático"),"40%",IF(AND(Q25="Detectivo",R25="Manual"),"30%",IF(AND(Q25="Correctivo",R25="Automático"),"35%",IF(AND(Q25="Correctivo",R25="Manual"),"25%","")))))) -> 30% | T25: Sin Documentar | U25: Mensual | V25: Con Registro
D26: Posibilidad de pérdida de disponibilidad | P26: =IF(OR(Q26="Preventivo",Q26="Detectivo"),"Probabilidad",IF(Q26="Correctivo","Impacto","")) -> Probabilidad | Q26: Detectivo | R26: Manual | S26: =IF(AND(Q26="Preventivo",R26="Automático"),"50%",IF(AND(Q26="Preventivo",R26="Manual"),"40%",IF(AND(Q26="Detectivo",R26="Automático"),"40%",IF(AND(Q26="Detectivo",R26="Manual"),"30%",IF(AND(Q26="Correctivo",R26="Automático"),"35%",IF(AND(Q26="Correctivo",R26="Manual"),"25%","")))))) -> 30% | T26: Sin Documentar | U26: Mensual | V26: Con Registro
B27: Página Web | C27: Software | D27: Posibilidad de pérdida de disponibilidad | E27: Ataque de Denegación de Servicio (DoS/DDoS), Explotación de vulnerabilidad en el código (ej. SQL Injection, XSS) o ataque a la base de datos. | F27: Código vulnerable (OWASP Top 10), Falta de aplicación de parches en librerías/dependencias, Mecanismos de mitigación de DDoS débiles, o Controles de acceso/validación de datos insuficientes. | G27: Posibilidad de pérdida de disponibilidad de los servicios (paralización) o fuga de información sensible (datos personales) debido a ataques dirigidos a vulnerabilidades del código y a la falta de controles de seguridad. | H27: Seg. de la Información | I27: Muy Alta | J27: 1 | K27: Mayor | L27: 0.8 | M27: =IF(OR(AND(I27="Muy Baja",K27="Leve"),AND(I27="Muy Baja",K27="Menor"),AND(I27="Baja",K27="Leve")),"Bajo",IF(OR(AND(I27="Muy baja",K27="Moderado"),AND(I27="Baja",K27="Menor"),AND(I27="Baja",K27="Moderado"),AND(I27="Media",K27="Leve"),AND(I27="Media",K27="Menor"),AND(I27="Media",K27="Moderado"),AND(I27="Alta",K27="Leve"),AND(I27="Alta",K27="Menor")),"Moderado",IF(OR(AND(I27="Muy Baja",K27="Mayor"),AND(I27="Baja",K27="Mayor"),AND(I27="Media",K27="Mayor"),AND(I27="Alta",K27="Moderado"),AND(I27="Alta",K27="Mayor"),AND(I27="Muy Alta",K27="Leve"),AND(I27="Muy Alta",K27="Menor"),AND(I27="Muy Alta",K27="Moderado"),AND(I27="Muy Alta",K27="Mayor")),"Alto",IF(OR(AND(I27="Muy Baja",K27="Catastrófico"),AND(I27="Baja",K27="Catastrófico"),AND(I27="Media",K27="Catastrófico"),AND(I27="Alta",K27="Catastrófico"),AND(I27="Muy Alta",K27="Catastrófico")),"Extremo","")))) -> Alto | N27: 8.25 | O27: Ciclo de vida de desarrollo seguro El Líder de Tecnología realiza seguimiento al Ciclo de Vida de Desarrollo de Software Seguro (SDLC). Esta tarea exige la realización sistemática y obligatoria de Pruebas de Seguridad de Aplicaciones (Penetration Testing o análisis estático) en el código. El objetivo es identificar y corregir las vulnerabilidades críticas del código (como el OWASP Top 10 y las vulnerabilidades de Inyección) antes de que el servicio sea puesto en producción. | P27: =IF(OR(Q27="Preventivo",Q27="Detectivo"),"Probabilidad",IF(Q27="Correctivo","Impacto","")) -> Probabilidad | Q27: Detectivo | R27: Manual | S27: =IF(AND(Q27="Preventivo",R27="Automático"),"50%",IF(AND(Q27="Preventivo",R27="Manual"),"40%",IF(AND(Q27="Detectivo",R27="Automático"),"40%",IF(AND(Q27="Detectivo",R27="Manual"),"30%",IF(AND(Q27="Correctivo",R27="Automático"),"35%",IF(AND(Q27="Correctivo",R27="Manual"),"25%","")))))) -> 30% | T27: Sin Documentar | U27: Mensual | V27: Con Registro | W27: Informe de supervicion del contrato con el proveedor de la Pagina Web | X27: =IFERROR(IF(P27="Probabilidad",(J27-(+J27*S27)),IF(P27="Impacto",J27,"")),"") -> 0.7 | Y27: =IFERROR(IF(X27="","",IF(X27<=0.2,"Muy Baja",IF(X27<=0.4,"Baja",IF(X27<=0.6,"Media",IF(X27<=0.8,"Alta","Muy Alta"))))),"") -> Alta | Z27: =+X27 -> 0.7 | AA27: =IFERROR(IF(AB27="","",IF(AB27<=0.2,"Leve",IF(AB27<=0.4,"Menor",IF(AB27<=0.6,"Moderado",IF(AB27<=0.8,"Mayor","Catastrófico"))))),"") -> Mayor | AB27: =IFERROR(IF(P27="Impacto",(L27-(+L27*S27)),IF(P27="Probabilidad",L27,"")),"") -> 0.8 | AC27: =IFERROR(IF(AD27=0,"",IF(AND(AD27>0,AD27<=0.2),"Muy Baja",IF(AD27<=0.4,"Baja",IF(AD27<=0.6,"Media",IF(AD27<=0.8,"Alta","Muy Alta"))))),"") -> Alta | AD27: =MIN(X27:X27) -> 0.7 | AE27: =IFERROR(IF(AF27=0,"",IF(AND(AF27>0,AF27<=0.2),"Leve",IF(AF27<=0.4,"Menor",IF(AF27<=0.6,"Moderado",IF(AF27<=0.8,"Mayor","Catastrófico"))))),"") -> Mayor | AF27: =MIN(AB27:AB27) -> 0.8 | AG27: =IFERROR(IF(OR(AND(AC27="Muy Baja",AE27="Leve"),AND(AC27="Muy Baja",AE27="Menor"),AND(AC27="Baja",AE27="Leve")),"Bajo",IF(OR(AND(AC27="Muy Baja",AE27="Moderado"),AND(AC27="Baja",AE27="Menor"),AND(AC27="Baja",AE27="Moderado"),AND(AC27="Media",AE27="Leve"),AND(AC27="Media",AE27="Menor"),AND(AC27="Media",AE27="Moderado"),AND(AC27="Alta",AE27="Leve"),AND(AC27="Alta",AE27="Menor")),"Moderado",IF(OR(AND(AC27="Muy Baja",AE27="Mayor"),AND(AC27="Baja",AE27="Mayor"),AND(AC27="Media",AE27="Mayor"),AND(AC27="Alta",AE27="Moderado"),AND(AC27="Alta",AE27="Mayor"),AND(AC27="Muy Alta",AE27="Leve"),AND(AC27="Muy Alta",AE27="Menor"),AND(AC27="Muy Alta",AE27="Moderado"),AND(AC27="Muy Alta",AE27="Mayor")),"Alto",IF(OR(AND(AC27="Muy Baja",AE27="Catastrófico"),AND(AC27="Baja",AE27="Catastrófico"),AND(AC27="Media",AE27="Catastrófico"),AND(AC27="Alta",AE27="Catastrófico"),AND(AC27="Muy Alta",AE27="Catastrófico")),"Extremo","")))),"") -> Alto | AH27: Reducir (mitigar)
D28: Posibilidad de pérdida de confiabilidad | P28: =IF(OR(Q28="Preventivo",Q28="Detectivo"),"Probabilidad",IF(Q28="Correctivo","Impacto","")) -> Probabilidad | Q28: Detectivo | R28: Manual | S28: =IF(AND(Q28="Preventivo",R28="Automático"),"50%",IF(AND(Q28="Preventivo",R28="Manual"),"40%",IF(AND(Q28="Detectivo",R28="Automático"),"40%",IF(AND(Q28="Detectivo",R28="Manual"),"30%",IF(AND(Q28="Correctivo",R28="Automático"),"35%",IF(AND(Q28="Correctivo",R28="Manual"),"25%","")))))) -> 30% | T28: Sin Documentar | U28: Mensual | V28: Con Registro
B29: SRV-HVMED01,SRVCENTRAL,SRV-NASBCK01,SRV-BD_ORACLE,SRV-PRINTMED01,SRV-PRINTMED02,SRV-DNSMED01,SRV-DCMED1,SRV-O365MED01,SRV-RPTMED01,SRV-SIFIMED01,SRV-SIFIMED02,SRV-BIOMED01,SRV-OCSMED01,SRV-APPMED02,SRV-FSMED01,SRV-PTMED01,SRV-DNSVEL02,SRV-PTMED01, SRV-BIOMED01, SRV-RPTMED01, SRV-OCSMED01, SRV-APPMED02, SRV-DNSMED01,SRV-DCMED01, SRV-O365MED01,SRV-FSMED01, SRV-PTMED01, SRV-DNSMED01,SRV-SIFIMED01, SRV-SIFIMED02,Discos externos con información o backup,SRV-HVMED01, SRVCENTRAL, SRV-NASBCK01, SRV-BD ORACLE, | C29: Hardware | D29: Posiblidad de pérdida de integridad | E29: Hurto de equipo | F29: Ausencia de vigilancia | G29: Posibilidad de Perdida de integridad por hurto de equipo a causa de ausencia de vigilancia | H29: Seg. de la Información | I29: Muy Alta | J29: 1 | K29: Mayor | L29: 0.8 | M29: =IF(OR(AND(I29="Muy Baja",K29="Leve"),AND(I29="Muy Baja",K29="Menor"),AND(I29="Baja",K29="Leve")),"Bajo",IF(OR(AND(I29="Muy baja",K29="Moderado"),AND(I29="Baja",K29="Menor"),AND(I29="Baja",K29="Moderado"),AND(I29="Media",K29="Leve"),AND(I29="Media",K29="Menor"),AND(I29="Media",K29="Moderado"),AND(I29="Alta",K29="Leve"),AND(I29="Alta",K29="Menor")),"Moderado",IF(OR(AND(I29="Muy Baja",K29="Mayor"),AND(I29="Baja",K29="Mayor"),AND(I29="Media",K29="Mayor"),AND(I29="Alta",K29="Moderado"),AND(I29="Alta",K29="Mayor"),AND(I29="Muy Alta",K29="Leve"),AND(I29="Muy Alta",K29="Menor"),AND(I29="Muy Alta",K29="Moderado"),AND(I29="Muy Alta",K29="Mayor")),"Alto",IF(OR(AND(I29="Muy Baja",K29="Catastrófico"),AND(I29="Baja",K29="Catastrófico"),AND(I29="Media",K29="Catastrófico"),AND(I29="Alta",K29="Catastrófico"),AND(I29="Muy Alta",K29="Catastrófico")),"Extremo","")))) -> Alto | N29: 7.13 | O29: Mantenimiento de equipo La entidad cuenta con Respaldo Integral backup extramural (en la nube) sobre la información de la entidad para garantizar la continuidad del negocio. La información que se respalda es la siguiente: base de datos de SIFI, aplicativo SIFI, OCS inventory, antivirus y maleware e información cargada en el sharepoint (bases de datos de correos, carpetas). Estas copias se realizan con una frecuencia de dos veces al día. En caso de daño de disco duro de manera total o parcial, se verifica si el servidor tiene garantía. En tal caso se notifica al proveedor para gestionar el cambio por garantia. En caso contrario se gesriona la adquisición de un nuevo disco duro. El profesional asignado instala el nuevo disco duro y restaura el backup alojado en la nube verificando que la última copia se restaure en el disco duro adquirido. | P29: =IF(OR(Q29="Preventivo",Q29="Detectivo"),"Probabilidad",IF(Q29="Correctivo","Impacto","")) -> Probabilidad | Q29: Detectivo | R29: Manual | S29: =IF(AND(Q29="Preventivo",R29="Automático"),"50%",IF(AND(Q29="Preventivo",R29="Manual"),"40%",IF(AND(Q29="Detectivo",R29="Automático"),"40%",IF(AND(Q29="Detectivo",R29="Manual"),"30%",IF(AND(Q29="Correctivo",R29="Automático"),"35%",IF(AND(Q29="Correctivo",R29="Manual"),"25%","")))))) -> 30% | T29: Sin Documentar | U29: Mensual | V29: Con Registro | X29: =IFERROR(IF(P29="Probabilidad",(J29-(+J29*S29)),IF(P29="Impacto",J29,"")),"") -> 0.7 | Y29: =IFERROR(IF(X29="","",IF(X29<=0.2,"Muy Baja",IF(X29<=0.4,"Baja",IF(X29<=0.6,"Media",IF(X29<=0.8,"Alta","Muy Alta"))))),"") -> Alta | Z29: =+X29 -> 0.7 | AA29: =IFERROR(IF(AB29="","",IF(AB29<=0.2,"Leve",IF(AB29<=0.4,"Menor",IF(AB29<=0.6,"Moderado",IF(AB29<=0.8,"Mayor","Catastrófico"))))),"") -> Mayor | AB29: =IFERROR(IF(P29="Impacto",(L29-(+L29*S29)),IF(P29="Probabilidad",L29,"")),"") -> 0.8 | AC29: =IFERROR(IF(AD29=0,"",IF(AND(AD29>0,AD29<=0.2),"Muy Baja",IF(AD29<=0.4,"Baja",IF(AD29<=0.6,"Media",IF(AD29<=0.8,"Alta","Muy Alta"))))),"") -> Alta | AD29: =MIN(X29:X29) -> 0.7 | AE29: =IFERROR(IF(AF29=0,"",IF(AND(AF29>0,AF29<=0.2),"Leve",IF(AF29<=0.4,"Menor",IF(AF29<=0.6,"Moderado",IF(AF29<=0.8,"Mayor","Catastrófico"))))),"") -> Mayor | AF29: =MIN(AB29:AB29) -> 0.8 | AG29: =IFERROR(IF(OR(AND(AC29="Muy Baja",AE29="Leve"),AND(AC29="Muy Baja",AE29="Menor"),AND(AC29="Baja",AE29="Leve")),"Bajo",IF(OR(AND(AC29="Muy Baja",AE29="Moderado"),AND(AC29="Baja",AE29="Menor"),AND(AC29="Baja",AE29="Moderado"),AND(AC29="Media",AE29="Leve"),AND(AC29="Media",AE29="Menor"),AND(AC29="Media",AE29="Moderado"),AND(AC29="Alta",AE29="Leve"),AND(AC29="Alta",AE29="Menor")),"Moderado",IF(OR(AND(AC29="Muy Baja",AE29="Mayor"),AND(AC29="Baja",AE29="Mayor"),AND(AC29="Media",AE29="Mayor"),AND(AC29="Alta",AE29="Moderado"),AND(AC29="Alta",AE29="Mayor"),AND(AC29="Muy Alta",AE29="Leve"),AND(AC29="Muy Alta",AE29="Menor"),AND(AC29="Muy Alta",AE29="Moderado"),AND(AC29="Muy Alta",AE29="Mayor")),"Alto",IF(OR(AND(AC29="Muy Baja",AE29="Catastrófico"),AND(AC29="Baja",AE29="Catastrófico"),AND(AC29="Media",AE29="Catastrófico"),AND(AC29="Alta",AE29="Catastrófico"),AND(AC29="Muy Alta",AE29="Catastrófico")),"Extremo","")))),"") -> Alto | AH29: Reducir (mitigar)
A31: *Nota: La columna referencia se sugiere para mantener el consecutivo de riesgos, así el riesgo salga del mapa no existirá otro riesgo con el mismo número. Una entidad puede ir en el riesgo 150 pero tener 70 riesgos, lo que permite llevar una traza de los riesgos. Esta información la debe administrar la Oficina Asesora de Planeación o Gerencia de Riesgos.
A35: Fuente: Adaptado de Curso Riesgo Operativo Universidad del Rosario por Dirección de Gestión y Desempeño Institucional de Función Pública, 2020.
D39: Fecha Cambio | E39: Descripción del cambio
D40: 44846 | E40: Se incluye el control 5 de tipo preventivo que no se había establecido previamente. El cual incluye la siguiente redacción: Se establece como obligación del contratista en los contratos de prestación de servicios profesionales y de apoyo a la gestión la siguiente obligación: "El contratista utilizara software licenciado en los equipos de cómputo que utilice para la prestación del servicio, cualquier riesgo que se derive de utilizar software no licenciado, recae bajo responsabilidad del contratista" El profesional líder de TIC, verifica que esta cláusula este incluida en las minutas de los contratos. lo anterior de manera aleatoria.
D41: 45471 | E41: Se incluye el riesgo fiscal relacionado con bienes o servicios de TI inconclusos, infuncionales y/o que no brindan utilidad o beneficio y/o con autorización de pagos que no cumple condiciones pactadas en los contratos de TI
D42: 46139 | E42: Se incluyen controles preventivos y correctivos para reducir probabilidad e impacto inherente. Se obtiene como resultado un deplazamiento del riesgo depués de controles hacia una zona de meor criticidad.

Sheet MAPA CALOR RESIDUAL
A1: MAPA DE CALOR RESIDUAL (DESPUES DE CONTROLES)
A3: PROCESO: | B3: ='2.1 MATRIZ DE RIESGOS GENERAL'!D6 -> Gestión de TIC
I4: MAPA DE CALOR RIESGO RESIDUAL | T4: Impacto
E5: CALIFICACIÓN RIESGO RESIDUAL | K5: Impacto | T5: 0.2 | U5: 0.4 | V5: 0.6 | W5: 0.8 | X5: 1
A6: No. Riesgo | B6: RIESGO | C6: Probabilidad Residual | D6: Impacto Residual | E6: Probabilidad | F6: Impacto | G6: Severidad (Nivel de Riesgo) | K6: Leve | L6: Menor | M6: Moderado | N6: Mayor | O6: Catastrófico | T6: Leve | U6: Menor | V6: Moderado | W6: Mayor | X6: Catastrófico
A7: ='2.1 MATRIZ DE RIESGOS GENERAL'!A15 -> GT5 | B7: ='2.1 MATRIZ DE RIESGOS GENERAL'!G15 -> Posibilidad de afectación económica y reputacional por mal desempeño institucional derivado del incumplimiento de objetivos y metas relacionados con el Plan de Desarrollo Municipal a cargo del Instituto y con la planeación estratégica. Lo anterior, debido a fallas en la disponiblidad de servicios e información basados en software y hardware, que soportan la operación de los procesos. | C7: ='2.1 MATRIZ DE RIESGOS GENERAL'!AE15 -> 0.00972 | D7: ='2.1 MATRIZ DE RIESGOS GENERAL'!AG15 -> 0.31640625 | E7: =+IF(C7=0,"",IF(C7<=$R$11,$S$11,IF(C7<=$R$10,$S$10,IF(C7<=$R$9,$S$9,IF(C7<=$R$8,$S$8,IF(C7<=$R$7,$S$7,"")))))) -> Muy Baja | F7: =+IF(D7=0,"",IF(D7<=$T$5,$T$6,IF(D7<=$U$5,$U$6,IF(D7<=$V$5,$V$6,IF(D7<=$W$5,$W$6,IF(D7<=$X$5,$X$6,"")))))) -> Menor | G7: =+IF(E7=$S$7,IF(F7=$T$6,$T$7,IF(F7=$U$6,$U$7,IF(F7=$V$6,$V$7,IF(F7=$W$6,$W$7,IF(F7=$X$6,$X$7))))),IF(E7=$S$8,IF(F7=$T$6,$T$8,IF(F7=$U$6,$U$8,IF(F7=$V$6,$V$8,IF(F7=$W$6,$W$8,IF(F7=$X$6,$X$8))))),IF(E7=$S$9,IF(F7=$T$6,$T$9,IF(F7=$U$6,$U$9,IF(F7=$V$6,$V$9,IF(F7=$W$6,$W$9,IF(F7=$X$6,$X$9))))),IF(E7=$S$10,IF(F7=$T$6,$T$10,IF(F7=$U$6,$U$10,IF(F7=$V$6,$V$10,IF(F7=$W$6,$W$10,IF(F7=$X$6,$X$10))))),IF(E7=$S$11,IF(F7=$T$6,$T$11,IF(F7=$U$6,$U$11,IF(F7=$V$6,$V$11,IF(F7=$W$6,$W$11,IF(F7=$X$6,$X$11))))),""))))) -> Bajo | I7: Probabilidad | J7: Muy Alta | K7: =+IF(AND(E7=$S$7,F7=$T$6),A7,"")&" "&IF(AND(E8=$S$7,F8=$T$6),A8,"")&" "&IF(AND(E9=$S$7,F9=$T$6),A9,"")&" "&IF(AND(E10=$S$7,F10=$T$6),A10,"")&" "&IF(AND(E11=$S$7,F11=$T$6),A11,"")&" "&IF(AND(E12=$S$7,F12=$T$6),A12,"")&" "&IF(AND(E13=$S$7,F13=$T$6),A13,"")&" "&IF(AND(E14=$S$7,F14=$T$6),A14,"")&" "&IF(AND(E15=$S$7,F15=$T$6),A15,"")&" "&IF(AND(E16=$S$7,F16=$T$6),A16,"")&" "&IF(AND(E17=$S$7,F17=$T$6),A17,"")&" "&IF(AND(E18=$S$7,F18=$T$6),A18,"")&" "&IF(AND(E19=$S$7,F19=$T$6),A19,"")&" "&IF(AND(E20=$S$7,F20=$T$6),A20,"")&" "&IF(AND(E21=$S$7,F21=$T$6),A21,"")&" "&IF(AND(E22=$S$7,F22=$T$6),A22,"")&" "&IF(AND(E23=$S$7,F23=$T$6),A23,"")&" "&IF(AND(E24=$S$7,F24=$T$6),A24,"")&" "&IF(AND(E25=$S$7,F25=$T$6),A25,"")&" "&IF(AND(E26=$S$7,F26=$T$6),A26,"") | L7: =+IF(AND(E7=$S$7,F7=$U$6),A7,"")&" "&IF(AND(E8=$S$7,F8=$U$6),A8,"")&" "&IF(AND(E9=$S$7,F9=$U$6),A9,"")&" "&IF(AND(E10=$S$7,F10=$U$6),A10,"")&" "&IF(AND(E11=$S$7,F11=$U$6),A11,"")&" "&IF(AND(E12=$S$7,F12=$U$6),A12,"")&" "&IF(AND(E13=$S$7,F13=$U$6),A13,"")&" "&IF(AND(E14=$S$7,F14=$U$6),A14,"")&" "&IF(AND(E15=$S$7,F15=$U$6),A15,"")&" "&IF(AND(E16=$S$7,F16=$U$6),A16,"")&" "&IF(AND(E17=$S$7,F17=$U$6),A17,"")&" "&IF(AND(E18=$S$7,F18=$U$6),A18,"")&" "&IF(AND(E19=$S$7,F19=$U$6),A19,"")&" "&IF(AND(E20=$S$7,F20=$U$6),A20,"")&" "&IF(AND(E21=$S$7,F21=$U$6),A21,"")&" "&IF(AND(E22=$S$7,F22=$U$6),A22,"")&" "&IF(AND(E23=$S$7,F23=$U$6),A23,"")&" "&IF(AND(E24=$S$7,F24=$U$6),A24,"")&" "&IF(AND(E25=$S$7,F25=$U$6),A25,"")&" "&IF(AND(E26=$S$7,F26=$U$6),A26,"") | M7: =+IF(AND(E7=$S$7,F7=$V$6),A7,"")&" "&IF(AND(E8=$S$7,F8=$V$6),A8,"")&" "&IF(AND(E9=$S$7,F9=$V$6),A9,"")&" "&IF(AND(E10=$S$7,F10=$V$6),A10,"")&" "&IF(AND(E11=$S$7,F11=$V$6),A11,"")&" "&IF(AND(E12=$S$7,F12=$V$6),A12,"")&" "&IF(AND(E13=$S$7,F13=$V$6),A13,"")&" "&IF(AND(E14=$S$7,F14=$V$6),A14,"")&" "&IF(AND(E15=$S$7,F15=$V$6),A15,"")&" "&IF(AND(E16=$S$7,F16=$V$6),A16,"")&" "&IF(AND(E17=$S$7,F17=$V$6),A17,"")&" "&IF(AND(E18=$S$7,F18=$V$6),A18,"")&" "&IF(AND(E19=$S$7,F19=$V$6),A19,"")&" "&IF(AND(E20=$S$7,F20=$V$6),A20,"")&" "&IF(AND(E21=$S$7,F21=$V$6),A21,"")&" "&IF(AND(E22=$S$7,F22=$V$6),A22,"")&" "&IF(AND(E23=$S$7,F23=$V$6),A23,"")&" "&IF(AND(E24=$S$7,F24=$V$6),A24,"")&" "&IF(AND(E25=$S$7,F25=$V$6),A25,"")&" "&IF(AND(E26=$S$7,F26=$V$6),A26,"") | N7: =+IF(AND(E7=$S$7,F7=$W$6),A7,"")&" "&IF(AND(E8=$S$7,F8=$W$6),A8,"")&" "&IF(AND(E9=$S$7,F9=$W$6),A9,"")&" "&IF(AND(E10=$S$7,F10=$W$6),A10,"")&" "&IF(AND(E11=$S$7,F11=$W$6),A11,"")&" "&IF(AND(E12=$S$7,F12=$W$6),A12,"")&" "&IF(AND(E13=$S$7,F13=$W$6),A13,"")&" "&IF(AND(E14=$S$7,F14=$W$6),A14,"")&" "&IF(AND(E15=$S$7,F15=$W$6),A15,"")&" "&IF(AND(E16=$S$7,F16=$W$6),A16,"")&" "&IF(AND(E17=$S$7,F17=$W$6),A17,"")&" "&IF(AND(E18=$S$7,F18=$W$6),A18,"")&" "&IF(AND(E19=$S$7,F19=$W$6),A19,"")&" "&IF(AND(E20=$S$7,F20=$W$6),A20,"")&" "&IF(AND(E21=$S$7,F21=$W$6),A21,"")&" "&IF(AND(E22=$S$7,F22=$W$6),A22,"")&" "&IF(AND(E23=$S$7,F23=$W$6),A23,"")&" "&IF(AND(E24=$S$7,F24=$W$6),A24,"")&" "&IF(AND(E25=$S$7,F25=$W$6),A25,"")&" "&IF(AND(E26=$S$7,F26=$W$6),A26,"") | O7: =+IF(AND(E7=$S$7,F7=$X$6),A7,"")&" "&IF(AND(E8=$S$7,F8=$X$6),A8,"")&" "&IF(AND(E9=$S$7,F9=$X$6),A9,"")&" "&IF(AND(E10=$S$7,F10=$X$6),A10,"")&" "&IF(AND(E11=$S$7,F11=$X$6),A11,"")&" "&IF(AND(E12=$S$7,F12=$X$6),A12,"")&" "&IF(AND(E13=$S$7,F13=$X$6),A13,"")&" "&IF(AND(E14=$S$7,F14=$X$6),A14,"")&" "&IF(AND(E15=$S$7,F15=$X$6),A15,"")&" "&IF(AND(E16=$S$7,F16=$X$6),A16,"")&" "&IF(AND(E17=$S$7,F17=$X$6),A17,"")&" "&IF(AND(E18=$S$7,F18=$X$6),A18,"")&" "&IF(AND(E19=$S$7,F19=$X$6),A19,"")&" "&IF(AND(E20=$S$7,F20=$X$6),A20,"")&" "&IF(AND(E21=$S$7,F21=$X$6),A21,"")&" "&IF(AND(E22=$S$7,F22=$X$6),A22,"")&" "&IF(AND(E23=$S$7,F23=$X$6),A23,"")&" "&IF(AND(E24=$S$7,F24=$X$6),A24,"")&" "&IF(AND(E25=$S$7,F25=$X$6),A25,"")&" "&IF(AND(E26=$S$7,F26=$X$6),A26,"") | Q7: Probabilidad | R7: 1 | S7: Muy Alta | T7: Alto | U7: Alto | V7: Alto | W7: Alto | X7: Extremo
A8: ='2.1 MATRIZ DE RIESGOS GENERAL'!A28 -> GT6 | B8: ='2.1 MATRIZ DE RIESGOS GENERAL'!G28 -> Posibilidad de afectación económica y reputacional a través de multas y sanciones por parte de los fabricantes y los entes de control debido a existencia de software no licenciado en los equipos informáticos de la institución, y en el de las personas que desarrollan actividades para el Isvimed a través de contratos de prestación de servicios. | C8: ='2.1 MATRIZ DE RIESGOS GENERAL'!AE28 -> 0.03888 | D8: ='2.1 MATRIZ DE RIESGOS GENERAL'!AG28 -> 0.6 | E8: =+IF(C8=0,"",IF(C8<=$R$11,$S$11,IF(C8<=$R$10,$S$10,IF(C8<=$R$9,$S$9,IF(C8<=$R$8,$S$8,IF(C8<=$R$7,$S$7,"")))))) -> Muy Baja | F8: =+IF(D8=0,"",IF(D8<=$T$5,$T$6,IF(D8<=$U$5,$U$6,IF(D8<=$V$5,$V$6,IF(D8<=$W$5,$W$6,IF(D8<=$X$5,$X$6,"")))))) -> Moderado | G8: =+IF(E8=$S$7,IF(F8=$T$6,$T$7,IF(F8=$U$6,$U$7,IF(F8=$V$6,$V$7,IF(F8=$W$6,$W$7,IF(F8=$X$6,$X$7))))),IF(E8=$S$8,IF(F8=$T$6,$T$8,IF(F8=$U$6,$U$8,IF(F8=$V$6,$V$8,IF(F8=$W$6,$W$8,IF(F8=$X$6,$X$8))))),IF(E8=$S$9,IF(F8=$T$6,$T$9,IF(F8=$U$6,$U$9,IF(F8=$V$6,$V$9,IF(F8=$W$6,$W$9,IF(F8=$X$6,$X$9))))),IF(E8=$S$10,IF(F8=$T$6,$T$10,IF(F8=$U$6,$U$10,IF(F8=$V$6,$V$10,IF(F8=$W$6,$W$10,IF(F8=$X$6,$X$10))))),IF(E8=$S$11,IF(F8=$T$6,$T$11,IF(F8=$U$6,$U$11,IF(F8=$V$6,$V$11,IF(F8=$W$6,$W$11,IF(F8=$X$6,$X$11))))),""))))) -> Moderado | J8: Alta | K8: =+IF(AND(E7=$S$8,F7=$T$6),A7,"")&" "&IF(AND(E8=$S$8,F8=$T$6),A8,"")&" "&IF(AND(E9=$S$8,F9=$T$6),A9,"")&" "&IF(AND(E10=$S$8,F10=$T$6),A10,"")&" "&IF(AND(E11=$S$8,F11=$T$6),A11,"")&" "&IF(AND(E12=$S$8,F12=$T$6),A12,"")&" "&IF(AND(E13=$S$8,F13=$T$6),A13,"")&" "&IF(AND(E14=$S$8,F14=$T$6),A14,"")&" "&IF(AND(E15=$S$8,F15=$T$6),A15,"")&" "&IF(AND(E16=$S$8,F16=$T$6),A16,"")&" "&IF(AND(E17=$S$8,F17=$T$6),A17,"")&" "&IF(AND(E18=$S$8,F18=$T$6),A18,"")&" "&IF(AND(E19=$S$8,F19=$T$6),A19,"")&" "&IF(AND(E20=$S$8,F20=$T$6),A20,"")&" "&IF(AND(E21=$S$8,F21=$T$6),A21,"")&" "&IF(AND(E22=$S$8,F22=$T$6),A22,"")&" "&IF(AND(E23=$S$8,F23=$T$6),A23,"")&" "&IF(AND(E24=$S$8,F24=$T$6),A24,"")&" "&IF(AND(E25=$S$8,F25=$T$6),A25,"")&" "&IF(AND(E26=$S$8,F26=$T$6),A26,"") | L8: =+IF(AND(E7=$S$8,F7=$U$6),A7,"")&" "&IF(AND(E8=$S$8,F8=$U$6),A8,"")&" "&IF(AND(E9=$S$8,F9=$U$6),A9,"")&" "&IF(AND(E10=$S$8,F10=$U$6),A10,"")&" "&IF(AND(E11=$S$8,F11=$U$6),A11,"")&" "&IF(AND(E12=$S$8,F12=$U$6),A12,"")&" "&IF(AND(E13=$S$8,F13=$U$6),A13,"")&" "&IF(AND(E14=$S$8,F14=$U$6),A14,"")&" "&IF(AND(E15=$S$8,F15=$U$6),A15,"")&" "&IF(AND(E16=$S$8,F16=$U$6),A16,"")&" "&IF(AND(E17=$S$8,F17=$U$6),A17,"")&" "&IF(AND(E18=$S$8,F18=$U$6),A18,"")&" "&IF(AND(E19=$S$8,F19=$U$6),A19,"")&" "&IF(AND(E20=$S$8,F20=$U$6),A20,"")&" "&IF(AND(E21=$S$8,F21=$U$6),A21,"")&" "&IF(AND(E22=$S$8,F22=$U$6),A22,"")&" "&IF(AND(E23=$S$8,F23=$U$6),A23,"")&" "&IF(AND(E24=$S$8,F24=$U$6),A24,"")&" "&IF(AND(E25=$S$8,F25=$U$6),A25,"")&" "&IF(AND(E26=$S$8,F26=$U$6),A26,"") | M8: =+IF(AND(E7=$S$8,F7=$V$6),A7,"")&" "&IF(AND(E8=$S$8,F8=$V$6),A8,"")&" "&IF(AND(E9=$S$8,F9=$V$6),A9,"")&" "&IF(AND(E10=$S$8,F10=$V$6),A10,"")&" "&IF(AND(E11=$S$8,F11=$V$6),A11,"")&" "&IF(AND(E12=$S$8,F12=$V$6),A12,"")&" "&IF(AND(E13=$S$8,F13=$V$6),A13,"")&" "&IF(AND(E14=$S$8,F14=$V$6),A14,"")&" "&IF(AND(E15=$S$8,F15=$V$6),A15,"")&" "&IF(AND(E16=$S$8,F16=$V$6),A16,"")&" "&IF(AND(E17=$S$8,F17=$V$6),A17,"")&" "&IF(AND(E18=$S$8,F18=$V$6),A18,"")&" "&IF(AND(E19=$S$8,F19=$V$6),A19,"")&" "&IF(AND(E20=$S$8,F20=$V$6),A20,"")&" "&IF(AND(E21=$S$8,F21=$V$6),A21,"")&" "&IF(AND(E22=$S$8,F22=$V$6),A22,"")&" "&IF(AND(E23=$S$8,F23=$V$6),A23,"")&" "&IF(AND(E24=$S$8,F24=$V$6),A24,"")&" "&IF(AND(E25=$S$8,F25=$V$6),A25,"")&" "&IF(AND(E26=$S$8,F26=$V$6),A26,"") | N8: =+IF(AND(E7=$S$8,F7=$W$6),A7,"")&" "&IF(AND(E8=$S$8,F8=$W$6),A8,"")&" "&IF(AND(E9=$S$8,F9=$W$6),A9,"")&" "&IF(AND(E10=$S$8,F10=$W$6),A10,"")&" "&IF(AND(E11=$S$8,F11=$W$6),A11,"")&" "&IF(AND(E12=$S$8,F12=$W$6),A12,"")&" "&IF(AND(E13=$S$8,F13=$W$6),A13,"")&" "&IF(AND(E14=$S$8,F14=$W$6),A14,"")&" "&IF(AND(E15=$S$8,F15=$W$6),A15,"")&" "&IF(AND(E16=$S$8,F16=$W$6),A16,"")&" "&IF(AND(E17=$S$8,F17=$W$6),A17,"")&" "&IF(AND(E18=$S$8,F18=$W$6),A18,"")&" "&IF(AND(E19=$S$8,F19=$W$6),A19,"")&" "&IF(AND(E20=$S$8,F20=$W$6),A20,"")&" "&IF(AND(E21=$S$8,F21=$W$6),A21,"")&" "&IF(AND(E22=$S$8,F22=$W$6),A22,"")&" "&IF(AND(E23=$S$8,F23=$W$6),A23,"")&" "&IF(AND(E24=$S$8,F24=$W$6),A24,"")&" "&IF(AND(E25=$S$8,F25=$W$6),A25,"")&" "&IF(AND(E26=$S$8,F26=$W$6),A26,"") | O8: =+IF(AND(E7=$S$8,F7=$X$6),A7,"")&" "&IF(AND(E8=$S$8,F8=$X$6),A8,"")&" "&IF(AND(E9=$S$8,F9=$X$6),A9,"")&" "&IF(AND(E10=$S$8,F10=$X$6),A10,"")&" "&IF(AND(E11=$S$8,F11=$X$6),A11,"")&" "&IF(AND(E12=$S$8,F12=$X$6),A12,"")&" "&IF(AND(E13=$S$8,F13=$X$6),A13,"")&" "&IF(AND(E14=$S$8,F14=$X$6),A14,"")&" "&IF(AND(E15=$S$8,F15=$X$6),A15,"")&" "&IF(AND(E16=$S$8,F16=$X$6),A16,"")&" "&IF(AND(E17=$S$8,F17=$X$6),A17,"")&" "&IF(AND(E18=$S$8,F18=$X$6),A18,"")&" "&IF(AND(E19=$S$8,F19=$X$6),A19,"")&" "&IF(AND(E20=$S$8,F20=$X$6),A20,"")&" "&IF(AND(E21=$S$8,F21=$X$6),A21,"")&" "&IF(AND(E22=$S$8,F22=$X$6),A22,"")&" "&IF(AND(E23=$S$8,F23=$X$6),A23,"")&" "&IF(AND(E24=$S$8,F24=$X$6),A24,"")&" "&IF(AND(E25=$S$8,F25=$X$6),A25,"")&" "&IF(AND(E26=$S$8,F26=$X$6),A26,"") | R8: 0.8 | S8: Alta | T8: Moderado | U8: Moderado | V8: Alto | W8: Alto | X8: Extremo
A9: ='2.1 MATRIZ DE RIESGOS GENERAL'!A33 -> GT7 | B9: ='2.1 MATRIZ DE RIESGOS GENERAL'!G33 -> Posibilidad de afectación económica y reputacional del Instituto, reflejada en la falta de continuidad del negocio por la pérdida total de la información digital, con la correspondiente suspensión en la prestación de servicios. Lo anterior, debido a la imposibilidad de restaurar la información institucional por desastre natural o evento de orden público | C9: ='2.1 MATRIZ DE RIESGOS GENERAL'!AE33 -> 0.24 | D9: ='2.1 MATRIZ DE RIESGOS GENERAL'!AG33 -> 0.75 | E9: =+IF(C9=0,"",IF(C9<=$R$11,$S$11,IF(C9<=$R$10,$S$10,IF(C9<=$R$9,$S$9,IF(C9<=$R$8,$S$8,IF(C9<=$R$7,$S$7,"")))))) -> Baja | F9: =+IF(D9=0,"",IF(D9<=$T$5,$T$6,IF(D9<=$U$5,$U$6,IF(D9<=$V$5,$V$6,IF(D9<=$W$5,$W$6,IF(D9<=$X$5,$X$6,"")))))) -> Mayor | G9: =+IF(E9=$S$7,IF(F9=$T$6,$T$7,IF(F9=$U$6,$U$7,IF(F9=$V$6,$V$7,IF(F9=$W$6,$W$7,IF(F9=$X$6,$X$7))))),IF(E9=$S$8,IF(F9=$T$6,$T$8,IF(F9=$U$6,$U$8,IF(F9=$V$6,$V$8,IF(F9=$W$6,$W$8,IF(F9=$X$6,$X$8))))),IF(E9=$S$9,IF(F9=$T$6,$T$9,IF(F9=$U$6,$U$9,IF(F9=$V$6,$V$9,IF(F9=$W$6,$W$9,IF(F9=$X$6,$X$9))))),IF(E9=$S$10,IF(F9=$T$6,$T$10,IF(F9=$U$6,$U$10,IF(F9=$V$6,$V$10,IF(F9=$W$6,$W$10,IF(F9=$X$6,$X$10))))),IF(E9=$S$11,IF(F9=$T$6,$T$11,IF(F9=$U$6,$U$11,IF(F9=$V$6,$V$11,IF(F9=$W$6,$W$11,IF(F9=$X$6,$X$11))))),""))))) -> Alto | J9: Media | K9: =+IF(AND(E7=$S$9,F7=$T$6),A7,"")&" "&IF(AND(E8=$S$9,F8=$T$6),A8,"")&" "&IF(AND(E9=$S$9,F9=$T$6),A9,"")&" "&IF(AND(E10=$S$9,F10=$T$6),A10,"")&" "&IF(AND(E11=$S$9,F11=$T$6),A11,"")&" "&IF(AND(E12=$S$9,F12=$T$6),A12,"")&" "&IF(AND(E13=$S$9,F13=$T$6),A13,"")&" "&IF(AND(E14=$S$9,F14=$T$6),A14,"")&" "&IF(AND(E15=$S$9,F15=$T$6),A15,"")&" "&IF(AND(E16=$S$9,F16=$T$6),A16,"")&" "&IF(AND(E17=$S$9,F17=$T$6),A17,"")&" "&IF(AND(E18=$S$9,F18=$T$6),A18,"")&" "&IF(AND(E19=$S$9,F19=$T$6),A19,"")&" "&IF(AND(E20=$S$9,F20=$T$6),A20,"")&" "&IF(AND(E21=$S$9,F21=$T$6),A21,"")&" "&IF(AND(E22=$S$9,F22=$T$6),A22,"")&" "&IF(AND(E23=$S$9,F23=$T$6),A23,"")&" "&IF(AND(E24=$S$9,F24=$T$6),A24,"")&" "&IF(AND(E25=$S$9,F25=$T$6),A25,"")&" "&IF(AND(E26=$S$9,F26=$T$6),A26,"") | L9: =+IF(AND(E7=$S$9,F7=$U$6),A7,"")&" "&IF(AND(E8=$S$9,F8=$U$6),A8,"")&" "&IF(AND(E9=$S$9,F9=$U$6),A9,"")&" "&IF(AND(E10=$S$9,F10=$U$6),A10,"")&" "&IF(AND(E11=$S$9,F11=$U$6),A11,"")&" "&IF(AND(E12=$S$9,F12=$U$6),A12,"")&" "&IF(AND(E13=$S$9,F13=$U$6),A13,"")&" "&IF(AND(E14=$S$9,F14=$U$6),A14,"")&" "&IF(AND(E15=$S$9,F15=$U$6),A15,"")&" "&IF(AND(E16=$S$9,F16=$U$6),A16,"")&" "&IF(AND(E17=$S$9,F17=$U$6),A17,"")&" "&IF(AND(E18=$S$9,F18=$U$6),A18,"")&" "&IF(AND(E19=$S$9,F19=$U$6),A19,"")&" "&IF(AND(E20=$S$9,F20=$U$6),A20,"")&" "&IF(AND(E21=$S$9,F21=$U$6),A21,"")&" "&IF(AND(E22=$S$9,F22=$U$6),A22,"")&" "&IF(AND(E23=$S$9,F23=$U$6),A23,"")&" "&IF(AND(E24=$S$9,F24=$U$6),A24,"")&" "&IF(AND(E25=$S$9,F25=$U$6),A25,"")&" "&IF(AND(E26=$S$9,F26=$U$6),A26,"") | M9: =+IF(AND(E7=$S$9,F7=$V$6),A7,"")&" "&IF(AND(E8=$S$9,F8=$V$6),A8,"")&" "&IF(AND(E9=$S$9,F9=$V$6),A9,"")&" "&IF(AND(E10=$S$9,F10=$V$6),A10,"")&" "&IF(AND(E11=$S$9,F11=$V$6),A11,"")&" "&IF(AND(E12=$S$9,F12=$V$6),A12,"")&" "&IF(AND(E13=$S$9,F13=$V$6),A13,"")&" "&IF(AND(E14=$S$9,F14=$V$6),A14,"")&" "&IF(AND(E15=$S$9,F15=$V$6),A15,"")&" "&IF(AND(E16=$S$9,F16=$V$6),A16,"")&" "&IF(AND(E17=$S$9,F17=$V$6),A17,"")&" "&IF(AND(E18=$S$9,F18=$V$6),A18,"")&" "&IF(AND(E19=$S$9,F19=$V$6),A19,"")&" "&IF(AND(E20=$S$9,F20=$V$6),A20,"")&" "&IF(AND(E21=$S$9,F21=$V$6),A21,"")&" "&IF(AND(E22=$S$9,F22=$V$6),A22,"")&" "&IF(AND(E23=$S$9,F23=$V$6),A23,"")&" "&IF(AND(E24=$S$9,F24=$V$6),A24,"")&" "&IF(AND(E25=$S$9,F25=$V$6),A25,"")&" "&IF(AND(E26=$S$9,F26=$V$6),A26,"") | N9: =+IF(AND(E7=$S$9,F7=$W$6),A7,"")&" "&IF(AND(E8=$S$9,F8=$W$6),A8,"")&" "&IF(AND(E9=$S$9,F9=$W$6),A9,"")&" "&IF(AND(E10=$S$9,F10=$W$6),A10,"")&" "&IF(AND(E11=$S$9,F11=$W$6),A11,"")&" "&IF(AND(E12=$S$9,F12=$W$6),A12,"")&" "&IF(AND(E13=$S$9,F13=$W$6),A13,"")&" "&IF(AND(E14=$S$9,F14=$W$6),A14,"")&" "&IF(AND(E15=$S$9,F15=$W$6),A15,"")&" "&IF(AND(E16=$S$9,F16=$W$6),A16,"")&" "&IF(AND(E17=$S$9,F17=$W$6),A17,"")&" "&IF(AND(E18=$S$9,F18=$W$6),A18,"")&" "&IF(AND(E19=$S$9,F19=$W$6),A19,"")&" "&IF(AND(E20=$S$9,F20=$W$6),A20,"")&" "&IF(AND(E21=$S$9,F21=$W$6),A21,"")&" "&IF(AND(E22=$S$9,F22=$W$6),A22,"")&" "&IF(AND(E23=$S$9,F23=$W$6),A23,"")&" "&IF(AND(E24=$S$9,F24=$W$6),A24,"")&" "&IF(AND(E25=$S$9,F25=$W$6),A25,"")&" "&IF(AND(E26=$S$9,F26=$W$6),A26,"") | O9: =+IF(AND(E7=$S$9,F7=$X$6),A7,"")&" "&IF(AND(E8=$S$9,F8=$X$6),A8,"")&" "&IF(AND(E9=$S$9,F9=$X$6),A9,"")&" "&IF(AND(E10=$S$9,F10=$X$6),A10,"")&" "&IF(AND(E11=$S$9,F11=$X$6),A11,"")&" "&IF(AND(E12=$S$9,F12=$X$6),A12,"")&" "&IF(AND(E13=$S$9,F13=$X$6),A13,"")&" "&IF(AND(E14=$S$9,F14=$X$6),A14,"")&" "&IF(AND(E15=$S$9,F15=$X$6),A15,"")&" "&IF(AND(E16=$S$9,F16=$X$6),A16,"")&" "&IF(AND(E17=$S$9,F17=$X$6),A17,"")&" "&IF(AND(E18=$S$9,F18=$X$6),A18,"")&" "&IF(AND(E19=$S$9,F19=$X$6),A19,"")&" "&IF(AND(E20=$S$9,F20=$X$6),A20,"")&" "&IF(AND(E21=$S$9,F21=$X$6),A21,"")&" "&IF(AND(E22=$S$9,F22=$X$6),A22,"")&" "&IF(AND(E23=$S$9,F23=$X$6),A23,"")&" "&IF(AND(E24=$S$9,F24=$X$6),A24,"")&" "&IF(AND(E25=$S$9,F25=$X$6),A25,"")&" "&IF(AND(E26=$S$9,F26=$X$6),A26,"") | R9: 0.6 | S9: Media | T9: Moderado | U9: Moderado | V9: Moderado | W9: Alto | X9: Extremo
A10: ='2.1 MATRIZ DE RIESGOS GENERAL'!A35 -> GT8 | B10: ='2.1 MATRIZ DE RIESGOS GENERAL'!G35 -> Posibilidad de efectos dañosos sobre recursos publicos por detrimento patrimonial, debido a bienes o servicios de TI inconclusos, infuncionales y/o que no brindan utilidad o beneficio, o por autorización de pagos que no cumple condiciones pactadas en los contratos de TI. | C10: ='2.1 MATRIZ DE RIESGOS GENERAL'!AE35 -> 0.144 | D10: ='2.1 MATRIZ DE RIESGOS GENERAL'!AG35 -> 0.6 | E10: =+IF(C10=0,"",IF(C10<=$R$11,$S$11,IF(C10<=$R$10,$S$10,IF(C10<=$R$9,$S$9,IF(C10<=$R$8,$S$8,IF(C10<=$R$7,$S$7,"")))))) -> Muy Baja | F10: =+IF(D10=0,"",IF(D10<=$T$5,$T$6,IF(D10<=$U$5,$U$6,IF(D10<=$V$5,$V$6,IF(D10<=$W$5,$W$6,IF(D10<=$X$5,$X$6,"")))))) -> Moderado | G10: =+IF(E10=$S$7,IF(F10=$T$6,$T$7,IF(F10=$U$6,$U$7,IF(F10=$V$6,$V$7,IF(F10=$W$6,$W$7,IF(F10=$X$6,$X$7))))),IF(E10=$S$8,IF(F10=$T$6,$T$8,IF(F10=$U$6,$U$8,IF(F10=$V$6,$V$8,IF(F10=$W$6,$W$8,IF(F10=$X$6,$X$8))))),IF(E10=$S$9,IF(F10=$T$6,$T$9,IF(F10=$U$6,$U$9,IF(F10=$V$6,$V$9,IF(F10=$W$6,$W$9,IF(F10=$X$6,$X$9))))),IF(E10=$S$10,IF(F10=$T$6,$T$10,IF(F10=$U$6,$U$10,IF(F10=$V$6,$V$10,IF(F10=$W$6,$W$10,IF(F10=$X$6,$X$10))))),IF(E10=$S$11,IF(F10=$T$6,$T$11,IF(F10=$U$6,$U$11,IF(F10=$V$6,$V$11,IF(F10=$W$6,$W$11,IF(F10=$X$6,$X$11))))),""))))) -> Moderado | J10: Baja | K10: =+IF(AND(E7=$S$10,F7=$T$6),A7,"")&" "&IF(AND(E8=$S$10,F8=$T$6),A8,"")&" "&IF(AND(E9=$S$10,F9=$T$6),A9,"")&" "&IF(AND(E10=$S$10,F10=$T$6),A10,"")&" "&IF(AND(E11=$S$10,F11=$T$6),A11,"")&" "&IF(AND(E12=$S$10,F12=$T$6),A12,"")&" "&IF(AND(E13=$S$10,F13=$T$6),A13,"")&" "&IF(AND(E14=$S$10,F14=$T$6),A14,"")&" "&IF(AND(E15=$S$10,F15=$T$6),A15,"")&" "&IF(AND(E16=$S$10,F16=$T$6),A16,"")&" "&IF(AND(E17=$S$10,F17=$T$6),A17,"")&" "&IF(AND(E18=$S$10,F18=$T$6),A18,"")&" "&IF(AND(E19=$S$10,F19=$T$6),A19,"")&" "&IF(AND(E20=$S$10,F20=$T$6),A20,"")&" "&IF(AND(E21=$S$10,F21=$T$6),A21,"")&" "&IF(AND(E22=$S$10,F22=$T$6),A22,"")&" "&IF(AND(E23=$S$10,F23=$T$6),A23,"")&" "&IF(AND(E24=$S$10,F24=$T$6),A24,"")&" "&IF(AND(E25=$S$10,F25=$T$6),A25,"")&" "&IF(AND(E26=$S$10,F26=$T$6),A26,"") | L10: =+IF(AND(E7=$S$10,F7=$U$6),A7,"")&" "&IF(AND(E8=$S$10,F8=$U$6),A8,"")&" "&IF(AND(E9=$S$10,F9=$U$6),A9,"")&" "&IF(AND(E10=$S$10,F10=$U$6),A10,"")&" "&IF(AND(E11=$S$10,F11=$U$6),A11,"")&" "&IF(AND(E12=$S$10,F12=$U$6),A12,"")&" "&IF(AND(E13=$S$10,F13=$U$6),A13,"")&" "&IF(AND(E14=$S$10,F14=$U$6),A14,"")&" "&IF(AND(E15=$S$10,F15=$U$6),A15,"")&" "&IF(AND(E16=$S$10,F16=$U$6),A16,"")&" "&IF(AND(E17=$S$10,F17=$U$6),A17,"")&" "&IF(AND(E18=$S$10,F18=$U$6),A18,"")&" "&IF(AND(E19=$S$10,F19=$U$6),A19,"")&" "&IF(AND(E20=$S$10,F20=$U$6),A20,"")&" "&IF(AND(E21=$S$10,F21=$U$6),A21,"")&" "&IF(AND(E22=$S$10,F22=$U$6),A22,"")&" "&IF(AND(E23=$S$10,F23=$U$6),A23,"")&" "&IF(AND(E24=$S$10,F24=$U$6),A24,"")&" "&IF(AND(E25=$S$10,F25=$U$6),A25,"")&" "&IF(AND(E26=$S$10,F26=$U$6),A26,"") | M10: =+IF(AND(E7=$S$10,F7=$V$6),A7,"")&" "&IF(AND(E8=$S$10,F8=$V$6),A8,"")&" "&IF(AND(E9=$S$10,F9=$V$6),A9,"")&" "&IF(AND(E10=$S$10,F10=$V$6),A10,"")&" "&IF(AND(E11=$S$10,F11=$V$6),A11,"")&" "&IF(AND(E12=$S$10,F12=$V$6),A12,"")&" "&IF(AND(E13=$S$10,F13=$V$6),A13,"")&" "&IF(AND(E14=$S$10,F14=$V$6),A14,"")&" "&IF(AND(E15=$S$10,F15=$V$6),A15,"")&" "&IF(AND(E16=$S$10,F16=$V$6),A16,"")&" "&IF(AND(E17=$S$10,F17=$V$6),A17,"")&" "&IF(AND(E18=$S$10,F18=$V$6),A18,"")&" "&IF(AND(E19=$S$10,F19=$V$6),A19,"")&" "&IF(AND(E20=$S$10,F20=$V$6),A20,"")&" "&IF(AND(E21=$S$10,F21=$V$6),A21,"")&" "&IF(AND(E22=$S$10,F22=$V$6),A22,"")&" "&IF(AND(E23=$S$10,F23=$V$6),A23,"")&" "&IF(AND(E24=$S$10,F24=$V$6),A24,"")&" "&IF(AND(E25=$S$10,F25=$V$6),A25,"")&" "&IF(AND(E26=$S$10,F26=$V$6),A26,"") | N10: =+IF(AND(E7=$S$10,F7=$W$6),A7,"")&" "&IF(AND(E8=$S$10,F8=$W$6),A8,"")&" "&IF(AND(E9=$S$10,F9=$W$6),A9,"")&" "&IF(AND(E10=$S$10,F10=$W$6),A10,"")&" "&IF(AND(E11=$S$10,F11=$W$6),A11,"")&" "&IF(AND(E12=$S$10,F12=$W$6),A12,"")&" "&IF(AND(E13=$S$10,F13=$W$6),A13,"")&" "&IF(AND(E14=$S$10,F14=$W$6),A14,"")&" "&IF(AND(E15=$S$10,F15=$W$6),A15,"")&" "&IF(AND(E16=$S$10,F16=$W$6),A16,"")&" "&IF(AND(E17=$S$10,F17=$W$6),A17,"")&" "&IF(AND(E18=$S$10,F18=$W$6),A18,"")&" "&IF(AND(E19=$S$10,F19=$W$6),A19,"")&" "&IF(AND(E20=$S$10,F20=$W$6),A20,"")&" "&IF(AND(E21=$S$10,F21=$W$6),A21,"")&" "&IF(AND(E22=$S$10,F22=$W$6),A22,"")&" "&IF(AND(E23=$S$10,F23=$W$6),A23,"")&" "&IF(AND(E24=$S$10,F24=$W$6),A24,"")&" "&IF(AND(E25=$S$10,F25=$W$6),A25,"")&" "&IF(AND(E26=$S$10,F26=$W$6),A26,"") -> GT7 | O10: =+IF(AND(E7=$S$10,F7=$X$6),A7,"")&" "&IF(AND(E8=$S$10,F8=$X$6),A8,"")&" "&IF(AND(E9=$S$10,F9=$X$6),A9,"")&" "&IF(AND(E10=$S$10,F10=$X$6),A10,"")&" "&IF(AND(E11=$S$10,F11=$X$6),A11,"")&" "&IF(AND(E12=$S$10,F12=$X$6),A12,"")&" "&IF(AND(E13=$S$10,F13=$X$6),A13,"")&" "&IF(AND(E14=$S$10,F14=$X$6),A14,"")&" "&IF(AND(E15=$S$10,F15=$X$6),A15,"")&" "&IF(AND(E16=$S$10,F16=$X$6),A16,"")&" "&IF(AND(E17=$S$10,F17=$X$6),A17,"")&" "&IF(AND(E18=$S$10,F18=$X$6),A18,"")&" "&IF(AND(E19=$S$10,F19=$X$6),A19,"")&" "&IF(AND(E20=$S$10,F20=$X$6),A20,"")&" "&IF(AND(E21=$S$10,F21=$X$6),A21,"")&" "&IF(AND(E22=$S$10,F22=$X$6),A22,"")&" "&IF(AND(E23=$S$10,F23=$X$6),A23,"")&" "&IF(AND(E24=$S$10,F24=$X$6),A24,"")&" "&IF(AND(E25=$S$10,F25=$X$6),A25,"")&" "&IF(AND(E26=$S$10,F26=$X$6),A26,"") | R10: 0.4 | S10: Baja | T10: Bajo | U10: Moderado | V10: Moderado | W10: Alto | X10: Extremo
A11: R5 | B11: 0 | D11: 0 | E11: =+IF(C11=0,"",IF(C11<=$R$11,$S$11,IF(C11<=$R$10,$S$10,IF(C11<=$R$9,$S$9,IF(C11<=$R$8,$S$8,IF(C11<=$R$7,$S$7,"")))))) | F11: =+IF(D11=0,"",IF(D11<=$T$5,$T$6,IF(D11<=$U$5,$U$6,IF(D11<=$V$5,$V$6,IF(D11<=$W$5,$W$6,IF(D11<=$X$5,$X$6,"")))))) | G11: =+IF(E11=$S$7,IF(F11=$T$6,$T$7,IF(F11=$U$6,$U$7,IF(F11=$V$6,$V$7,IF(F11=$W$6,$W$7,IF(F11=$X$6,$X$7))))),IF(E11=$S$8,IF(F11=$T$6,$T$8,IF(F11=$U$6,$U$8,IF(F11=$V$6,$V$8,IF(F11=$W$6,$W$8,IF(F11=$X$6,$X$8))))),IF(E11=$S$9,IF(F11=$T$6,$T$9,IF(F11=$U$6,$U$9,IF(F11=$V$6,$V$9,IF(F11=$W$6,$W$9,IF(F11=$X$6,$X$9))))),IF(E11=$S$10,IF(F11=$T$6,$T$10,IF(F11=$U$6,$U$10,IF(F11=$V$6,$V$10,IF(F11=$W$6,$W$10,IF(F11=$X$6,$X$10))))),IF(E11=$S$11,IF(F11=$T$6,$T$11,IF(F11=$U$6,$U$11,IF(F11=$V$6,$V$11,IF(F11=$W$6,$W$11,IF(F11=$X$6,$X$11))))),""))))) | J11: Muy Baja | K11: =+IF(AND(E7=$S$11,F7=$T$6),A7,"")&" "&IF(AND(E8=$S$11,F8=$T$6),A8,"")&" "&IF(AND(E9=$S$11,F9=$T$6),A9,"")&" "&IF(AND(E10=$S$11,F10=$T$6),A10,"")&" "&IF(AND(E11=$S$11,F11=$T$6),A11,"")&" "&IF(AND(E12=$S$11,F12=$T$6),A12,"")&" "&IF(AND(E13=$S$11,F13=$T$6),A13,"")&" "&IF(AND(E14=$S$11,F14=$T$6),A14,"")&" "&IF(AND(E15=$S$11,F15=$T$6),A15,"")&" "&IF(AND(E16=$S$11,F16=$T$6),A16,"")&" "&IF(AND(E17=$S$11,F17=$T$6),A17,"")&" "&IF(AND(E18=$S$11,F18=$T$6),A18,"")&" "&IF(AND(E19=$S$11,F19=$T$6),A19,"")&" "&IF(AND(E20=$S$11,F20=$T$6),A20,"")&" "&IF(AND(E21=$S$11,F21=$T$6),A21,"")&" "&IF(AND(E22=$S$11,F22=$T$6),A22,"")&" "&IF(AND(E23=$S$11,F23=$T$6),A23,"")&" "&IF(AND(E24=$S$11,F24=$T$6),A24,"")&" "&IF(AND(E25=$S$11,F25=$T$6),A25,"")&" "&IF(AND(E26=$S$11,F26=$T$6),A26,"") | L11: =+IF(AND(E7=$S$11,F7=$U$6),A7,"")&" "&IF(AND(E8=$S$11,F8=$U$6),A8,"")&" "&IF(AND(E9=$S$11,F9=$U$6),A9,"")&" "&IF(AND(E10=$S$11,F10=$U$6),A10,"")&" "&IF(AND(E11=$S$11,F11=$U$6),A11,"")&" "&IF(AND(E12=$S$11,F12=$U$6),A12,"")&" "&IF(AND(E13=$S$11,F13=$U$6),A13,"")&" "&IF(AND(E14=$S$11,F14=$U$6),A14,"")&" "&IF(AND(E15=$S$11,F15=$U$6),A15,"")&" "&IF(AND(E16=$S$11,F16=$U$6),A16,"")&" "&IF(AND(E17=$S$11,F17=$U$6),A17,"")&" "&IF(AND(E18=$S$11,F18=$U$6),A18,"")&" "&IF(AND(E19=$S$11,F19=$U$6),A19,"")&" "&IF(AND(E20=$S$11,F20=$U$6),A20,"")&" "&IF(AND(E21=$S$11,F21=$U$6),A21,"")&" "&IF(AND(E22=$S$11,F22=$U$6),A22,"")&" "&IF(AND(E23=$S$11,F23=$U$6),A23,"")&" "&IF(AND(E24=$S$11,F24=$U$6),A24,"")&" "&IF(AND(E25=$S$11,F25=$U$6),A25,"")&" "&IF(AND(E26=$S$11,F26=$U$6),A26,"") -> GT5 | M11: =+IF(AND(E7=$S$11,F7=$V$6),A7,"")&" "&IF(AND(E8=$S$11,F8=$V$6),A8,"")&" "&IF(AND(E9=$S$11,F9=$V$6),A9,"")&" "&IF(AND(E10=$S$11,F10=$V$6),A10,"")&" "&IF(AND(E11=$S$11,F11=$V$6),A11,"")&" "&IF(AND(E12=$S$11,F12=$V$6),A12,"")&" "&IF(AND(E13=$S$11,F13=$V$6),A13,"")&" "&IF(AND(E14=$S$11,F14=$V$6),A14,"")&" "&IF(AND(E15=$S$11,F15=$V$6),A15,"")&" "&IF(AND(E16=$S$11,F16=$V$6),A16,"")&" "&IF(AND(E17=$S$11,F17=$V$6),A17,"")&" "&IF(AND(E18=$S$11,F18=$V$6),A18,"")&" "&IF(AND(E19=$S$11,F19=$V$6),A19,"")&" "&IF(AND(E20=$S$11,F20=$V$6),A20,"")&" "&IF(AND(E21=$S$11,F21=$V$6),A21,"")&" "&IF(AND(E22=$S$11,F22=$V$6),A22,"")&" "&IF(AND(E23=$S$11,F23=$V$6),A23,"")&" "&IF(AND(E24=$S$11,F24=$V$6),A24,"")&" "&IF(AND(E25=$S$11,F25=$V$6),A25,"")&" "&IF(AND(E26=$S$11,F26=$V$6),A26,"") -> GT6 GT8 | N11: =+IF(AND(E7=$S$11,F7=$W$6),A7,"")&" "&IF(AND(E8=$S$11,F8=$W$6),A8,"")&" "&IF(AND(E9=$S$11,F9=$W$6),A9,"")&" "&IF(AND(E10=$S$11,F10=$W$6),A10,"")&" "&IF(AND(E11=$S$11,F11=$W$6),A11,"")&" "&IF(AND(E12=$S$11,F12=$W$6),A12,"")&" "&IF(AND(E13=$S$11,F13=$W$6),A13,"")&" "&IF(AND(E14=$S$11,F14=$W$6),A14,"")&" "&IF(AND(E15=$S$11,F15=$W$6),A15,"")&" "&IF(AND(E16=$S$11,F16=$W$6),A16,"")&" "&IF(AND(E17=$S$11,F17=$W$6),A17,"")&" "&IF(AND(E18=$S$11,F18=$W$6),A18,"")&" "&IF(AND(E19=$S$11,F19=$W$6),A19,"")&" "&IF(AND(E20=$S$11,F20=$W$6),A20,"")&" "&IF(AND(E21=$S$11,F21=$W$6),A21,"")&" "&IF(AND(E22=$S$11,F22=$W$6),A22,"")&" "&IF(AND(E23=$S$11,F23=$W$6),A23,"")&" "&IF(AND(E24=$S$11,F24=$W$6),A24,"")&" "&IF(AND(E25=$S$11,F25=$W$6),A25,"")&" "&IF(AND(E26=$S$11,F26=$W$6),A26,"") | O11: =+IF(AND(E7=$S$11,F7=$X$6),A7,"")&" "&IF(AND(E8=$S$11,F8=$X$6),A8,"")&" "&IF(AND(E9=$S$11,F9=$X$6),A9,"")&" "&IF(AND(E10=$S$11,F10=$X$6),A10,"")&" "&IF(AND(E11=$S$11,F11=$X$6),A11,"")&" "&IF(AND(E12=$S$11,F12=$X$6),A12,"")&" "&IF(AND(E13=$S$11,F13=$X$6),A13,"")&" "&IF(AND(E14=$S$11,F14=$X$6),A14,"")&" "&IF(AND(E15=$S$11,F15=$X$6),A15,"")&" "&IF(AND(E16=$S$11,F16=$X$6),A16,"")&" "&IF(AND(E17=$S$11,F17=$X$6),A17,"")&" "&IF(AND(E18=$S$11,F18=$X$6),A18,"")&" "&IF(AND(E19=$S$11,F19=$X$6),A19,"")&" "&IF(AND(E20=$S$11,F20=$X$6),A20,"")&" "&IF(AND(E21=$S$11,F21=$X$6),A21,"")&" "&IF(AND(E22=$S$11,F22=$X$6),A22,"")&" "&IF(AND(E23=$S$11,F23=$X$6),A23,"")&" "&IF(AND(E24=$S$11,F24=$X$6),A24,"")&" "&IF(AND(E25=$S$11,F25=$X$6),A25,"")&" "&IF(AND(E26=$S$11,F26=$X$6),A26,"") | R11: 0.2 | S11: Muy Baja | T11: Bajo | U11: Bajo | V11: Moderado | W11: Alto | X11: Extremo
A12: R6 | B12: 0 | D12: 0 | E12: =+IF(C12=0,"",IF(C12<=$R$11,$S$11,IF(C12<=$R$10,$S$10,IF(C12<=$R$9,$S$9,IF(C12<=$R$8,$S$8,IF(C12<=$R$7,$S$7,"")))))) | F12: =+IF(D12=0,"",IF(D12<=$T$5,$T$6,IF(D12<=$U$5,$U$6,IF(D12<=$V$5,$V$6,IF(D12<=$W$5,$W$6,IF(D12<=$X$5,$X$6,"")))))) | G12: =+IF(E12=$S$7,IF(F12=$T$6,$T$7,IF(F12=$U$6,$U$7,IF(F12=$V$6,$V$7,IF(F12=$W$6,$W$7,IF(F12=$X$6,$X$7))))),IF(E12=$S$8,IF(F12=$T$6,$T$8,IF(F12=$U$6,$U$8,IF(F12=$V$6,$V$8,IF(F12=$W$6,$W$8,IF(F12=$X$6,$X$8))))),IF(E12=$S$9,IF(F12=$T$6,$T$9,IF(F12=$U$6,$U$9,IF(F12=$V$6,$V$9,IF(F12=$W$6,$W$9,IF(F12=$X$6,$X$9))))),IF(E12=$S$10,IF(F12=$T$6,$T$10,IF(F12=$U$6,$U$10,IF(F12=$V$6,$V$10,IF(F12=$W$6,$W$10,IF(F12=$X$6,$X$10))))),IF(E12=$S$11,IF(F12=$T$6,$T$11,IF(F12=$U$6,$U$11,IF(F12=$V$6,$V$11,IF(F12=$W$6,$W$11,IF(F12=$X$6,$X$11))))),"")))))
A13: R7 | B13: 0 | D13: 0 | E13: =+IF(C13=0,"",IF(C13<=$R$11,$S$11,IF(C13<=$R$10,$S$10,IF(C13<=$R$9,$S$9,IF(C13<=$R$8,$S$8,IF(C13<=$R$7,$S$7,"")))))) | F13: =+IF(D13=0,"",IF(D13<=$T$5,$T$6,IF(D13<=$U$5,$U$6,IF(D13<=$V$5,$V$6,IF(D13<=$W$5,$W$6,IF(D13<=$X$5,$X$6,"")))))) | G13: =+IF(E13=$S$7,IF(F13=$T$6,$T$7,IF(F13=$U$6,$U$7,IF(F13=$V$6,$V$7,IF(F13=$W$6,$W$7,IF(F13=$X$6,$X$7))))),IF(E13=$S$8,IF(F13=$T$6,$T$8,IF(F13=$U$6,$U$8,IF(F13=$V$6,$V$8,IF(F13=$W$6,$W$8,IF(F13=$X$6,$X$8))))),IF(E13=$S$9,IF(F13=$T$6,$T$9,IF(F13=$U$6,$U$9,IF(F13=$V$6,$V$9,IF(F13=$W$6,$W$9,IF(F13=$X$6,$X$9))))),IF(E13=$S$10,IF(F13=$T$6,$T$10,IF(F13=$U$6,$U$10,IF(F13=$V$6,$V$10,IF(F13=$W$6,$W$10,IF(F13=$X$6,$X$10))))),IF(E13=$S$11,IF(F13=$T$6,$T$11,IF(F13=$U$6,$U$11,IF(F13=$V$6,$V$11,IF(F13=$W$6,$W$11,IF(F13=$X$6,$X$11))))),""))))) | J13: NIVELES DE RIESGO
A14: R8 | B14: 0 | D14: 0 | E14: =+IF(C14=0,"",IF(C14<=$R$11,$S$11,IF(C14<=$R$10,$S$10,IF(C14<=$R$9,$S$9,IF(C14<=$R$8,$S$8,IF(C14<=$R$7,$S$7,"")))))) | F14: =+IF(D14=0,"",IF(D14<=$T$5,$T$6,IF(D14<=$U$5,$U$6,IF(D14<=$V$5,$V$6,IF(D14<=$W$5,$W$6,IF(D14<=$X$5,$X$6,"")))))) | G14: =+IF(E14=$S$7,IF(F14=$T$6,$T$7,IF(F14=$U$6,$U$7,IF(F14=$V$6,$V$7,IF(F14=$W$6,$W$7,IF(F14=$X$6,$X$7))))),IF(E14=$S$8,IF(F14=$T$6,$T$8,IF(F14=$U$6,$U$8,IF(F14=$V$6,$V$8,IF(F14=$W$6,$W$8,IF(F14=$X$6,$X$8))))),IF(E14=$S$9,IF(F14=$T$6,$T$9,IF(F14=$U$6,$U$9,IF(F14=$V$6,$V$9,IF(F14=$W$6,$W$9,IF(F14=$X$6,$X$9))))),IF(E14=$S$10,IF(F14=$T$6,$T$10,IF(F14=$U$6,$U$10,IF(F14=$V$6,$V$10,IF(F14=$W$6,$W$10,IF(F14=$X$6,$X$10))))),IF(E14=$S$11,IF(F14=$T$6,$T$11,IF(F14=$U$6,$U$11,IF(F14=$V$6,$V$11,IF(F14=$W$6,$W$11,IF(F14=$X$6,$X$11))))),""))))) | J14: Extremo
A15: R9 | B15: 0 | D15: 0 | E15: =+IF(C15=0,"",IF(C15<=$R$11,$S$11,IF(C15<=$R$10,$S$10,IF(C15<=$R$9,$S$9,IF(C15<=$R$8,$S$8,IF(C15<=$R$7,$S$7,"")))))) | F15: =+IF(D15=0,"",IF(D15<=$T$5,$T$6,IF(D15<=$U$5,$U$6,IF(D15<=$V$5,$V$6,IF(D15<=$W$5,$W$6,IF(D15<=$X$5,$X$6,"")))))) | G15: =+IF(E15=$S$7,IF(F15=$T$6,$T$7,IF(F15=$U$6,$U$7,IF(F15=$V$6,$V$7,IF(F15=$W$6,$W$7,IF(F15=$X$6,$X$7))))),IF(E15=$S$8,IF(F15=$T$6,$T$8,IF(F15=$U$6,$U$8,IF(F15=$V$6,$V$8,IF(F15=$W$6,$W$8,IF(F15=$X$6,$X$8))))),IF(E15=$S$9,IF(F15=$T$6,$T$9,IF(F15=$U$6,$U$9,IF(F15=$V$6,$V$9,IF(F15=$W$6,$W$9,IF(F15=$X$6,$X$9))))),IF(E15=$S$10,IF(F15=$T$6,$T$10,IF(F15=$U$6,$U$10,IF(F15=$V$6,$V$10,IF(F15=$W$6,$W$10,IF(F15=$X$6,$X$10))))),IF(E15=$S$11,IF(F15=$T$6,$T$11,IF(F15=$U$6,$U$11,IF(F15=$V$6,$V$11,IF(F15=$W$6,$W$11,IF(F15=$X$6,$X$11))))),""))))) | J15: Alto
A16: R10 | B16: 0 | D16: 0 | E16: =+IF(C16=0,"",IF(C16<=$R$11,$S$11,IF(C16<=$R$10,$S$10,IF(C16<=$R$9,$S$9,IF(C16<=$R$8,$S$8,IF(C16<=$R$7,$S$7,"")))))) | F16: =+IF(D16=0,"",IF(D16<=$T$5,$T$6,IF(D16<=$U$5,$U$6,IF(D16<=$V$5,$V$6,IF(D16<=$W$5,$W$6,IF(D16<=$X$5,$X$6,"")))))) | G16: =+IF(E16=$S$7,IF(F16=$T$6,$T$7,IF(F16=$U$6,$U$7,IF(F16=$V$6,$V$7,IF(F16=$W$6,$W$7,IF(F16=$X$6,$X$7))))),IF(E16=$S$8,IF(F16=$T$6,$T$8,IF(F16=$U$6,$U$8,IF(F16=$V$6,$V$8,IF(F16=$W$6,$W$8,IF(F16=$X$6,$X$8))))),IF(E16=$S$9,IF(F16=$T$6,$T$9,IF(F16=$U$6,$U$9,IF(F16=$V$6,$V$9,IF(F16=$W$6,$W$9,IF(F16=$X$6,$X$9))))),IF(E16=$S$10,IF(F16=$T$6,$T$10,IF(F16=$U$6,$U$10,IF(F16=$V$6,$V$10,IF(F16=$W$6,$W$10,IF(F16=$X$6,$X$10))))),IF(E16=$S$11,IF(F16=$T$6,$T$11,IF(F16=$U$6,$U$11,IF(F16=$V$6,$V$11,IF(F16=$W$6,$W$11,IF(F16=$X$6,$X$11))))),""))))) | J16: Moderado
A17: R11 | B17: 0 | D17: 0 | E17: =+IF(C17=0,"",IF(C17<=$R$11,$S$11,IF(C17<=$R$10,$S$10,IF(C17<=$R$9,$S$9,IF(C17<=$R$8,$S$8,IF(C17<=$R$7,$S$7,"")))))) | F17: =+IF(D17=0,"",IF(D17<=$T$5,$T$6,IF(D17<=$U$5,$U$6,IF(D17<=$V$5,$V$6,IF(D17<=$W$5,$W$6,IF(D17<=$X$5,$X$6,"")))))) | G17: =+IF(E17=$S$7,IF(F17=$T$6,$T$7,IF(F17=$U$6,$U$7,IF(F17=$V$6,$V$7,IF(F17=$W$6,$W$7,IF(F17=$X$6,$X$7))))),IF(E17=$S$8,IF(F17=$T$6,$T$8,IF(F17=$U$6,$U$8,IF(F17=$V$6,$V$8,IF(F17=$W$6,$W$8,IF(F17=$X$6,$X$8))))),IF(E17=$S$9,IF(F17=$T$6,$T$9,IF(F17=$U$6,$U$9,IF(F17=$V$6,$V$9,IF(F17=$W$6,$W$9,IF(F17=$X$6,$X$9))))),IF(E17=$S$10,IF(F17=$T$6,$T$10,IF(F17=$U$6,$U$10,IF(F17=$V$6,$V$10,IF(F17=$W$6,$W$10,IF(F17=$X$6,$X$10))))),IF(E17=$S$11,IF(F17=$T$6,$T$11,IF(F17=$U$6,$U$11,IF(F17=$V$6,$V$11,IF(F17=$W$6,$W$11,IF(F17=$X$6,$X$11))))),""))))) | J17: Bajo
A18: R12 | B18: 0 | D18: 0 | E18: =+IF(C18=0,"",IF(C18<=$R$11,$S$11,IF(C18<=$R$10,$S$10,IF(C18<=$R$9,$S$9,IF(C18<=$R$8,$S$8,IF(C18<=$R$7,$S$7,"")))))) | F18: =+IF(D18=0,"",IF(D18<=$T$5,$T$6,IF(D18<=$U$5,$U$6,IF(D18<=$V$5,$V$6,IF(D18<=$W$5,$W$6,IF(D18<=$X$5,$X$6,"")))))) | G18: =+IF(E18=$S$7,IF(F18=$T$6,$T$7,IF(F18=$U$6,$U$7,IF(F18=$V$6,$V$7,IF(F18=$W$6,$W$7,IF(F18=$X$6,$X$7))))),IF(E18=$S$8,IF(F18=$T$6,$T$8,IF(F18=$U$6,$U$8,IF(F18=$V$6,$V$8,IF(F18=$W$6,$W$8,IF(F18=$X$6,$X$8))))),IF(E18=$S$9,IF(F18=$T$6,$T$9,IF(F18=$U$6,$U$9,IF(F18=$V$6,$V$9,IF(F18=$W$6,$W$9,IF(F18=$X$6,$X$9))))),IF(E18=$S$10,IF(F18=$T$6,$T$10,IF(F18=$U$6,$U$10,IF(F18=$V$6,$V$10,IF(F18=$W$6,$W$10,IF(F18=$X$6,$X$10))))),IF(E18=$S$11,IF(F18=$T$6,$T$11,IF(F18=$U$6,$U$11,IF(F18=$V$6,$V$11,IF(F18=$W$6,$W$11,IF(F18=$X$6,$X$11))))),"")))))
A19: R13 | B19: 0 | D19: 0 | E19: =+IF(C19=0,"",IF(C19<=$R$11,$S$11,IF(C19<=$R$10,$S$10,IF(C19<=$R$9,$S$9,IF(C19<=$R$8,$S$8,IF(C19<=$R$7,$S$7,"")))))) | F19: =+IF(D19=0,"",IF(D19<=$T$5,$T$6,IF(D19<=$U$5,$U$6,IF(D19<=$V$5,$V$6,IF(D19<=$W$5,$W$6,IF(D19<=$X$5,$X$6,"")))))) | G19: =+IF(E19=$S$7,IF(F19=$T$6,$T$7,IF(F19=$U$6,$U$7,IF(F19=$V$6,$V$7,IF(F19=$W$6,$W$7,IF(F19=$X$6,$X$7))))),IF(E19=$S$8,IF(F19=$T$6,$T$8,IF(F19=$U$6,$U$8,IF(F19=$V$6,$V$8,IF(F19=$W$6,$W$8,IF(F19=$X$6,$X$8))))),IF(E19=$S$9,IF(F19=$T$6,$T$9,IF(F19=$U$6,$U$9,IF(F19=$V$6,$V$9,IF(F19=$W$6,$W$9,IF(F19=$X$6,$X$9))))),IF(E19=$S$10,IF(F19=$T$6,$T$10,IF(F19=$U$6,$U$10,IF(F19=$V$6,$V$10,IF(F19=$W$6,$W$10,IF(F19=$X$6,$X$10))))),IF(E19=$S$11,IF(F19=$T$6,$T$11,IF(F19=$U$6,$U$11,IF(F19=$V$6,$V$11,IF(F19=$W$6,$W$11,IF(F19=$X$6,$X$11))))),"")))))
A20: R14 | B20: 0 | D20: 0 | E20: =+IF(C20=0,"",IF(C20<=$R$11,$S$11,IF(C20<=$R$10,$S$10,IF(C20<=$R$9,$S$9,IF(C20<=$R$8,$S$8,IF(C20<=$R$7,$S$7,"")))))) | F20: =+IF(D20=0,"",IF(D20<=$T$5,$T$6,IF(D20<=$U$5,$U$6,IF(D20<=$V$5,$V$6,IF(D20<=$W$5,$W$6,IF(D20<=$X$5,$X$6,"")))))) | G20: =+IF(E20=$S$7,IF(F20=$T$6,$T$7,IF(F20=$U$6,$U$7,IF(F20=$V$6,$V$7,IF(F20=$W$6,$W$7,IF(F20=$X$6,$X$7))))),IF(E20=$S$8,IF(F20=$T$6,$T$8,IF(F20=$U$6,$U$8,IF(F20=$V$6,$V$8,IF(F20=$W$6,$W$8,IF(F20=$X$6,$X$8))))),IF(E20=$S$9,IF(F20=$T$6,$T$9,IF(F20=$U$6,$U$9,IF(F20=$V$6,$V$9,IF(F20=$W$6,$W$9,IF(F20=$X$6,$X$9))))),IF(E20=$S$10,IF(F20=$T$6,$T$10,IF(F20=$U$6,$U$10,IF(F20=$V$6,$V$10,IF(F20=$W$6,$W$10,IF(F20=$X$6,$X$10))))),IF(E20=$S$11,IF(F20=$T$6,$T$11,IF(F20=$U$6,$U$11,IF(F20=$V$6,$V$11,IF(F20=$W$6,$W$11,IF(F20=$X$6,$X$11))))),"")))))
A21: R15 | B21: 0 | D21: 0 | E21: =+IF(C21=0,"",IF(C21<=$R$11,$S$11,IF(C21<=$R$10,$S$10,IF(C21<=$R$9,$S$9,IF(C21<=$R$8,$S$8,IF(C21<=$R$7,$S$7,"")))))) | F21: =+IF(D21=0,"",IF(D21<=$T$5,$T$6,IF(D21<=$U$5,$U$6,IF(D21<=$V$5,$V$6,IF(D21<=$W$5,$W$6,IF(D21<=$X$5,$X$6,"")))))) | G21: =+IF(E21=$S$7,IF(F21=$T$6,$T$7,IF(F21=$U$6,$U$7,IF(F21=$V$6,$V$7,IF(F21=$W$6,$W$7,IF(F21=$X$6,$X$7))))),IF(E21=$S$8,IF(F21=$T$6,$T$8,IF(F21=$U$6,$U$8,IF(F21=$V$6,$V$8,IF(F21=$W$6,$W$8,IF(F21=$X$6,$X$8))))),IF(E21=$S$9,IF(F21=$T$6,$T$9,IF(F21=$U$6,$U$9,IF(F21=$V$6,$V$9,IF(F21=$W$6,$W$9,IF(F21=$X$6,$X$9))))),IF(E21=$S$10,IF(F21=$T$6,$T$10,IF(F21=$U$6,$U$10,IF(F21=$V$6,$V$10,IF(F21=$W$6,$W$10,IF(F21=$X$6,$X$10))))),IF(E21=$S$11,IF(F21=$T$6,$T$11,IF(F21=$U$6,$U$11,IF(F21=$V$6,$V$11,IF(F21=$W$6,$W$11,IF(F21=$X$6,$X$11))))),"")))))
A22: R16 | B22: 0 | D22: 0 | E22: =+IF(C22=0,"",IF(C22<=$R$11,$S$11,IF(C22<=$R$10,$S$10,IF(C22<=$R$9,$S$9,IF(C22<=$R$8,$S$8,IF(C22<=$R$7,$S$7,"")))))) | F22: =+IF(D22=0,"",IF(D22<=$T$5,$T$6,IF(D22<=$U$5,$U$6,IF(D22<=$V$5,$V$6,IF(D22<=$W$5,$W$6,IF(D22<=$X$5,$X$6,"")))))) | G22: =+IF(E22=$S$7,IF(F22=$T$6,$T$7,IF(F22=$U$6,$U$7,IF(F22=$V$6,$V$7,IF(F22=$W$6,$W$7,IF(F22=$X$6,$X$7))))),IF(E22=$S$8,IF(F22=$T$6,$T$8,IF(F22=$U$6,$U$8,IF(F22=$V$6,$V$8,IF(F22=$W$6,$W$8,IF(F22=$X$6,$X$8))))),IF(E22=$S$9,IF(F22=$T$6,$T$9,IF(F22=$U$6,$U$9,IF(F22=$V$6,$V$9,IF(F22=$W$6,$W$9,IF(F22=$X$6,$X$9))))),IF(E22=$S$10,IF(F22=$T$6,$T$10,IF(F22=$U$6,$U$10,IF(F22=$V$6,$V$10,IF(F22=$W$6,$W$10,IF(F22=$X$6,$X$10))))),IF(E22=$S$11,IF(F22=$T$6,$T$11,IF(F22=$U$6,$U$11,IF(F22=$V$6,$V$11,IF(F22=$W$6,$W$11,IF(F22=$X$6,$X$11))))),"")))))
A23: R17 | B23: 0 | D23: 0 | E23: =+IF(C23=0,"",IF(C23<=$R$11,$S$11,IF(C23<=$R$10,$S$10,IF(C23<=$R$9,$S$9,IF(C23<=$R$8,$S$8,IF(C23<=$R$7,$S$7,"")))))) | F23: =+IF(D23=0,"",IF(D23<=$T$5,$T$6,IF(D23<=$U$5,$U$6,IF(D23<=$V$5,$V$6,IF(D23<=$W$5,$W$6,IF(D23<=$X$5,$X$6,"")))))) | G23: =+IF(E23=$S$7,IF(F23=$T$6,$T$7,IF(F23=$U$6,$U$7,IF(F23=$V$6,$V$7,IF(F23=$W$6,$W$7,IF(F23=$X$6,$X$7))))),IF(E23=$S$8,IF(F23=$T$6,$T$8,IF(F23=$U$6,$U$8,IF(F23=$V$6,$V$8,IF(F23=$W$6,$W$8,IF(F23=$X$6,$X$8))))),IF(E23=$S$9,IF(F23=$T$6,$T$9,IF(F23=$U$6,$U$9,IF(F23=$V$6,$V$9,IF(F23=$W$6,$W$9,IF(F23=$X$6,$X$9))))),IF(E23=$S$10,IF(F23=$T$6,$T$10,IF(F23=$U$6,$U$10,IF(F23=$V$6,$V$10,IF(F23=$W$6,$W$10,IF(F23=$X$6,$X$10))))),IF(E23=$S$11,IF(F23=$T$6,$T$11,IF(F23=$U$6,$U$11,IF(F23=$V$6,$V$11,IF(F23=$W$6,$W$11,IF(F23=$X$6,$X$11))))),"")))))
A24: R18 | B24: 0 | D24: 0 | E24: =+IF(C24=0,"",IF(C24<=$R$11,$S$11,IF(C24<=$R$10,$S$10,IF(C24<=$R$9,$S$9,IF(C24<=$R$8,$S$8,IF(C24<=$R$7,$S$7,"")))))) | F24: =+IF(D24=0,"",IF(D24<=$T$5,$T$6,IF(D24<=$U$5,$U$6,IF(D24<=$V$5,$V$6,IF(D24<=$W$5,$W$6,IF(D24<=$X$5,$X$6,"")))))) | G24: =+IF(E24=$S$7,IF(F24=$T$6,$T$7,IF(F24=$U$6,$U$7,IF(F24=$V$6,$V$7,IF(F24=$W$6,$W$7,IF(F24=$X$6,$X$7))))),IF(E24=$S$8,IF(F24=$T$6,$T$8,IF(F24=$U$6,$U$8,IF(F24=$V$6,$V$8,IF(F24=$W$6,$W$8,IF(F24=$X$6,$X$8))))),IF(E24=$S$9,IF(F24=$T$6,$T$9,IF(F24=$U$6,$U$9,IF(F24=$V$6,$V$9,IF(F24=$W$6,$W$9,IF(F24=$X$6,$X$9))))),IF(E24=$S$10,IF(F24=$T$6,$T$10,IF(F24=$U$6,$U$10,IF(F24=$V$6,$V$10,IF(F24=$W$6,$W$10,IF(F24=$X$6,$X$10))))),IF(E24=$S$11,IF(F24=$T$6,$T$11,IF(F24=$U$6,$U$11,IF(F24=$V$6,$V$11,IF(F24=$W$6,$W$11,IF(F24=$X$6,$X$11))))),"")))))
A25: R19 | B25: 0 | D25: 0 | E25: =+IF(C25=0,"",IF(C25<=$R$11,$S$11,IF(C25<=$R$10,$S$10,IF(C25<=$R$9,$S$9,IF(C25<=$R$8,$S$8,IF(C25<=$R$7,$S$7,"")))))) | F25: =+IF(D25=0,"",IF(D25<=$T$5,$T$6,IF(D25<=$U$5,$U$6,IF(D25<=$V$5,$V$6,IF(D25<=$W$5,$W$6,IF(D25<=$X$5,$X$6,"")))))) | G25: =+IF(E25=$S$7,IF(F25=$T$6,$T$7,IF(F25=$U$6,$U$7,IF(F25=$V$6,$V$7,IF(F25=$W$6,$W$7,IF(F25=$X$6,$X$7))))),IF(E25=$S$8,IF(F25=$T$6,$T$8,IF(F25=$U$6,$U$8,IF(F25=$V$6,$V$8,IF(F25=$W$6,$W$8,IF(F25=$X$6,$X$8))))),IF(E25=$S$9,IF(F25=$T$6,$T$9,IF(F25=$U$6,$U$9,IF(F25=$V$6,$V$9,IF(F25=$W$6,$W$9,IF(F25=$X$6,$X$9))))),IF(E25=$S$10,IF(F25=$T$6,$T$10,IF(F25=$U$6,$U$10,IF(F25=$V$6,$V$10,IF(F25=$W$6,$W$10,IF(F25=$X$6,$X$10))))),IF(E25=$S$11,IF(F25=$T$6,$T$11,IF(F25=$U$6,$U$11,IF(F25=$V$6,$V$11,IF(F25=$W$6,$W$11,IF(F25=$X$6,$X$11))))),"")))))
A26: R20 | B26: 0 | D26: 0 | E26: =+IF(C26=0,"",IF(C26<=$R$11,$S$11,IF(C26<=$R$10,$S$10,IF(C26<=$R$9,$S$9,IF(C26<=$R$8,$S$8,IF(C26<=$R$7,$S$7,"")))))) | F26: =+IF(D26=0,"",IF(D26<=$T$5,$T$6,IF(D26<=$U$5,$U$6,IF(D26<=$V$5,$V$6,IF(D26<=$W$5,$W$6,IF(D26<=$X$5,$X$6,"")))))) | G26: =+IF(E26=$S$7,IF(F26=$T$6,$T$7,IF(F26=$U$6,$U$7,IF(F26=$V$6,$V$7,IF(F26=$W$6,$W$7,IF(F26=$X$6,$X$7))))),IF(E26=$S$8,IF(F26=$T$6,$T$8,IF(F26=$U$6,$U$8,IF(F26=$V$6,$V$8,IF(F26=$W$6,$W$8,IF(F26=$X$6,$X$8))))),IF(E26=$S$9,IF(F26=$T$6,$T$9,IF(F26=$U$6,$U$9,IF(F26=$V$6,$V$9,IF(F26=$W$6,$W$9,IF(F26=$X$6,$X$9))))),IF(E26=$S$10,IF(F26=$T$6,$T$10,IF(F26=$U$6,$U$10,IF(F26=$V$6,$V$10,IF(F26=$W$6,$W$10,IF(F26=$X$6,$X$10))))),IF(E26=$S$11,IF(F26=$T$6,$T$11,IF(F26=$U$6,$U$11,IF(F26=$V$6,$V$11,IF(F26=$W$6,$W$11,IF(F26=$X$6,$X$11))))),"")))))

Sheet MAPA CALOR INHERENTE
A1: MAPA DE CALOR INHERENTE (ANTES DE CONTROLES)
A3: PROCESO: | B3: ='2.1 MATRIZ DE RIESGOS GENERAL'!D6 -> Gestión de TIC
G4: MAPA DE CALOR RIESGO INHERENTE | R4: Impacto
C5: CALIFICACIÓN RIESGO INHERENTE | I5: Impacto | R5: 0.2 | S5: 0.4 | T5: 0.6 | U5: 0.8 | V5: 1
A6: No. DEL RIESGO | B6: RIESGO | C6: PROBABILIDAD | D6: IMPACTO | E6: SEVERIDAD (NIVEL DE RIESGO) | I6: Leve | J6: Menor | K6: Moderado | L6: Mayor | M6: Catastrófico | R6: Leve | S6: Menor | T6: Moderado | U6: Mayor | V6: Catastrófico
A7: ='2.1 MATRIZ DE RIESGOS GENERAL'!A15 -> GT5 | B7: ='2.1 MATRIZ DE RIESGOS GENERAL'!G15 -> Posibilidad de afectación económica y reputacional por mal desempeño institucional derivado del incumplimiento de objetivos y metas relacionados con el Plan de Desarrollo Municipal a cargo del Instituto y con la planeación estratégica. Lo anterior, debido a fallas en la disponiblidad de servicios e información basados en software y hardware, que soportan la operación de los procesos. | C7: ='2.1 MATRIZ DE RIESGOS GENERAL'!J15 -> Muy Alta | D7: ='2.1 MATRIZ DE RIESGOS GENERAL'!L15 -> Catastrófico | E7: =+IF(C7=$Q$7,IF(D7=$R$6,$R$7,IF(D7=$S$6,$S$7,IF(D7=$T$6,$T$7,IF(D7=$U$6,$U$7,IF(D7=$V$6,$V$7))))),IF(C7=$Q$8,IF(D7=$R$6,$R$8,IF(D7=$S$6,$S$8,IF(D7=$T$6,$T$8,IF(D7=$U$6,$U$8,IF(D7=$V$6,$V$8))))),IF(C7=$Q$9,IF(D7=$R$6,$R$9,IF(D7=$S$6,$S$9,IF(D7=$T$6,$T$9,IF(D7=$U$6,$U$9,IF(D7=$V$6,$V$9))))),IF(C7=$Q$10,IF(D7=$R$6,$R$10,IF(D7=$S$6,$S$10,IF(D7=$T$6,$T$10,IF(D7=$U$6,$U$10,IF(D7=$V$6,$V$10))))),IF(C7=$Q$11,IF(D7=$R$6,$R$11,IF(D7=$S$6,$S$11,IF(D7=$T$6,$T$11,IF(D7=$U$6,$U$11,IF(D7=$V$6,$V$11))))),""))))) -> Extremo | G7: Probabilidad | H7: Muy Alta | I7: =+IF(AND(C7=$Q$7,D7=$R$6),A7,"")&" "&IF(AND(C8=$Q$7,D8=$R$6),A8,"")&" "&IF(AND(C9=$Q$7,D9=$R$6),A9,"")&" "&IF(AND(C10=$Q$7,D10=$R$6),A10,"")&" "&IF(AND(C11=$Q$7,D11=$R$6),A11,"")&" "&IF(AND(C12=$Q$7,D12=$R$6),A12,"")&" "&IF(AND(C13=$Q$7,D13=$R$6),A13,"")&" "&IF(AND(C14=$Q$7,D14=$R$6),A14,"")&" "&IF(AND(C15=$Q$7,D15=$R$6),A15,"")&" "&IF(AND(C16=$Q$7,D16=$R$6),A16,"")&" "&IF(AND(C17=$Q$7,D17=$R$6),A17,"")&" "&IF(AND(C18=$Q$7,D18=$R$6),A18,"")&" "&IF(AND(C19=$Q$7,D19=$R$6),A19,"")&" "&IF(AND(C20=$Q$7,D20=$R$6),A20,"")&" "&IF(AND(C21=$Q$7,D21=$R$6),A21,"")&" "&IF(AND(C22=$Q$7,D22=$R$6),A22,"")&" "&IF(AND(C23=$Q$7,D23=$R$6),A23,"")&" "&IF(AND(C24=$Q$7,D24=$R$6),A24,"")&" "&IF(AND(C25=$Q$7,D25=$R$6),A25,"")&" "&IF(AND(C26=$Q$7,D26=$R$6),A26,"") | J7: =+IF(AND(C7=$Q$7,D7=$S$6),A7,"")&" "&IF(AND(C8=$Q$7,D8=$S$6),A8,"")&" "&IF(AND(C9=$Q$7,D9=$S$6),A9,"")&" "&IF(AND(C10=$Q$7,D10=$S$6),A10,"")&" "&IF(AND(C11=$Q$7,D11=$S$6),A11,"")&" "&IF(AND(C12=$Q$7,D12=$S$6),A12,"")&" "&IF(AND(C13=$Q$7,D13=$S$6),A13,"")&" "&IF(AND(C14=$Q$7,D14=$S$6),A14,"")&" "&IF(AND(C15=$Q$7,D15=$S$6),A15,"")&" "&IF(AND(C16=$Q$7,D16=$S$6),A16,"")&" "&IF(AND(C17=$Q$7,D17=$S$6),A17,"")&" "&IF(AND(C18=$Q$7,D18=$S$6),A18,"")&" "&IF(AND(C19=$Q$7,D19=$S$6),A19,"")&" "&IF(AND(C20=$Q$7,D20=$S$6),A20,"")&" "&IF(AND(C21=$Q$7,D21=$S$6),A21,"")&" "&IF(AND(C22=$Q$7,D22=$S$6),A22,"")&" "&IF(AND(C23=$Q$7,D23=$S$6),A23,"")&" "&IF(AND(C24=$Q$7,D24=$S$6),A24,"")&" "&IF(AND(C25=$Q$7,D25=$S$6),A25,"")&" "&IF(AND(C26=$Q$7,D26=$S$6),A26,"") | K7: =+IF(AND(C7=$Q$7,D7=$T$6),A7,"")&" "&IF(AND(C8=$Q$7,D8=$T$6),A8,"")&" "&IF(AND(C9=$Q$7,D9=$T$6),A9,"")&" "&IF(AND(C10=$Q$7,D10=$T$6),A10,"")&" "&IF(AND(C11=$Q$7,D11=$T$6),A11,"")&" "&IF(AND(C12=$Q$7,D12=$T$6),A12,"")&" "&IF(AND(C13=$Q$7,D13=$T$6),A13,"")&" "&IF(AND(C14=$Q$7,D14=$T$6),A14,"")&" "&IF(AND(C15=$Q$7,D15=$T$6),A15,"")&" "&IF(AND(C16=$Q$7,D16=$T$6),A16,"")&" "&IF(AND(C17=$Q$7,D17=$T$6),A17,"")&" "&IF(AND(C18=$Q$7,D18=$T$6),A18,"")&" "&IF(AND(C19=$Q$7,D19=$T$6),A19,"")&" "&IF(AND(C20=$Q$7,D20=$T$6),A20,"")&" "&IF(AND(C21=$Q$7,D21=$T$6),A21,"")&" "&IF(AND(C22=$Q$7,D22=$T$6),A22,"")&" "&IF(AND(C23=$Q$7,D23=$T$6),A23,"")&" "&IF(AND(C24=$Q$7,D24=$T$6),A24,"")&" "&IF(AND(C25=$Q$7,D25=$T$6),A25,"")&" "&IF(AND(C26=$Q$7,D26=$T$6),A26,"") | L7: =+IF(AND(C7=$Q$7,D7=$U$6),A7,"")&" "&IF(AND(C8=$Q$7,D8=$U$6),A8,"")&" "&IF(AND(C9=$Q$7,D9=$U$6),A9,"")&" "&IF(AND(C10=$Q$7,D10=$U$6),A10,"")&" "&IF(AND(C11=$Q$7,D11=$U$6),A11,"")&" "&IF(AND(C12=$Q$7,D12=$U$6),A12,"")&" "&IF(AND(C13=$Q$7,D13=$U$6),A13,"")&" "&IF(AND(C14=$Q$7,D14=$U$6),A14,"")&" "&IF(AND(C15=$Q$7,D15=$U$6),A15,"")&" "&IF(AND(C16=$Q$7,D16=$U$6),A16,"")&" "&IF(AND(C17=$Q$7,D17=$U$6),A17,"")&" "&IF(AND(C18=$Q$7,D18=$U$6),A18,"")&" "&IF(AND(C19=$Q$7,D19=$U$6),A19,"")&" "&IF(AND(C20=$Q$7,D20=$U$6),A20,"")&" "&IF(AND(C21=$Q$7,D21=$U$6),A21,"")&" "&IF(AND(C22=$Q$7,D22=$U$6),A22,"")&" "&IF(AND(C23=$Q$7,D23=$U$6),A23,"")&" "&IF(AND(C24=$Q$7,D24=$U$6),A24,"")&" "&IF(AND(C25=$Q$7,D25=$U$6),A25,"")&" "&IF(AND(C26=$Q$7,D26=$U$6),A26,"") | M7: =+IF(AND(C7=$Q$7,D7=$V$6),A7,"")&" "&IF(AND(C8=$Q$7,D8=$V$6),A8,"")&" "&IF(AND(C9=$Q$7,D9=$V$6),A9,"")&" "&IF(AND(C10=$Q$7,D10=$V$6),A10,"")&" "&IF(AND(C11=$Q$7,D11=$V$6),A11,"")&" "&IF(AND(C12=$Q$7,D12=$V$6),A12,"")&" "&IF(AND(C13=$Q$7,D13=$V$6),A13,"")&" "&IF(AND(C14=$Q$7,D14=$V$6),A14,"")&" "&IF(AND(C15=$Q$7,D15=$V$6),A15,"")&" "&IF(AND(C16=$Q$7,D16=$V$6),A16,"")&" "&IF(AND(C17=$Q$7,D17=$V$6),A17,"")&" "&IF(AND(C18=$Q$7,D18=$V$6),A18,"")&" "&IF(AND(C19=$Q$7,D19=$V$6),A19,"")&" "&IF(AND(C20=$Q$7,D20=$V$6),A20,"")&" "&IF(AND(C21=$Q$7,D21=$V$6),A21,"")&" "&IF(AND(C22=$Q$7,D22=$V$6),A22,"")&" "&IF(AND(C23=$Q$7,D23=$V$6),A23,"")&" "&IF(AND(C24=$Q$7,D24=$V$6),A24,"")&" "&IF(AND(C25=$Q$7,D25=$V$6),A25,"")&" "&IF(AND(C26=$Q$7,D26=$V$6),A26,"") -> GT5 | O7: Probabilidad | P7: 1 | Q7: Muy Alta | R7: Alto | S7: Alto | T7: Alto | U7: Alto | V7: Extremo
A8: ='2.1 MATRIZ DE RIESGOS GENERAL'!A28 -> GT6 | B8: ='2.1 MATRIZ DE RIESGOS GENERAL'!G28 -> Posibilidad de afectación económica y reputacional a través de multas y sanciones por parte de los fabricantes y los entes de control debido a existencia de software no licenciado en los equipos informáticos de la institución, y en el de las personas que desarrollan actividades para el Isvimed a través de contratos de prestación de servicios. | C8: ='2.1 MATRIZ DE RIESGOS GENERAL'!J28 -> Media | D8: ='2.1 MATRIZ DE RIESGOS GENERAL'!L28 -> Moderado | E8: =+IF(C8=$Q$7,IF(D8=$R$6,$R$7,IF(D8=$S$6,$S$7,IF(D8=$T$6,$T$7,IF(D8=$U$6,$U$7,IF(D8=$V$6,$V$7))))),IF(C8=$Q$8,IF(D8=$R$6,$R$8,IF(D8=$S$6,$S$8,IF(D8=$T$6,$T$8,IF(D8=$U$6,$U$8,IF(D8=$V$6,$V$8))))),IF(C8=$Q$9,IF(D8=$R$6,$R$9,IF(D8=$S$6,$S$9,IF(D8=$T$6,$T$9,IF(D8=$U$6,$U$9,IF(D8=$V$6,$V$9))))),IF(C8=$Q$10,IF(D8=$R$6,$R$10,IF(D8=$S$6,$S$10,IF(D8=$T$6,$T$10,IF(D8=$U$6,$U$10,IF(D8=$V$6,$V$10))))),IF(C8=$Q$11,IF(D8=$R$6,$R$11,IF(D8=$S$6,$S$11,IF(D8=$T$6,$T$11,IF(D8=$U$6,$U$11,IF(D8=$V$6,$V$11))))),""))))) -> Moderado | H8: Alta | I8: =+IF(AND(C7=$Q$8,D7=$R$6),A7,"")&" "&IF(AND(C8=$Q$8,D8=$R$6),A8,"")&" "&IF(AND(C9=$Q$8,D9=$R$6),A9,"")&" "&IF(AND(C10=$Q$8,D10=$R$6),A10,"")&" "&IF(AND(C11=$Q$8,D11=$R$6),A11,"")&" "&IF(AND(C12=$Q$8,D12=$R$6),A12,"")&" "&IF(AND(C13=$Q$8,D13=$R$6),A13,"")&" "&IF(AND(C14=$Q$8,D14=$R$6),A14,"")&" "&IF(AND(C15=$Q$8,D15=$R$6),A15,"")&" "&IF(AND(C16=$Q$8,D16=$R$6),A16,"")&" "&IF(AND(C17=$Q$8,D17=$R$6),A17,"")&" "&IF(AND(C18=$Q$8,D18=$R$6),A18,"")&" "&IF(AND(C19=$Q$8,D19=$R$6),A19,"")&" "&IF(AND(C20=$Q$8,D20=$R$6),A20,"")&" "&IF(AND(C21=$Q$8,D21=$R$6),A21,"")&" "&IF(AND(C22=$Q$8,D22=$R$6),A22,"")&" "&IF(AND(C23=$Q$8,D23=$R$6),A23,"")&" "&IF(AND(C24=$Q$8,D24=$R$6),A24,"")&" "&IF(AND(C25=$Q$8,D25=$R$6),A25,"")&" "&IF(AND(C26=$Q$8,D26=$R$6),A26,"") | J8: =+IF(AND(C7=$Q$8,D7=$S$6),A7,"")&" "&IF(AND(C8=$Q$8,D8=$S$6),A8,"")&" "&IF(AND(C9=$Q$8,D9=$S$6),A9,"")&" "&IF(AND(C10=$Q$8,D10=$S$6),A10,"")&" "&IF(AND(C11=$Q$8,D11=$S$6),A11,"")&" "&IF(AND(C12=$Q$8,D12=$S$6),A12,"")&" "&IF(AND(C13=$Q$8,D13=$S$6),A13,"")&" "&IF(AND(C14=$Q$8,D14=$S$6),A14,"")&" "&IF(AND(C15=$Q$8,D15=$S$6),A15,"")&" "&IF(AND(C16=$Q$8,D16=$S$6),A16,"")&" "&IF(AND(C17=$Q$8,D17=$S$6),A17,"")&" "&IF(AND(C18=$Q$8,D18=$S$6),A18,"")&" "&IF(AND(C19=$Q$8,D19=$S$6),A19,"")&" "&IF(AND(C20=$Q$8,D20=$S$6),A20,"")&" "&IF(AND(C21=$Q$8,D21=$S$6),A21,"")&" "&IF(AND(C22=$Q$8,D22=$S$6),A22,"")&" "&IF(AND(C23=$Q$8,D23=$S$6),A23,"")&" "&IF(AND(C24=$Q$8,D24=$S$6),A24,"")&" "&IF(AND(C25=$Q$8,D25=$S$6),A25,"")&" "&IF(AND(C26=$Q$8,D26=$S$6),A26,"") | K8: =+IF(AND(C7=$Q$8,D7=$T$6),A7,"")&" "&IF(AND(C8=$Q$8,D8=$T$6),A8,"")&" "&IF(AND(C9=$Q$8,D9=$T$6),A9,"")&" "&IF(AND(C10=$Q$8,D10=$T$6),A10,"")&" "&IF(AND(C11=$Q$8,D11=$T$6),A11,"")&" "&IF(AND(C12=$Q$8,D12=$T$6),A12,"")&" "&IF(AND(C13=$Q$8,D13=$T$6),A13,"")&" "&IF(AND(C14=$Q$8,D14=$T$6),A14,"")&" "&IF(AND(C15=$Q$8,D15=$T$6),A15,"")&" "&IF(AND(C16=$Q$8,D16=$T$6),A16,"")&" "&IF(AND(C17=$Q$8,D17=$T$6),A17,"")&" "&IF(AND(C18=$Q$8,D18=$T$6),A18,"")&" "&IF(AND(C19=$Q$8,D19=$T$6),A19,"")&" "&IF(AND(C20=$Q$8,D20=$T$6),A20,"")&" "&IF(AND(C21=$Q$8,D21=$T$6),A21,"")&" "&IF(AND(C22=$Q$8,D22=$T$6),A22,"")&" "&IF(AND(C23=$Q$8,D23=$T$6),A23,"")&" "&IF(AND(C24=$Q$8,D24=$T$6),A24,"")&" "&IF(AND(C25=$Q$8,D25=$T$6),A25,"")&" "&IF(AND(C26=$Q$8,D26=$T$6),A26,"") | L8: =+IF(AND(C7=$Q$8,D7=$U$6),A7,"")&" "&IF(AND(C8=$Q$8,D8=$U$6),A8,"")&" "&IF(AND(C9=$Q$8,D9=$U$6),A9,"")&" "&IF(AND(C10=$Q$8,D10=$U$6),A10,"")&" "&IF(AND(C11=$Q$8,D11=$U$6),A11,"")&" "&IF(AND(C12=$Q$8,D12=$U$6),A12,"")&" "&IF(AND(C13=$Q$8,D13=$U$6),A13,"")&" "&IF(AND(C14=$Q$8,D14=$U$6),A14,"")&" "&IF(AND(C15=$Q$8,D15=$U$6),A15,"")&" "&IF(AND(C16=$Q$8,D16=$U$6),A16,"")&" "&IF(AND(C17=$Q$8,D17=$U$6),A17,"")&" "&IF(AND(C18=$Q$8,D18=$U$6),A18,"")&" "&IF(AND(C19=$Q$8,D19=$U$6),A19,"")&" "&IF(AND(C20=$Q$8,D20=$U$6),A20,"")&" "&IF(AND(C21=$Q$8,D21=$U$6),A21,"")&" "&IF(AND(C22=$Q$8,D22=$U$6),A22,"")&" "&IF(AND(C23=$Q$8,D23=$U$6),A23,"")&" "&IF(AND(C24=$Q$8,D24=$U$6),A24,"")&" "&IF(AND(C25=$Q$8,D25=$U$6),A25,"")&" "&IF(AND(C26=$Q$8,D26=$U$6),A26,"") | M8: =+IF(AND(C7=$Q$8,D7=$V$6),A7,"")&" "&IF(AND(C8=$Q$8,D8=$V$6),A8,"")&" "&IF(AND(C9=$Q$8,D9=$V$6),A9,"")&" "&IF(AND(C10=$Q$8,D10=$V$6),A10,"")&" "&IF(AND(C11=$Q$8,D11=$V$6),A11,"")&" "&IF(AND(C12=$Q$8,D12=$V$6),A12,"")&" "&IF(AND(C13=$Q$8,D13=$V$6),A13,"")&" "&IF(AND(C14=$Q$8,D14=$V$6),A14,"")&" "&IF(AND(C15=$Q$8,D15=$V$6),A15,"")&" "&IF(AND(C16=$Q$8,D16=$V$6),A16,"")&" "&IF(AND(C17=$Q$8,D17=$V$6),A17,"")&" "&IF(AND(C18=$Q$8,D18=$V$6),A18,"")&" "&IF(AND(C19=$Q$8,D19=$V$6),A19,"")&" "&IF(AND(C20=$Q$8,D20=$V$6),A20,"")&" "&IF(AND(C21=$Q$8,D21=$V$6),A21,"")&" "&IF(AND(C22=$Q$8,D22=$V$6),A22,"")&" "&IF(AND(C23=$Q$8,D23=$V$6),A23,"")&" "&IF(AND(C24=$Q$8,D24=$V$6),A24,"")&" "&IF(AND(C25=$Q$8,D25=$V$6),A25,"")&" "&IF(AND(C26=$Q$8,D26=$V$6),A26,"") | P8: 0.8 | Q8: Alta | R8: Moderado | S8: Moderado | T8: Alto | U8: Alto | V8: Extremo
A9: ='2.1 MATRIZ DE RIESGOS GENERAL'!A33 -> GT7 | B9: ='2.1 MATRIZ DE RIESGOS GENERAL'!G33 -> Posibilidad de afectación económica y reputacional del Instituto, reflejada en la falta de continuidad del negocio por la pérdida total de la información digital, con la correspondiente suspensión en la prestación de servicios. Lo anterior, debido a la imposibilidad de restaurar la información institucional por desastre natural o evento de orden público | C9: ='2.1 MATRIZ DE RIESGOS GENERAL'!J33 -> Baja | D9: ='2.1 MATRIZ DE RIESGOS GENERAL'!L33 -> Catastrófico | E9: =+IF(C9=$Q$7,IF(D9=$R$6,$R$7,IF(D9=$S$6,$S$7,IF(D9=$T$6,$T$7,IF(D9=$U$6,$U$7,IF(D9=$V$6,$V$7))))),IF(C9=$Q$8,IF(D9=$R$6,$R$8,IF(D9=$S$6,$S$8,IF(D9=$T$6,$T$8,IF(D9=$U$6,$U$8,IF(D9=$V$6,$V$8))))),IF(C9=$Q$9,IF(D9=$R$6,$R$9,IF(D9=$S$6,$S$9,IF(D9=$T$6,$T$9,IF(D9=$U$6,$U$9,IF(D9=$V$6,$V$9))))),IF(C9=$Q$10,IF(D9=$R$6,$R$10,IF(D9=$S$6,$S$10,IF(D9=$T$6,$T$10,IF(D9=$U$6,$U$10,IF(D9=$V$6,$V$10))))),IF(C9=$Q$11,IF(D9=$R$6,$R$11,IF(D9=$S$6,$S$11,IF(D9=$T$6,$T$11,IF(D9=$U$6,$U$11,IF(D9=$V$6,$V$11))))),""))))) -> Extremo | H9: Media | I9: =+IF(AND(C7=$Q$9,D7=$R$6),A7,"")&" "&IF(AND(C8=$Q$9,D8=$R$6),A8,"")&" "&IF(AND(C9=$Q$9,D9=$R$6),A9,"")&" "&IF(AND(C10=$Q$9,D10=$R$6),A10,"")&" "&IF(AND(C11=$Q$9,D11=$R$6),A11,"")&" "&IF(AND(C12=$Q$9,D12=$R$6),A12,"")&" "&IF(AND(C13=$Q$9,D13=$R$6),A13,"")&" "&IF(AND(C14=$Q$9,D14=$R$6),A14,"")&" "&IF(AND(C15=$Q$9,D15=$R$6),A15,"")&" "&IF(AND(C16=$Q$9,D16=$R$6),A16,"")&" "&IF(AND(C17=$Q$9,D17=$R$6),A17,"")&" "&IF(AND(C18=$Q$9,D18=$R$6),A18,"")&" "&IF(AND(C19=$Q$9,D19=$R$6),A19,"")&" "&IF(AND(C20=$Q$9,D20=$R$6),A20,"")&" "&IF(AND(C21=$Q$9,D21=$R$6),A21,"")&" "&IF(AND(C22=$Q$9,D22=$R$6),A22,"")&" "&IF(AND(C23=$Q$9,D23=$R$6),A23,"")&" "&IF(AND(C24=$Q$9,D24=$R$6),A24,"")&" "&IF(AND(C25=$Q$9,D25=$R$6),A25,"")&" "&IF(AND(C26=$Q$9,D26=$R$6),A26,"") | J9: =+IF(AND(C7=$Q$9,D7=$S$6),A7,"")&" "&IF(AND(C8=$Q$9,D8=$S$6),A8,"")&" "&IF(AND(C9=$Q$9,D9=$S$6),A9,"")&" "&IF(AND(C10=$Q$9,D10=$S$6),A10,"")&" "&IF(AND(C11=$Q$9,D11=$S$6),A11,"")&" "&IF(AND(C12=$Q$9,D12=$S$6),A12,"")&" "&IF(AND(C13=$Q$9,D13=$S$6),A13,"")&" "&IF(AND(C14=$Q$9,D14=$S$6),A14,"")&" "&IF(AND(C15=$Q$9,D15=$S$6),A15,"")&" "&IF(AND(C16=$Q$9,D16=$S$6),A16,"")&" "&IF(AND(C17=$Q$9,D17=$S$6),A17,"")&" "&IF(AND(C18=$Q$9,D18=$S$6),A18,"")&" "&IF(AND(C19=$Q$9,D19=$S$6),A19,"")&" "&IF(AND(C20=$Q$9,D20=$S$6),A20,"")&" "&IF(AND(C21=$Q$9,D21=$S$6),A21,"")&" "&IF(AND(C22=$Q$9,D22=$S$6),A22,"")&" "&IF(AND(C23=$Q$9,D23=$S$6),A23,"")&" "&IF(AND(C24=$Q$9,D24=$S$6),A24,"")&" "&IF(AND(C25=$Q$9,D25=$S$6),A25,"")&" "&IF(AND(C26=$Q$9,D26=$S$6),A26,"") | K9: =+IF(AND(C7=$Q$9,D7=$T$6),A7,"")&" "&IF(AND(C8=$Q$9,D8=$T$6),A8,"")&" "&IF(AND(C9=$Q$9,D9=$T$6),A9,"")&" "&IF(AND(C10=$Q$9,D10=$T$6),A10,"")&" "&IF(AND(C11=$Q$9,D11=$T$6),A11,"")&" "&IF(AND(C12=$Q$9,D12=$T$6),A12,"")&" "&IF(AND(C13=$Q$9,D13=$T$6),A13,"")&" "&IF(AND(C14=$Q$9,D14=$T$6),A14,"")&" "&IF(AND(C15=$Q$9,D15=$T$6),A15,"")&" "&IF(AND(C16=$Q$9,D16=$T$6),A16,"")&" "&IF(AND(C17=$Q$9,D17=$T$6),A17,"")&" "&IF(AND(C18=$Q$9,D18=$T$6),A18,"")&" "&IF(AND(C19=$Q$9,D19=$T$6),A19,"")&" "&IF(AND(C20=$Q$9,D20=$T$6),A20,"")&" "&IF(AND(C21=$Q$9,D21=$T$6),A21,"")&" "&IF(AND(C22=$Q$9,D22=$T$6),A22,"")&" "&IF(AND(C23=$Q$9,D23=$T$6),A23,"")&" "&IF(AND(C24=$Q$9,D24=$T$6),A24,"")&" "&IF(AND(C25=$Q$9,D25=$T$6),A25,"")&" "&IF(AND(C26=$Q$9,D26=$T$6),A26,"") -> GT6 | L9: =+IF(AND(C7=$Q$9,D7=$U$6),A7,"")&" "&IF(AND(C8=$Q$9,D8=$U$6),A8,"")&" "&IF(AND(C9=$Q$9,D9=$U$6),A9,"")&" "&IF(AND(C10=$Q$9,D10=$U$6),A10,"")&" "&IF(AND(C11=$Q$9,D11=$U$6),A11,"")&" "&IF(AND(C12=$Q$9,D12=$U$6),A12,"")&" "&IF(AND(C13=$Q$9,D13=$U$6),A13,"")&" "&IF(AND(C14=$Q$9,D14=$U$6),A14,"")&" "&IF(AND(C15=$Q$9,D15=$U$6),A15,"")&" "&IF(AND(C16=$Q$9,D16=$U$6),A16,"")&" "&IF(AND(C17=$Q$9,D17=$U$6),A17,"")&" "&IF(AND(C18=$Q$9,D18=$U$6),A18,"")&" "&IF(AND(C19=$Q$9,D19=$U$6),A19,"")&" "&IF(AND(C20=$Q$9,D20=$U$6),A20,"")&" "&IF(AND(C21=$Q$9,D21=$U$6),A21,"")&" "&IF(AND(C22=$Q$9,D22=$U$6),A22,"")&" "&IF(AND(C23=$Q$9,D23=$U$6),A23,"")&" "&IF(AND(C24=$Q$9,D24=$U$6),A24,"")&" "&IF(AND(C25=$Q$9,D25=$U$6),A25,"")&" "&IF(AND(C26=$Q$9,D26=$U$6),A26,"") | M9: =+IF(AND(C7=$Q$9,D7=$V$6),A7,"")&" "&IF(AND(C8=$Q$9,D8=$V$6),A8,"")&" "&IF(AND(C9=$Q$9,D9=$V$6),A9,"")&" "&IF(AND(C10=$Q$9,D10=$V$6),A10,"")&" "&IF(AND(C11=$Q$9,D11=$V$6),A11,"")&" "&IF(AND(C12=$Q$9,D12=$V$6),A12,"")&" "&IF(AND(C13=$Q$9,D13=$V$6),A13,"")&" "&IF(AND(C14=$Q$9,D14=$V$6),A14,"")&" "&IF(AND(C15=$Q$9,D15=$V$6),A15,"")&" "&IF(AND(C16=$Q$9,D16=$V$6),A16,"")&" "&IF(AND(C17=$Q$9,D17=$V$6),A17,"")&" "&IF(AND(C18=$Q$9,D18=$V$6),A18,"")&" "&IF(AND(C19=$Q$9,D19=$V$6),A19,"")&" "&IF(AND(C20=$Q$9,D20=$V$6),A20,"")&" "&IF(AND(C21=$Q$9,D21=$V$6),A21,"")&" "&IF(AND(C22=$Q$9,D22=$V$6),A22,"")&" "&IF(AND(C23=$Q$9,D23=$V$6),A23,"")&" "&IF(AND(C24=$Q$9,D24=$V$6),A24,"")&" "&IF(AND(C25=$Q$9,D25=$V$6),A25,"")&" "&IF(AND(C26=$Q$9,D26=$V$6),A26,"") | P9: 0.6 | Q9: Media | R9: Moderado | S9: Moderado | T9: Moderado | U9: Alto | V9: Extremo
